Workbook
Name Additional_DUT_information: 'Statement of Approval'!$B$6:$C$7
Name Additional_Network_Communication_Ports: 'Statement of Approval'!$B$10:$G$14
Name Additional_questions: 'Additional questions'!$B$4:$D$22
Name Additional_questions_description: 'Additional questions'!$C$2
Name Additional_Test_information: 'Statement of Approval'!$B$37:$C$39
Name Advanced_Device_Management: 'Optional features'!$B$139:$D$141
Name Advanced_User_Interface: 'Optional features'!$B$159:$D$170
Name AQ_Subset: 'Additional questions'!$B$5:$D$20
Name AQ_Validation: 'Additional questions'!$E$5:$E$20
Name Authorization_options_for_local_start: 'Optional features'!$B$48:$E$54
Name Authorization_options_for_local_stop: 'Optional features'!$B$57:$E$61
Name Authorization_options_for_remote_start: 'Optional features'!$B$64:$E$68
Name certificate_photo: 'Statement of Approval'!$I$7:$M$14
Name Cipher_Suites: 'Optional features'!$B$82:$D$83
Name Communication_technology: 'Performance Measurement'!$B$17:$C$17
Name ConfigID_value: 'HIDDEN calc sheet'!$G$3
Name CP_Advanced_Security: 'Optional features'!$B$124:$D$129
Name CP_Bidirectional: 'Optional features'!$B$183:$D$187
Name CP_CORE: 'Optional features'!$B$4:$D$45
Name CP_CORE_2: 'Optional features'!$B$86:$D$107
Name CP_ISO15118_Support: 'Optional features'!$B$144:$D$150
Name CP_Payment: 'Optional features'!$B$173:$D$180
Name CP_Smart_Charging: 'Optional features'!$B$110:$D$121
Name Device_info: 'Hardware Feature set'!$C$4:$D$9
Name DUT_photo: 'Statement of Approval'!$B$43:$F$85
Name EVSE_ConnectorTypes: 'Hardware Feature set'!$K$6:$K$42
Name EVSE_list: 'Hardware Feature set'!$G$5:$L$42
Name Hardware_feature_set: 'Hardware Feature set'!$B$12:$D$28
Name Hardware_feature_set_description: 'Hardware Feature set'!$C$2
Name Hash_AdditionalQuestions: 'Additional questions'!$D$5:$D$20
Name Hash_AdditionalQuestions_Scope: 'Additional questions'!$F$5:$F$20
Name Hash_FamilyMembers_A: 'OCPP family members'!$F$7:$L$8
Name Hash_FamilyMembers_B: 'OCPP family members'!$F$10:$L$41
Name Hash_HardwareFeatureSet: 'Hardware Feature set'!$D$4:$D$25
Name Hash_HardwareFeatureSet_Scope: 'Hardware Feature set'!$F$4:$F$25
Name Hash_OptionalFeatures_Main_A: 'Optional features'!$D$4:$D$71
Name Hash_OptionalFeatures_Main_A_Scope: 'Optional features'!$H$4:$H$71
Name Hash_OptionalFeatures_Main_B: 'Optional features'!$D$78:$D$265
Name Hash_OptionalFeatures_Main_B_Scope: 'Optional features'!$H$78:$H$265
Name Hash_OptionalFeatures_Measurands: 'Optional features'!$D$73:$D$77
Name Hash_OptionalFeatures_Measurands_Scope: 'Optional features'!$H$73:$H$77
Name Hash_OtherRelevantSettings: 'Other relevant settings'!$D$5:$D$62
Name Hash_OtherRelevantSettings_Scope: 'Other relevant settings'!$F$5:$F$62
Name Hash_PerformanceMeasurement: 'Performance Measurement'!$C$5:$C$8
Name Hash_PerformanceMeasurement_Scope: 'Performance Measurement'!$F$5:$F$8
Name Hash_ProfileSelection: 'Profile selection'!$C$4:$C$9
Name Hash_ProfileSelection_Scope: 'Profile selection'!$F$4:$F$9
Name Hash_VendorSpecificSettings: 'Vendor Specific Settings'!$C$6:$C$28
Name Local_Authorization_List_Management: 'Optional features'!$B$153:$D$156
Name MasterValidity: 'Statement of Approval'!$O$2
Name MD_ConnectorTypes: MD!$Q$1:$Q$34
Name MD_CurrentTypes: MD!$E$1:$E$3
Name MD_RFIDOptions: MD!$S$1:$S$3
Name Measured_performance: 'Performance Measurement'!$B$11:$F$15
Name Metervalues: 'Optional features'!$B$71:$E$77
Name OCPP_21_Certification: Explanation!$C$6:$D$10
Name OF_AuthLocalStop: 'Optional features'!$B$58:$D$61
Name OF_LocalStart_Values: 'Optional features'!$D$49:$D$54
Name OF_Measurands: 'Optional features'!$B$72:$D$77
Name OF_RemoteStart_Values: 'Optional features'!$D$65:$D$68

Sheet Explanation
C3: Protocol Implementation Conformance Statement
C5: OCPP 2.1 Certification
C6: PICS Version: | D6: 1.0.5
C7: Date: | D7: 46294
C9: OCPP Spec Version | D9: Edition 2 FINAL, 2025-12-03
C10: OCPP Errata Version | D10: Errata 2026-09
D12: Instruction
D13: This document must be used to define the system that you want to certify in the Open Charge Alliance OCPP Certification Program for OCPP 2.1. By defining a system / device using this document, a vendor or certification lab can determine the exact test cases that have to be performed during the certification run for OCPP 2.1 certification. This document is only intended to be updated using Microsoft Excel. It contains many calculations to ensure that the combination of values is sound and as a tool for the user it also calculates which testcases are required. We have locked the sheet to ensure only the fields that are intended for input can be modified and are fully aware that it is possible to remove this protection. We cannot accept any filled in PICS documents that have the password protection removed or that have been modified using another program than Microsoft Excel. Doing so makes this PICS invalid and renders it unusable for starting your certification proces. Please note: this document is still under contruction for the Certification Profiles for which the Certification Program is not opened yet. When submitting ths PICS for certification testing by a testlab please ensure you fill in and submit the latest version (earlier versions cannot be used for certification).
D15: This document can be used by following these steps:
C16: 1 | D16: Specify the hardware features of your Charging Station in column D of the tab "Hardware Feature set".
C17: 2 | D17: Select the Certification Profiles that you want to certify during your Certification run in column C of the tab "Profile Selection"
C18: 3 | D18: Specify which optional features you have implemented in your Charging Station in column D of the tab "Optional features". Fill in all black fields, purple fields in column E will be populated during certification
C19: 4 | D19: Fill in the answer to the questions on the tab "Additional questions" (in column D)
C20: 5 | D20: Fill in all settings / limitations that are relevant for certification in the tab "Other relevant settings".
C21: 6 | D21: Fill in all settings that are specific to this vendor/device and relevant for certification in the tab "Vendor Specific Settings"
C22: 7 | D22: You can now see the test cases that need to be passed on the tab "Charging Station Testcases" by filtering column H for the value "TRUE".
D24: Before submitting this document to a testlab for a certification test:
C25: 8 | D25: Double-check the selected values entered in the steps above and be sure that the configuration specified will allow all required testcases to PASS. Please note that all values provided in the PICS will be shown on the Certificate.
C26: 9 | D26: Enter your performance commitment in the tab 'Performance Measurement' in column C (black fields only, purple fields will be populated during certification)
C27: 10 | D27: Ensure that all tabs that have a check show a green VALID status on the top row
C30: Changelog:
C31: 1.0.5 | D31: Errata 2026-09
C32: 1.0.4 | D32: Certification tab
C33: 1.0.3 | D33: Bug fixs -> BPT named range, C-58 validation, SC-5 required at least one bug
C34: 1.0.2 | D34: Fix issues found from internal review and updates on part 5 included
C35: 1.0.1 | D35: Maintainability changes
C36: 1.0.0 | D36: Initial version
C38: PICS Id: | D38: 1038c41219b4eaf1b0fa347afa4ce0d635de33456c23d64ee865851efbf09f02

Sheet Hardware Feature set
B1: Hardware feature set | M1: Hardware Feature Set is : | N1: =IF(AND(_xlfn.CONCAT(M4:M60,E4:E60)="",ISERROR(FIND("<",_xlfn.CONCAT(D5:D7,D9,D4,D21:D24)))),"VALID","INVALID") -> INVALID
C2: The Hardware Feature set is the actual set of relevant hardware properties of the product tested, that influence the OCPP messaging behavior. In the table below you can see for each hardware feature relevant for OCPP whether this is applicable for this product. | M2: The complete PICS is currently | N2: ='Statement of Approval'!$O$2 -> INVALID
P3: Validations EVSE + connectors
C4: Vendor Name | D4: <vendor company name> | E4: =IF(ISBLANK(D4),"<---- This field cannot be left empty!","") | F4: =IF(COUNTIF('OCPP family members'!$B$13:$B$41,'Hardware Feature set'!C4)>0, "Member", "") | G4: EVSE and Connector Configuration | P4: EVSE structure | Q4: Battery Slot | R4: Current Type (non-battery only) | S4: Connector ID (all rows) | T4: Phases, Connector Type & Cable (non-battery only) | U4: Type dropdown (all rows)
C5: Device Under Test | D5: <select type of Device Under Test> | E5: =IF(ISBLANK(D5),"<---- This field cannot be left empty!",IF(AND(D5 <> "Charging Station", D5 <> "Charging Station Software Stack"),"<---- This field must be filled from the drop-down menu","")) -> <---- This field must be filled from the drop-down menu | F5: =IF(COUNTIF('OCPP family members'!$B$13:$B$41,'Hardware Feature set'!C5)>0, "Member", "") | G5: EVSE | H5: Current | I5: Phases | J5: Connector | K5: Type | L5: Cable Type
C6: Product Subtype | D6: <select subtype or Not Applicable> | E6: =IF(ISBLANK(D6),"<---- This field cannot be left empty!",IF(AND(SUMPRODUCT(--ISNUMBER(MATCH("wInductive", EVSE_ConnectorTypes, 0))+--ISNUMBER(MATCH("wResonant", EVSE_ConnectorTypes, 0))) <> 0, D6 <> "Wireless Charging Station"),"<---- This field must be set to Wireles Charging Station",IF(AND(NOT(ISERROR(FIND(MD!Q34,_xlfn.CONCAT(K:K)))), D6 <> "Battery Swapping Charging Station"),"<---- This field must be set to Battery Swapping Charging Station",IF(AND(D6 <> "N/A", D6 <> "Mode 1/2-only Charging Station", D6 <> "Wireless Charging Station", D6 <> "Battery Swapping Charging Station"), "<---- This field must be filled from the drop-down menu", "")))) -> <---- This field must be filled from the drop-down menu | F6: =IF(COUNTIF('OCPP family members'!$B$13:$B$41,'Hardware Feature set'!C6)>0, "Member", "") | G6: 1 | L6: =IF(OR(LEFT(K6,1)= "s",LEFT(K6,1)="O"), "Detachable Cable",IF(LEFT(K6,1)="c", "Fixed Cable",IF(OR(LEFT(K6,1)="w",LEFT(K6,1)="P"),"Other",""))) | M6: =IF(P6<>"",P6,IF(Q6<>"",Q6,IF(R6<>"",R6,IF(S6<>"",S6,IF(T6<>"",T6,U6))))) -> Please specify Current Type | P6: =IF(AND($H6=MD!$E$3,OR($D$5<>"Charging Station Software Stack",COUNTA($G$7:$K$42)>0)),"AC & DC is only allowed for a single-EVSE Software Stack",IF(AND(ISBLANK(G5),ISNUMBER(G6)),"Empty lines are not allowed in this table",IF(AND(NOT(ISNUMBER(G5)),G6<>1),"First EVSE must be EVSE1",IF(AND(ISNUMBER(G5),NOT(OR(G6=G5,G6-1=G5))),"Next EVSE must be same id or id + 1","")))) | Q6: =IF(K6<>"bBatterySlot","",IF(NOT(ISBLANK(H6)),"Battery Slot cannot have a Current Type",IF(NOT(ISBLANK(I6)),"Battery Slot cannot have Phases",IF(L6<>"","Battery Slot cannot have a Cable Type","")))) | R6: =IF(K6="bBatterySlot","",IF(ISBLANK(H6),"Please specify Current Type",IF(AND(G5=G6,H5<>H6),"Current Type must be the same for all connectors of an EVSE",""))) -> Please specify Current Type | S6: =IF(AND(G6=G5,J6<>IF(ISNUMBER(J5),J5+1,1)),_xlfn.CONCAT("Connector id on same EVSE must be ",IF(ISNUMBER(J5),J5+1,1)),IF(AND(G6<>G5,J6<>1),"First Connector of an EVSE must be 1","")) -> First Connector of an EVSE must be 1 | T6: =IF(K6="bBatterySlot","",IF(AND(H6="DC",NOT(ISBLANK(I6))),"You cannot specify number of phases for DC!",IF(AND(OR(H6=MD!$E$3,H6="AC"),ISBLANK(I6)),"You Must specify number of phases for AC!",IF(ISBLANK(K6),"Please fill in Connector Type",IF(AND(SUMPRODUCT(--ISNUMBER(MATCH("wInductive",EVSE_ConnectorTypes,0))+--ISNUMBER(MATCH("wResonant",EVSE_ConnectorTypes,0)))=0,D6="Wireless Charging Station"),"You must have at least one connector of type wInductive or wResonant",IF(ISBLANK(L6),"Please fill in Cable Type",IF(ISERROR(MATCH(H6,MD_CurrentTypes,0)),"Current must be filled from the drop-down menu",IF(AND(H6="AC",I6<>1,I6<>"1 & 3",I6<>"1 & 2 & 3",I6<>3),"<---- Phases must be filled from the drop-down menu","")))))))) -> Please fill in Connector Type | U6: =IF(ISERROR(MATCH(K6,MD_ConnectorTypes,0)),"Type must be filled from the drop-down menu","") -> Type must be filled from the drop-down menu
C7: Product Designation | D7: <type name and / or model number> | E7: =IF(ISBLANK(D7),"<---- This field cannot be left empty!","") | F7: =IF(COUNTIF('OCPP family members'!$B$13:$B$41,'Hardware Feature set'!C7)>0, "Member", "") | L7: =IF(OR(LEFT(K7,1)= "s",LEFT(K7,1)="O"), "Detachable Cable",IF(LEFT(K7,1)="c", "Fixed Cable",IF(OR(LEFT(K7,1)="w",LEFT(K7,1)="P"),"Other",""))) | M7: =IF(P7<>"",P7,IF(Q7<>"",Q7,IF(R7<>"",R7,IF(S7<>"",S7,IF(T7<>"",T7,U7))))) | P7: =IF(_xlfn.CONCAT(G7:L7)="","",IF(AND(ISBLANK(G6),ISNUMBER(G7)),"Empty lines are not allowed in this table",IF(AND(NOT(ISNUMBER(G6)),G7<>1),"First EVSE must be EVSE1",IF(AND(ISNUMBER(G6),NOT(OR(G7=G6,G7-1=G6))),"Next EVSE must be same id or id + 1","")))) | Q7: =IF(K7<>"bBatterySlot","",IF(NOT(ISBLANK(H7)),"Battery Slot cannot have a Current Type",IF(NOT(ISBLANK(I7)),"Battery Slot cannot have Phases",IF(L7<>"","Battery Slot cannot have a Cable Type","")))) | R7: =IF(OR(K7="bBatterySlot",_xlfn.CONCAT(G7:L7)=""),"",IF(ISBLANK(H7),"Please specify Current Type",IF(AND(G6=G7,H6<>H7),"Current Type must be the same for all connectors of an EVSE",""))) | S7: =IF(_xlfn.CONCAT(G7:L7)="","",IF(AND(G7=G6,J7<>IF(ISNUMBER(J6),J6+1,1)),_xlfn.CONCAT("Connector id on same EVSE must be ",IF(ISNUMBER(J6),J6+1,1)),IF(AND(G7<>G6,J7<>1),"First Connector of an EVSE must be 1",""))) | T7: =IF(OR(K7="bBatterySlot",_xlfn.CONCAT(G7:L7)=""),"",IF(AND(H7="DC",NOT(ISBLANK(I7))),"You cannot specify number of phases for DC!",IF(AND(H7="AC",ISBLANK(I7)),"You Must specify number of phases for AC!",IF(ISBLANK(K7),"Please fill in Connector Type",IF(ISBLANK(L7),"Please fill in Cable Type",IF(ISERROR(MATCH(H7,MD_CurrentTypes,0)),"Current must be filled from the drop-down menu",IF(AND(H7="AC",I7<>1,I7<>"1 & 3",I7<>"1 & 2 & 3",I7<>3),"<---- Phases must be filled from the drop-down menu",""))))))) | U7: =IF(_xlfn.CONCAT(G7:L7)="","",IF(ISERROR(MATCH(K7,MD_ConnectorTypes,0)),"Type must be filled from the drop-down menu",""))
C8: Product Family | D8: <product family descriptor (if applicable)> | E8: {=IF(SUMPRODUCT((LEFT('OCPP family members'!F7:M7,1)<>"<")*('OCPP family members'!F7:M7<>""))>0, IF(OR(AND(LEFT(D8,1)="<", RIGHT(D8,1)=">"), D8=""), "<---- This field must be filled when family members are defined", ""), "")} | F8: =IF(COUNTIF('OCPP family members'!$B$13:$B$41,'Hardware Feature set'!C8)>0, "Member", "") | L8: =IF(OR(LEFT(K8,1)= "s",LEFT(K8,1)="O"), "Detachable Cable",IF(LEFT(K8,1)="c", "Fixed Cable",IF(OR(LEFT(K8,1)="w",LEFT(K8,1)="P"),"Other",""))) | M8: =IF(P8<>"",P8,IF(Q8<>"",Q8,IF(R8<>"",R8,IF(S8<>"",S8,IF(T8<>"",T8,U8))))) | P8: =IF(_xlfn.CONCAT(G8:L8)="","",IF(AND(ISBLANK(G7),ISNUMBER(G8)),"Empty lines are not allowed in this table",IF(AND(NOT(ISNUMBER(G7)),G8<>1),"First EVSE must be EVSE1",IF(AND(ISNUMBER(G7),NOT(OR(G8=G7,G8-1=G7))),"Next EVSE must be same id or id + 1","")))) | Q8: =IF(K8<>"bBatterySlot","",IF(NOT(ISBLANK(H8)),"Battery Slot cannot have a Current Type",IF(NOT(ISBLANK(I8)),"Battery Slot cannot have Phases",IF(L8<>"","Battery Slot cannot have a Cable Type","")))) | R8: =IF(OR(K8="bBatterySlot",_xlfn.CONCAT(G8:L8)=""),"",IF(ISBLANK(H8),"Please specify Current Type",IF(AND(G7=G8,H7<>H8),"Current Type must be the same for all connectors of an EVSE",""))) | S8: =IF(_xlfn.CONCAT(G8:L8)="","",IF(AND(G8=G7,J8<>IF(ISNUMBER(J7),J7+1,1)),_xlfn.CONCAT("Connector id on same EVSE must be ",IF(ISNUMBER(J7),J7+1,1)),IF(AND(G8<>G7,J8<>1),"First Connector of an EVSE must be 1",""))) | T8: =IF(OR(K8="bBatterySlot",_xlfn.CONCAT(G8:L8)=""),"",IF(AND(H8="DC",NOT(ISBLANK(I8))),"You cannot specify number of phases for DC!",IF(AND(H8="AC",ISBLANK(I8)),"You Must specify number of phases for AC!",IF(ISBLANK(K8),"Please fill in Connector Type",IF(ISBLANK(L8),"Please fill in Cable Type",IF(ISERROR(MATCH(H8,MD_CurrentTypes,0)),"Current must be filled from the drop-down menu",IF(AND(H8="AC",I8<>1,I8<>"1 & 3",I8<>"1 & 2 & 3",I8<>3),"<---- Phases must be filled from the drop-down menu",""))))))) | U8: =IF(_xlfn.CONCAT(G8:L8)="","",IF(ISERROR(MATCH(K8,MD_ConnectorTypes,0)),"Type must be filled from the drop-down menu",""))
C9: =IF(D5="Charging Station","Firmware Version","OCPP Software Version") -> OCPP Software Version | D9: <type software version of the product> | E9: =IF(ISBLANK(D9),"<---- This field cannot be left empty!",IF(D9="<type software version of the product>","",IF(ISERROR(VLOOKUP("firmwareVersion",'HIDDEN Testrun Results'!A:B,2,FALSE)),"",IF(VLOOKUP("firmwareVersion",'HIDDEN Testrun Results'!A:B,2,FALSE)=D9,"","<---- Version does not match firmware version from log files")))) | F9: =IF(COUNTIF('OCPP family members'!$B$13:$B$41,'Hardware Feature set'!C9)>0, "Member", "") | L9: =IF(OR(LEFT(K9,1)= "s",LEFT(K9,1)="O"), "Detachable Cable",IF(LEFT(K9,1)="c", "Fixed Cable",IF(OR(LEFT(K9,1)="w",LEFT(K9,1)="P"),"Other",""))) | M9: =IF(P9<>"",P9,IF(Q9<>"",Q9,IF(R9<>"",R9,IF(S9<>"",S9,IF(T9<>"",T9,U9))))) | P9: =IF(_xlfn.CONCAT(G9:L9)="","",IF(AND(ISBLANK(G8),ISNUMBER(G9)),"Empty lines are not allowed in this table",IF(AND(NOT(ISNUMBER(G8)),G9<>1),"First EVSE must be EVSE1",IF(AND(ISNUMBER(G8),NOT(OR(G9=G8,G9-1=G8))),"Next EVSE must be same id or id + 1","")))) | Q9: =IF(K9<>"bBatterySlot","",IF(NOT(ISBLANK(H9)),"Battery Slot cannot have a Current Type",IF(NOT(ISBLANK(I9)),"Battery Slot cannot have Phases",IF(L9<>"","Battery Slot cannot have a Cable Type","")))) | R9: =IF(OR(K9="bBatterySlot",_xlfn.CONCAT(G9:L9)=""),"",IF(ISBLANK(H9),"Please specify Current Type",IF(AND(G8=G9,H8<>H9),"Current Type must be the same for all connectors of an EVSE",""))) | S9: =IF(_xlfn.CONCAT(G9:L9)="","",IF(AND(G9=G8,J9<>IF(ISNUMBER(J8),J8+1,1)),_xlfn.CONCAT("Connector id on same EVSE must be ",IF(ISNUMBER(J8),J8+1,1)),IF(AND(G9<>G8,J9<>1),"First Connector of an EVSE must be 1",""))) | T9: =IF(OR(K9="bBatterySlot",_xlfn.CONCAT(G9:L9)=""),"",IF(AND(H9="DC",NOT(ISBLANK(I9))),"You cannot specify number of phases for DC!",IF(AND(H9="AC",ISBLANK(I9)),"You Must specify number of phases for AC!",IF(ISBLANK(K9),"Please fill in Connector Type",IF(ISBLANK(L9),"Please fill in Cable Type",IF(ISERROR(MATCH(H9,MD_CurrentTypes,0)),"Current must be filled from the drop-down menu",IF(AND(H9="AC",I9<>1,I9<>"1 & 3",I9<>"1 & 2 & 3",I9<>3),"<---- Phases must be filled from the drop-down menu",""))))))) | U9: =IF(_xlfn.CONCAT(G9:L9)="","",IF(ISERROR(MATCH(K9,MD_ConnectorTypes,0)),"Type must be filled from the drop-down menu",""))
F10: =IF(COUNTIF('OCPP family members'!$B$13:$B$41,'Hardware Feature set'!C10)>0, "Member", "") | L10: =IF(OR(LEFT(K10,1)= "s",LEFT(K10,1)="O"), "Detachable Cable",IF(LEFT(K10,1)="c", "Fixed Cable",IF(OR(LEFT(K10,1)="w",LEFT(K10,1)="P"),"Other",""))) | M10: =IF(P10<>"",P10,IF(Q10<>"",Q10,IF(R10<>"",R10,IF(S10<>"",S10,IF(T10<>"",T10,U10))))) | P10: =IF(_xlfn.CONCAT(G10:L10)="","",IF(AND(ISBLANK(G9),ISNUMBER(G10)),"Empty lines are not allowed in this table",IF(AND(NOT(ISNUMBER(G9)),G10<>1),"First EVSE must be EVSE1",IF(AND(ISNUMBER(G9),NOT(OR(G10=G9,G10-1=G9))),"Next EVSE must be same id or id + 1","")))) | Q10: =IF(K10<>"bBatterySlot","",IF(NOT(ISBLANK(H10)),"Battery Slot cannot have a Current Type",IF(NOT(ISBLANK(I10)),"Battery Slot cannot have Phases",IF(L10<>"","Battery Slot cannot have a Cable Type","")))) | R10: =IF(OR(K10="bBatterySlot",_xlfn.CONCAT(G10:L10)=""),"",IF(ISBLANK(H10),"Please specify Current Type",IF(AND(G9=G10,H9<>H10),"Current Type must be the same for all connectors of an EVSE",""))) | S10: =IF(_xlfn.CONCAT(G10:L10)="","",IF(AND(G10=G9,J10<>IF(ISNUMBER(J9),J9+1,1)),_xlfn.CONCAT("Connector id on same EVSE must be ",IF(ISNUMBER(J9),J9+1,1)),IF(AND(G10<>G9,J10<>1),"First Connector of an EVSE must be 1",""))) | T10: =IF(OR(K10="bBatterySlot",_xlfn.CONCAT(G10:L10)=""),"",IF(AND(H10="DC",NOT(ISBLANK(I10))),"You cannot specify number of phases for DC!",IF(AND(H10="AC",ISBLANK(I10)),"You Must specify number of phases for AC!",IF(ISBLANK(K10),"Please fill in Connector Type",IF(ISBLANK(L10),"Please fill in Cable Type",IF(ISERROR(MATCH(H10,MD_CurrentTypes,0)),"Current must be filled from the drop-down menu",IF(AND(H10="AC",I10<>1,I10<>"1 & 3",I10<>"1 & 2 & 3",I10<>3),"<---- Phases must be filled from the drop-down menu",""))))))) | U10: =IF(_xlfn.CONCAT(G10:L10)="","",IF(ISERROR(MATCH(K10,MD_ConnectorTypes,0)),"Type must be filled from the drop-down menu",""))
F11: =IF(COUNTIF('OCPP family members'!$B$13:$B$41,'Hardware Feature set'!C11)>0, "Member", "") | L11: =IF(OR(LEFT(K11,1)= "s",LEFT(K11,1)="O"), "Detachable Cable",IF(LEFT(K11,1)="c", "Fixed Cable",IF(OR(LEFT(K11,1)="w",LEFT(K11,1)="P"),"Other",""))) | M11: =IF(P11<>"",P11,IF(Q11<>"",Q11,IF(R11<>"",R11,IF(S11<>"",S11,IF(T11<>"",T11,U11))))) | P11: =IF(_xlfn.CONCAT(G11:L11)="","",IF(AND(ISBLANK(G10),ISNUMBER(G11)),"Empty lines are not allowed in this table",IF(AND(NOT(ISNUMBER(G10)),G11<>1),"First EVSE must be EVSE1",IF(AND(ISNUMBER(G10),NOT(OR(G11=G10,G11-1=G10))),"Next EVSE must be same id or id + 1","")))) | Q11: =IF(K11<>"bBatterySlot","",IF(NOT(ISBLANK(H11)),"Battery Slot cannot have a Current Type",IF(NOT(ISBLANK(I11)),"Battery Slot cannot have Phases",IF(L11<>"","Battery Slot cannot have a Cable Type","")))) | R11: =IF(OR(K11="bBatterySlot",_xlfn.CONCAT(G11:L11)=""),"",IF(ISBLANK(H11),"Please specify Current Type",IF(AND(G10=G11,H10<>H11),"Current Type must be the same for all connectors of an EVSE",""))) | S11: =IF(_xlfn.CONCAT(G11:L11)="","",IF(AND(G11=G10,J11<>IF(ISNUMBER(J10),J10+1,1)),_xlfn.CONCAT("Connector id on same EVSE must be ",IF(ISNUMBER(J10),J10+1,1)),IF(AND(G11<>G10,J11<>1),"First Connector of an EVSE must be 1",""))) | T11: =IF(OR(K11="bBatterySlot",_xlfn.CONCAT(G11:L11)=""),"",IF(AND(H11="DC",NOT(ISBLANK(I11))),"You cannot specify number of phases for DC!",IF(AND(H11="AC",ISBLANK(I11)),"You Must specify number of phases for AC!",IF(ISBLANK(K11),"Please fill in Connector Type",IF(ISBLANK(L11),"Please fill in Cable Type",IF(ISERROR(MATCH(H11,MD_CurrentTypes,0)),"Current must be filled from the drop-down menu",IF(AND(H11="AC",I11<>1,I11<>"1 & 3",I11<>"1 & 2 & 3",I11<>3),"<---- Phases must be filled from the drop-down menu",""))))))) | U11: =IF(_xlfn.CONCAT(G11:L11)="","",IF(ISERROR(MATCH(K11,MD_ConnectorTypes,0)),"Type must be filled from the drop-down menu",""))
B12: Id | C12: Feature | D12: Supported / Present | F12: =IF(COUNTIF('OCPP family members'!$B$13:$B$41,'Hardware Feature set'!C12)>0, "Member", "") | L12: =IF(OR(LEFT(K12,1)= "s",LEFT(K12,1)="O"), "Detachable Cable",IF(LEFT(K12,1)="c", "Fixed Cable",IF(OR(LEFT(K12,1)="w",LEFT(K12,1)="P"),"Other",""))) | M12: =IF(P12<>"",P12,IF(Q12<>"",Q12,IF(R12<>"",R12,IF(S12<>"",S12,IF(T12<>"",T12,U12))))) | P12: =IF(_xlfn.CONCAT(G12:L12)="","",IF(AND(ISBLANK(G11),ISNUMBER(G12)),"Empty lines are not allowed in this table",IF(AND(NOT(ISNUMBER(G11)),G12<>1),"First EVSE must be EVSE1",IF(AND(ISNUMBER(G11),NOT(OR(G12=G11,G12-1=G11))),"Next EVSE must be same id or id + 1","")))) | Q12: =IF(K12<>"bBatterySlot","",IF(NOT(ISBLANK(H12)),"Battery Slot cannot have a Current Type",IF(NOT(ISBLANK(I12)),"Battery Slot cannot have Phases",IF(L12<>"","Battery Slot cannot have a Cable Type","")))) | R12: =IF(OR(K12="bBatterySlot",_xlfn.CONCAT(G12:L12)=""),"",IF(ISBLANK(H12),"Please specify Current Type",IF(AND(G11=G12,H11<>H12),"Current Type must be the same for all connectors of an EVSE",""))) | S12: =IF(_xlfn.CONCAT(G12:L12)="","",IF(AND(G12=G11,J12<>IF(ISNUMBER(J11),J11+1,1)),_xlfn.CONCAT("Connector id on same EVSE must be ",IF(ISNUMBER(J11),J11+1,1)),IF(AND(G12<>G11,J12<>1),"First Connector of an EVSE must be 1",""))) | T12: =IF(OR(K12="bBatterySlot",_xlfn.CONCAT(G12:L12)=""),"",IF(AND(H12="DC",NOT(ISBLANK(I12))),"You cannot specify number of phases for DC!",IF(AND(H12="AC",ISBLANK(I12)),"You Must specify number of phases for AC!",IF(ISBLANK(K12),"Please fill in Connector Type",IF(ISBLANK(L12),"Please fill in Cable Type",IF(ISERROR(MATCH(H12,MD_CurrentTypes,0)),"Current must be filled from the drop-down menu",IF(AND(H12="AC",I12<>1,I12<>"1 & 3",I12<>"1 & 2 & 3",I12<>3),"<---- Phases must be filled from the drop-down menu",""))))))) | U12: =IF(_xlfn.CONCAT(G12:L12)="","",IF(ISERROR(MATCH(K12,MD_ConnectorTypes,0)),"Type must be filled from the drop-down menu",""))
B13: HFS-1 | C13: Has a detachable cable | D13: =IF(NOT(ISERROR(VLOOKUP("Detachable Cable",L:L,1,FALSE))),"Yes","No") -> No | F13: =IF(COUNTIF('OCPP family members'!$B$13:$B$41,'Hardware Feature set'!B13)>0, "Member", "") | L13: =IF(OR(LEFT(K13,1)= "s",LEFT(K13,1)="O"), "Detachable Cable",IF(LEFT(K13,1)="c", "Fixed Cable",IF(OR(LEFT(K13,1)="w",LEFT(K13,1)="P"),"Other",""))) | M13: =IF(P13<>"",P13,IF(Q13<>"",Q13,IF(R13<>"",R13,IF(S13<>"",S13,IF(T13<>"",T13,U13))))) | P13: =IF(_xlfn.CONCAT(G13:L13)="","",IF(AND(ISBLANK(G12),ISNUMBER(G13)),"Empty lines are not allowed in this table",IF(AND(NOT(ISNUMBER(G12)),G13<>1),"First EVSE must be EVSE1",IF(AND(ISNUMBER(G12),NOT(OR(G13=G12,G13-1=G12))),"Next EVSE must be same id or id + 1","")))) | Q13: =IF(K13<>"bBatterySlot","",IF(NOT(ISBLANK(H13)),"Battery Slot cannot have a Current Type",IF(NOT(ISBLANK(I13)),"Battery Slot cannot have Phases",IF(L13<>"","Battery Slot cannot have a Cable Type","")))) | R13: =IF(OR(K13="bBatterySlot",_xlfn.CONCAT(G13:L13)=""),"",IF(ISBLANK(H13),"Please specify Current Type",IF(AND(G12=G13,H12<>H13),"Current Type must be the same for all connectors of an EVSE",""))) | S13: =IF(_xlfn.CONCAT(G13:L13)="","",IF(AND(G13=G12,J13<>IF(ISNUMBER(J12),J12+1,1)),_xlfn.CONCAT("Connector id on same EVSE must be ",IF(ISNUMBER(J12),J12+1,1)),IF(AND(G13<>G12,J13<>1),"First Connector of an EVSE must be 1",""))) | T13: =IF(OR(K13="bBatterySlot",_xlfn.CONCAT(G13:L13)=""),"",IF(AND(H13="DC",NOT(ISBLANK(I13))),"You cannot specify number of phases for DC!",IF(AND(H13="AC",ISBLANK(I13)),"You Must specify number of phases for AC!",IF(ISBLANK(K13),"Please fill in Connector Type",IF(ISBLANK(L13),"Please fill in Cable Type",IF(ISERROR(MATCH(H13,MD_CurrentTypes,0)),"Current must be filled from the drop-down menu",IF(AND(H13="AC",I13<>1,I13<>"1 & 3",I13<>"1 & 2 & 3",I13<>3),"<---- Phases must be filled from the drop-down menu",""))))))) | U13: =IF(_xlfn.CONCAT(G13:L13)="","",IF(ISERROR(MATCH(K13,MD_ConnectorTypes,0)),"Type must be filled from the drop-down menu",""))
B14: HFS-2 | C14: Has a fixed cable | D14: =IF(NOT(ISERROR(VLOOKUP("Fixed Cable",L:L,1,FALSE))),"Yes","No") -> No | F14: =IF(COUNTIF('OCPP family members'!$B$13:$B$41,'Hardware Feature set'!B14)>0, "Member", "") | L14: =IF(OR(LEFT(K14,1)= "s",LEFT(K14,1)="O"), "Detachable Cable",IF(LEFT(K14,1)="c", "Fixed Cable",IF(OR(LEFT(K14,1)="w",LEFT(K14,1)="P"),"Other",""))) | M14: =IF(P14<>"",P14,IF(Q14<>"",Q14,IF(R14<>"",R14,IF(S14<>"",S14,IF(T14<>"",T14,U14))))) | P14: =IF(_xlfn.CONCAT(G14:L14)="","",IF(AND(ISBLANK(G13),ISNUMBER(G14)),"Empty lines are not allowed in this table",IF(AND(NOT(ISNUMBER(G13)),G14<>1),"First EVSE must be EVSE1",IF(AND(ISNUMBER(G13),NOT(OR(G14=G13,G14-1=G13))),"Next EVSE must be same id or id + 1","")))) | Q14: =IF(K14<>"bBatterySlot","",IF(NOT(ISBLANK(H14)),"Battery Slot cannot have a Current Type",IF(NOT(ISBLANK(I14)),"Battery Slot cannot have Phases",IF(L14<>"","Battery Slot cannot have a Cable Type","")))) | R14: =IF(OR(K14="bBatterySlot",_xlfn.CONCAT(G14:L14)=""),"",IF(ISBLANK(H14),"Please specify Current Type",IF(AND(G13=G14,H13<>H14),"Current Type must be the same for all connectors of an EVSE",""))) | S14: =IF(_xlfn.CONCAT(G14:L14)="","",IF(AND(G14=G13,J14<>IF(ISNUMBER(J13),J13+1,1)),_xlfn.CONCAT("Connector id on same EVSE must be ",IF(ISNUMBER(J13),J13+1,1)),IF(AND(G14<>G13,J14<>1),"First Connector of an EVSE must be 1",""))) | T14: =IF(OR(K14="bBatterySlot",_xlfn.CONCAT(G14:L14)=""),"",IF(AND(H14="DC",NOT(ISBLANK(I14))),"You cannot specify number of phases for DC!",IF(AND(H14="AC",ISBLANK(I14)),"You Must specify number of phases for AC!",IF(ISBLANK(K14),"Please fill in Connector Type",IF(ISBLANK(L14),"Please fill in Cable Type",IF(ISERROR(MATCH(H14,MD_CurrentTypes,0)),"Current must be filled from the drop-down menu",IF(AND(H14="AC",I14<>1,I14<>"1 & 3",I14<>"1 & 2 & 3",I14<>3),"<---- Phases must be filled from the drop-down menu",""))))))) | U14: =IF(_xlfn.CONCAT(G14:L14)="","",IF(ISERROR(MATCH(K14,MD_ConnectorTypes,0)),"Type must be filled from the drop-down menu",""))
B15: HFS-3 | C15: Has AC support | D15: =IF(NOT(AND(ISERROR(VLOOKUP("AC",H:H,1,FALSE)),ISERROR(VLOOKUP("AC & DC",H:H,1,FALSE)))),"Yes","No") -> No | F15: =IF(COUNTIF('OCPP family members'!$B$13:$B$41,'Hardware Feature set'!B15)>0, "Member", "") | L15: =IF(OR(LEFT(K15,1)= "s",LEFT(K15,1)="O"), "Detachable Cable",IF(LEFT(K15,1)="c", "Fixed Cable",IF(OR(LEFT(K15,1)="w",LEFT(K15,1)="P"),"Other",""))) | M15: =IF(P15<>"",P15,IF(Q15<>"",Q15,IF(R15<>"",R15,IF(S15<>"",S15,IF(T15<>"",T15,U15))))) | P15: =IF(_xlfn.CONCAT(G15:L15)="","",IF(AND(ISBLANK(G14),ISNUMBER(G15)),"Empty lines are not allowed in this table",IF(AND(NOT(ISNUMBER(G14)),G15<>1),"First EVSE must be EVSE1",IF(AND(ISNUMBER(G14),NOT(OR(G15=G14,G15-1=G14))),"Next EVSE must be same id or id + 1","")))) | Q15: =IF(K15<>"bBatterySlot","",IF(NOT(ISBLANK(H15)),"Battery Slot cannot have a Current Type",IF(NOT(ISBLANK(I15)),"Battery Slot cannot have Phases",IF(L15<>"","Battery Slot cannot have a Cable Type","")))) | R15: =IF(OR(K15="bBatterySlot",_xlfn.CONCAT(G15:L15)=""),"",IF(ISBLANK(H15),"Please specify Current Type",IF(AND(G14=G15,H14<>H15),"Current Type must be the same for all connectors of an EVSE",""))) | S15: =IF(_xlfn.CONCAT(G15:L15)="","",IF(AND(G15=G14,J15<>IF(ISNUMBER(J14),J14+1,1)),_xlfn.CONCAT("Connector id on same EVSE must be ",IF(ISNUMBER(J14),J14+1,1)),IF(AND(G15<>G14,J15<>1),"First Connector of an EVSE must be 1",""))) | T15: =IF(OR(K15="bBatterySlot",_xlfn.CONCAT(G15:L15)=""),"",IF(AND(H15="DC",NOT(ISBLANK(I15))),"You cannot specify number of phases for DC!",IF(AND(H15="AC",ISBLANK(I15)),"You Must specify number of phases for AC!",IF(ISBLANK(K15),"Please fill in Connector Type",IF(ISBLANK(L15),"Please fill in Cable Type",IF(ISERROR(MATCH(H15,MD_CurrentTypes,0)),"Current must be filled from the drop-down menu",IF(AND(H15="AC",I15<>1,I15<>"1 & 3",I15<>"1 & 2 & 3",I15<>3),"<---- Phases must be filled from the drop-down menu",""))))))) | U15: =IF(_xlfn.CONCAT(G15:L15)="","",IF(ISERROR(MATCH(K15,MD_ConnectorTypes,0)),"Type must be filled from the drop-down menu",""))
B16: HFS-4 | C16: Has DC support | D16: =IF(NOT(AND(ISERROR(VLOOKUP("DC",H:H,1,FALSE)),ISERROR(VLOOKUP("AC & DC",H:H,1,FALSE)))),"Yes","No") -> No | F16: =IF(COUNTIF('OCPP family members'!$B$13:$B$41,'Hardware Feature set'!B16)>0, "Member", "") | L16: =IF(OR(LEFT(K16,1)= "s",LEFT(K16,1)="O"), "Detachable Cable",IF(LEFT(K16,1)="c", "Fixed Cable",IF(OR(LEFT(K16,1)="w",LEFT(K16,1)="P"),"Other",""))) | M16: =IF(P16<>"",P16,IF(Q16<>"",Q16,IF(R16<>"",R16,IF(S16<>"",S16,IF(T16<>"",T16,U16))))) | P16: =IF(_xlfn.CONCAT(G16:L16)="","",IF(AND(ISBLANK(G15),ISNUMBER(G16)),"Empty lines are not allowed in this table",IF(AND(NOT(ISNUMBER(G15)),G16<>1),"First EVSE must be EVSE1",IF(AND(ISNUMBER(G15),NOT(OR(G16=G15,G16-1=G15))),"Next EVSE must be same id or id + 1","")))) | Q16: =IF(K16<>"bBatterySlot","",IF(NOT(ISBLANK(H16)),"Battery Slot cannot have a Current Type",IF(NOT(ISBLANK(I16)),"Battery Slot cannot have Phases",IF(L16<>"","Battery Slot cannot have a Cable Type","")))) | R16: =IF(OR(K16="bBatterySlot",_xlfn.CONCAT(G16:L16)=""),"",IF(ISBLANK(H16),"Please specify Current Type",IF(AND(G15=G16,H15<>H16),"Current Type must be the same for all connectors of an EVSE",""))) | S16: =IF(_xlfn.CONCAT(G16:L16)="","",IF(AND(G16=G15,J16<>IF(ISNUMBER(J15),J15+1,1)),_xlfn.CONCAT("Connector id on same EVSE must be ",IF(ISNUMBER(J15),J15+1,1)),IF(AND(G16<>G15,J16<>1),"First Connector of an EVSE must be 1",""))) | T16: =IF(OR(K16="bBatterySlot",_xlfn.CONCAT(G16:L16)=""),"",IF(AND(H16="DC",NOT(ISBLANK(I16))),"You cannot specify number of phases for DC!",IF(AND(H16="AC",ISBLANK(I16)),"You Must specify number of phases for AC!",IF(ISBLANK(K16),"Please fill in Connector Type",IF(ISBLANK(L16),"Please fill in Cable Type",IF(ISERROR(MATCH(H16,MD_CurrentTypes,0)),"Current must be filled from the drop-down menu",IF(AND(H16="AC",I16<>1,I16<>"1 & 3",I16<>"1 & 2 & 3",I16<>3),"<---- Phases must be filled from the drop-down menu",""))))))) | U16: =IF(_xlfn.CONCAT(G16:L16)="","",IF(ISERROR(MATCH(K16,MD_ConnectorTypes,0)),"Type must be filled from the drop-down menu",""))
B17: HFS-5 | C17: Has 1 phase support | D17: =IF(NOT(ISERROR(FIND("1",_xlfn.CONCAT(I:I)))),"Yes","No") -> No | F17: =IF(COUNTIF('OCPP family members'!$B$13:$B$41,'Hardware Feature set'!B17)>0, "Member", "") | L17: =IF(OR(LEFT(K17,1)= "s",LEFT(K17,1)="O"), "Detachable Cable",IF(LEFT(K17,1)="c", "Fixed Cable",IF(OR(LEFT(K17,1)="w",LEFT(K17,1)="P"),"Other",""))) | M17: =IF(P17<>"",P17,IF(Q17<>"",Q17,IF(R17<>"",R17,IF(S17<>"",S17,IF(T17<>"",T17,U17))))) | P17: =IF(_xlfn.CONCAT(G17:L17)="","",IF(AND(ISBLANK(G16),ISNUMBER(G17)),"Empty lines are not allowed in this table",IF(AND(NOT(ISNUMBER(G16)),G17<>1),"First EVSE must be EVSE1",IF(AND(ISNUMBER(G16),NOT(OR(G17=G16,G17-1=G16))),"Next EVSE must be same id or id + 1","")))) | Q17: =IF(K17<>"bBatterySlot","",IF(NOT(ISBLANK(H17)),"Battery Slot cannot have a Current Type",IF(NOT(ISBLANK(I17)),"Battery Slot cannot have Phases",IF(L17<>"","Battery Slot cannot have a Cable Type","")))) | R17: =IF(OR(K17="bBatterySlot",_xlfn.CONCAT(G17:L17)=""),"",IF(ISBLANK(H17),"Please specify Current Type",IF(AND(G16=G17,H16<>H17),"Current Type must be the same for all connectors of an EVSE",""))) | S17: =IF(_xlfn.CONCAT(G17:L17)="","",IF(AND(G17=G16,J17<>IF(ISNUMBER(J16),J16+1,1)),_xlfn.CONCAT("Connector id on same EVSE must be ",IF(ISNUMBER(J16),J16+1,1)),IF(AND(G17<>G16,J17<>1),"First Connector of an EVSE must be 1",""))) | T17: =IF(OR(K17="bBatterySlot",_xlfn.CONCAT(G17:L17)=""),"",IF(AND(H17="DC",NOT(ISBLANK(I17))),"You cannot specify number of phases for DC!",IF(AND(H17="AC",ISBLANK(I17)),"You Must specify number of phases for AC!",IF(ISBLANK(K17),"Please fill in Connector Type",IF(ISBLANK(L17),"Please fill in Cable Type",IF(ISERROR(MATCH(H17,MD_CurrentTypes,0)),"Current must be filled from the drop-down menu",IF(AND(H17="AC",I17<>1,I17<>"1 & 3",I17<>"1 & 2 & 3",I17<>3),"<---- Phases must be filled from the drop-down menu",""))))))) | U17: =IF(_xlfn.CONCAT(G17:L17)="","",IF(ISERROR(MATCH(K17,MD_ConnectorTypes,0)),"Type must be filled from the drop-down menu",""))
B18: HFS-6 | C18: Has 2 phase support | D18: =IF(NOT(ISERROR(FIND("2",_xlfn.CONCAT(I:I)))),"Yes","No") -> No | F18: =IF(COUNTIF('OCPP family members'!$B$13:$B$41,'Hardware Feature set'!B18)>0, "Member", "") | L18: =IF(OR(LEFT(K18,1)= "s",LEFT(K18,1)="O"), "Detachable Cable",IF(LEFT(K18,1)="c", "Fixed Cable",IF(OR(LEFT(K18,1)="w",LEFT(K18,1)="P"),"Other",""))) | M18: =IF(P18<>"",P18,IF(Q18<>"",Q18,IF(R18<>"",R18,IF(S18<>"",S18,IF(T18<>"",T18,U18))))) | P18: =IF(_xlfn.CONCAT(G18:L18)="","",IF(AND(ISBLANK(G17),ISNUMBER(G18)),"Empty lines are not allowed in this table",IF(AND(NOT(ISNUMBER(G17)),G18<>1),"First EVSE must be EVSE1",IF(AND(ISNUMBER(G17),NOT(OR(G18=G17,G18-1=G17))),"Next EVSE must be same id or id + 1","")))) | Q18: =IF(K18<>"bBatterySlot","",IF(NOT(ISBLANK(H18)),"Battery Slot cannot have a Current Type",IF(NOT(ISBLANK(I18)),"Battery Slot cannot have Phases",IF(L18<>"","Battery Slot cannot have a Cable Type","")))) | R18: =IF(OR(K18="bBatterySlot",_xlfn.CONCAT(G18:L18)=""),"",IF(ISBLANK(H18),"Please specify Current Type",IF(AND(G17=G18,H17<>H18),"Current Type must be the same for all connectors of an EVSE",""))) | S18: =IF(_xlfn.CONCAT(G18:L18)="","",IF(AND(G18=G17,J18<>IF(ISNUMBER(J17),J17+1,1)),_xlfn.CONCAT("Connector id on same EVSE must be ",IF(ISNUMBER(J17),J17+1,1)),IF(AND(G18<>G17,J18<>1),"First Connector of an EVSE must be 1",""))) | T18: =IF(OR(K18="bBatterySlot",_xlfn.CONCAT(G18:L18)=""),"",IF(AND(H18="DC",NOT(ISBLANK(I18))),"You cannot specify number of phases for DC!",IF(AND(H18="AC",ISBLANK(I18)),"You Must specify number of phases for AC!",IF(ISBLANK(K18),"Please fill in Connector Type",IF(ISBLANK(L18),"Please fill in Cable Type",IF(ISERROR(MATCH(H18,MD_CurrentTypes,0)),"Current must be filled from the drop-down menu",IF(AND(H18="AC",I18<>1,I18<>"1 & 3",I18<>"1 & 2 & 3",I18<>3),"<---- Phases must be filled from the drop-down menu",""))))))) | U18: =IF(_xlfn.CONCAT(G18:L18)="","",IF(ISERROR(MATCH(K18,MD_ConnectorTypes,0)),"Type must be filled from the drop-down menu",""))
B19: HFS-7 | C19: Has 3 phase support | D19: =IF(NOT(ISERROR(FIND("3",_xlfn.CONCAT(I:I)))),"Yes","No") -> No | F19: =IF(COUNTIF('OCPP family members'!$B$13:$B$41,'Hardware Feature set'!B19)>0, "Member", "") | L19: =IF(OR(LEFT(K19,1)= "s",LEFT(K19,1)="O"), "Detachable Cable",IF(LEFT(K19,1)="c", "Fixed Cable",IF(OR(LEFT(K19,1)="w",LEFT(K19,1)="P"),"Other",""))) | M19: =IF(P19<>"",P19,IF(Q19<>"",Q19,IF(R19<>"",R19,IF(S19<>"",S19,IF(T19<>"",T19,U19))))) | P19: =IF(_xlfn.CONCAT(G19:L19)="","",IF(AND(ISBLANK(G18),ISNUMBER(G19)),"Empty lines are not allowed in this table",IF(AND(NOT(ISNUMBER(G18)),G19<>1),"First EVSE must be EVSE1",IF(AND(ISNUMBER(G18),NOT(OR(G19=G18,G19-1=G18))),"Next EVSE must be same id or id + 1","")))) | Q19: =IF(K19<>"bBatterySlot","",IF(NOT(ISBLANK(H19)),"Battery Slot cannot have a Current Type",IF(NOT(ISBLANK(I19)),"Battery Slot cannot have Phases",IF(L19<>"","Battery Slot cannot have a Cable Type","")))) | R19: =IF(OR(K19="bBatterySlot",_xlfn.CONCAT(G19:L19)=""),"",IF(ISBLANK(H19),"Please specify Current Type",IF(AND(G18=G19,H18<>H19),"Current Type must be the same for all connectors of an EVSE",""))) | S19: =IF(_xlfn.CONCAT(G19:L19)="","",IF(AND(G19=G18,J19<>IF(ISNUMBER(J18),J18+1,1)),_xlfn.CONCAT("Connector id on same EVSE must be ",IF(ISNUMBER(J18),J18+1,1)),IF(AND(G19<>G18,J19<>1),"First Connector of an EVSE must be 1",""))) | T19: =IF(OR(K19="bBatterySlot",_xlfn.CONCAT(G19:L19)=""),"",IF(AND(H19="DC",NOT(ISBLANK(I19))),"You cannot specify number of phases for DC!",IF(AND(H19="AC",ISBLANK(I19)),"You Must specify number of phases for AC!",IF(ISBLANK(K19),"Please fill in Connector Type",IF(ISBLANK(L19),"Please fill in Cable Type",IF(ISERROR(MATCH(H19,MD_CurrentTypes,0)),"Current must be filled from the drop-down menu",IF(AND(H19="AC",I19<>1,I19<>"1 & 3",I19<>"1 & 2 & 3",I19<>3),"<---- Phases must be filled from the drop-down menu",""))))))) | U19: =IF(_xlfn.CONCAT(G19:L19)="","",IF(ISERROR(MATCH(K19,MD_ConnectorTypes,0)),"Type must be filled from the drop-down menu",""))
B20: HFS-8 | C20: No. EVSEs | D20: =MAX(G:G) -> 1 | F20: =IF(COUNTIF('OCPP family members'!$B$13:$B$41,'Hardware Feature set'!B20)>0, "Member", "") -> Member | L20: =IF(OR(LEFT(K20,1)= "s",LEFT(K20,1)="O"), "Detachable Cable",IF(LEFT(K20,1)="c", "Fixed Cable",IF(OR(LEFT(K20,1)="w",LEFT(K20,1)="P"),"Other",""))) | M20: =IF(P20<>"",P20,IF(Q20<>"",Q20,IF(R20<>"",R20,IF(S20<>"",S20,IF(T20<>"",T20,U20))))) | P20: =IF(_xlfn.CONCAT(G20:L20)="","",IF(AND(ISBLANK(G19),ISNUMBER(G20)),"Empty lines are not allowed in this table",IF(AND(NOT(ISNUMBER(G19)),G20<>1),"First EVSE must be EVSE1",IF(AND(ISNUMBER(G19),NOT(OR(G20=G19,G20-1=G19))),"Next EVSE must be same id or id + 1","")))) | Q20: =IF(K20<>"bBatterySlot","",IF(NOT(ISBLANK(H20)),"Battery Slot cannot have a Current Type",IF(NOT(ISBLANK(I20)),"Battery Slot cannot have Phases",IF(L20<>"","Battery Slot cannot have a Cable Type","")))) | R20: =IF(OR(K20="bBatterySlot",_xlfn.CONCAT(G20:L20)=""),"",IF(ISBLANK(H20),"Please specify Current Type",IF(AND(G19=G20,H19<>H20),"Current Type must be the same for all connectors of an EVSE",""))) | S20: =IF(_xlfn.CONCAT(G20:L20)="","",IF(AND(G20=G19,J20<>IF(ISNUMBER(J19),J19+1,1)),_xlfn.CONCAT("Connector id on same EVSE must be ",IF(ISNUMBER(J19),J19+1,1)),IF(AND(G20<>G19,J20<>1),"First Connector of an EVSE must be 1",""))) | T20: =IF(OR(K20="bBatterySlot",_xlfn.CONCAT(G20:L20)=""),"",IF(AND(H20="DC",NOT(ISBLANK(I20))),"You cannot specify number of phases for DC!",IF(AND(H20="AC",ISBLANK(I20)),"You Must specify number of phases for AC!",IF(ISBLANK(K20),"Please fill in Connector Type",IF(ISBLANK(L20),"Please fill in Cable Type",IF(ISERROR(MATCH(H20,MD_CurrentTypes,0)),"Current must be filled from the drop-down menu",IF(AND(H20="AC",I20<>1,I20<>"1 & 3",I20<>"1 & 2 & 3",I20<>3),"<---- Phases must be filled from the drop-down menu",""))))))) | U20: =IF(_xlfn.CONCAT(G20:L20)="","",IF(ISERROR(MATCH(K20,MD_ConnectorTypes,0)),"Type must be filled from the drop-down menu",""))
B21: HFS-9 | C21: Communication technology | D21: <specify supported communication technology/ies> | E21: =IF(AND(NOT(ISBLANK(B21)),ISBLANK(D21)),"<---- This field cannot be left empty!",IF(NOT(ISERROR(FIND("<",D21))),"<---- Please enter a valid value or list","")) -> <---- Please enter a valid value or list | F21: =IF(COUNTIF('OCPP family members'!$B$13:$B$41,'Hardware Feature set'!B21)>0, "Member", "") -> Member | L21: =IF(OR(LEFT(K21,1)= "s",LEFT(K21,1)="O"), "Detachable Cable",IF(LEFT(K21,1)="c", "Fixed Cable",IF(OR(LEFT(K21,1)="w",LEFT(K21,1)="P"),"Other",""))) | M21: =IF(P21<>"",P21,IF(Q21<>"",Q21,IF(R21<>"",R21,IF(S21<>"",S21,IF(T21<>"",T21,U21))))) | P21: =IF(_xlfn.CONCAT(G21:L21)="","",IF(AND(ISBLANK(G20),ISNUMBER(G21)),"Empty lines are not allowed in this table",IF(AND(NOT(ISNUMBER(G20)),G21<>1),"First EVSE must be EVSE1",IF(AND(ISNUMBER(G20),NOT(OR(G21=G20,G21-1=G20))),"Next EVSE must be same id or id + 1","")))) | Q21: =IF(K21<>"bBatterySlot","",IF(NOT(ISBLANK(H21)),"Battery Slot cannot have a Current Type",IF(NOT(ISBLANK(I21)),"Battery Slot cannot have Phases",IF(L21<>"","Battery Slot cannot have a Cable Type","")))) | R21: =IF(OR(K21="bBatterySlot",_xlfn.CONCAT(G21:L21)=""),"",IF(ISBLANK(H21),"Please specify Current Type",IF(AND(G20=G21,H20<>H21),"Current Type must be the same for all connectors of an EVSE",""))) | S21: =IF(_xlfn.CONCAT(G21:L21)="","",IF(AND(G21=G20,J21<>IF(ISNUMBER(J20),J20+1,1)),_xlfn.CONCAT("Connector id on same EVSE must be ",IF(ISNUMBER(J20),J20+1,1)),IF(AND(G21<>G20,J21<>1),"First Connector of an EVSE must be 1",""))) | T21: =IF(OR(K21="bBatterySlot",_xlfn.CONCAT(G21:L21)=""),"",IF(AND(H21="DC",NOT(ISBLANK(I21))),"You cannot specify number of phases for DC!",IF(AND(H21="AC",ISBLANK(I21)),"You Must specify number of phases for AC!",IF(ISBLANK(K21),"Please fill in Connector Type",IF(ISBLANK(L21),"Please fill in Cable Type",IF(ISERROR(MATCH(H21,MD_CurrentTypes,0)),"Current must be filled from the drop-down menu",IF(AND(H21="AC",I21<>1,I21<>"1 & 3",I21<>"1 & 2 & 3",I21<>3),"<---- Phases must be filled from the drop-down menu",""))))))) | U21: =IF(_xlfn.CONCAT(G21:L21)="","",IF(ISERROR(MATCH(K21,MD_ConnectorTypes,0)),"Type must be filled from the drop-down menu",""))
B22: HFS-10 | C22: RFID readers | D22: <select RFID Reader configuration> | E22: =IF(AND(NOT(ISBLANK(B22)),ISBLANK(D22)),"<---- This field cannot be left empty!",IF(NOT(ISERROR(FIND("<",D22))),"<---- Please enter a valid value",IF(ISERROR(MATCH(D22, MD_RFIDOptions, 0)), "<---- This field must be filled from the drop-down menu", ""))) -> <---- Please enter a valid value | F22: =IF(COUNTIF('OCPP family members'!$B$13:$B$41,'Hardware Feature set'!B22)>0, "Member", "") -> Member | L22: =IF(OR(LEFT(K22,1)= "s",LEFT(K22,1)="O"), "Detachable Cable",IF(LEFT(K22,1)="c", "Fixed Cable",IF(OR(LEFT(K22,1)="w",LEFT(K22,1)="P"),"Other",""))) | M22: =IF(P22<>"",P22,IF(Q22<>"",Q22,IF(R22<>"",R22,IF(S22<>"",S22,IF(T22<>"",T22,U22))))) | P22: =IF(_xlfn.CONCAT(G22:L22)="","",IF(AND(ISBLANK(G21),ISNUMBER(G22)),"Empty lines are not allowed in this table",IF(AND(NOT(ISNUMBER(G21)),G22<>1),"First EVSE must be EVSE1",IF(AND(ISNUMBER(G21),NOT(OR(G22=G21,G22-1=G21))),"Next EVSE must be same id or id + 1","")))) | Q22: =IF(K22<>"bBatterySlot","",IF(NOT(ISBLANK(H22)),"Battery Slot cannot have a Current Type",IF(NOT(ISBLANK(I22)),"Battery Slot cannot have Phases",IF(L22<>"","Battery Slot cannot have a Cable Type","")))) | R22: =IF(OR(K22="bBatterySlot",_xlfn.CONCAT(G22:L22)=""),"",IF(ISBLANK(H22),"Please specify Current Type",IF(AND(G21=G22,H21<>H22),"Current Type must be the same for all connectors of an EVSE",""))) | S22: =IF(_xlfn.CONCAT(G22:L22)="","",IF(AND(G22=G21,J22<>IF(ISNUMBER(J21),J21+1,1)),_xlfn.CONCAT("Connector id on same EVSE must be ",IF(ISNUMBER(J21),J21+1,1)),IF(AND(G22<>G21,J22<>1),"First Connector of an EVSE must be 1",""))) | T22: =IF(OR(K22="bBatterySlot",_xlfn.CONCAT(G22:L22)=""),"",IF(AND(H22="DC",NOT(ISBLANK(I22))),"You cannot specify number of phases for DC!",IF(AND(H22="AC",ISBLANK(I22)),"You Must specify number of phases for AC!",IF(ISBLANK(K22),"Please fill in Connector Type",IF(ISBLANK(L22),"Please fill in Cable Type",IF(ISERROR(MATCH(H22,MD_CurrentTypes,0)),"Current must be filled from the drop-down menu",IF(AND(H22="AC",I22<>1,I22<>"1 & 3",I22<>"1 & 2 & 3",I22<>3),"<---- Phases must be filled from the drop-down menu",""))))))) | U22: =IF(_xlfn.CONCAT(G22:L22)="","",IF(ISERROR(MATCH(K22,MD_ConnectorTypes,0)),"Type must be filled from the drop-down menu",""))
B23: HFS-11 | C23: DC power level (kW) | D23: <specify DC power level> | E23: =IF(VLOOKUP("HFS-4",B12:D25,3,TRUE)="No",IF(NOT(ISBLANK(D23)),"<---- This field must be left empty for non-DC chargers",""),IF(AND(NOT(ISBLANK(B23)),ISBLANK(D23)),"<---- This field cannot be left empty!",IF(NOT(ISERROR(FIND("<",D23))),"<---- Please enter a valid value",""))) -> <---- This field must be left empty for non-DC chargers | F23: =IF(COUNTIF('OCPP family members'!$B$13:$B$41,'Hardware Feature set'!B23)>0, "Member", "") -> Member | L23: =IF(OR(LEFT(K23,1)= "s",LEFT(K23,1)="O"), "Detachable Cable",IF(LEFT(K23,1)="c", "Fixed Cable",IF(OR(LEFT(K23,1)="w",LEFT(K23,1)="P"),"Other",""))) | M23: =IF(P23<>"",P23,IF(Q23<>"",Q23,IF(R23<>"",R23,IF(S23<>"",S23,IF(T23<>"",T23,U23))))) | P23: =IF(_xlfn.CONCAT(G23:L23)="","",IF(AND(ISBLANK(G22),ISNUMBER(G23)),"Empty lines are not allowed in this table",IF(AND(NOT(ISNUMBER(G22)),G23<>1),"First EVSE must be EVSE1",IF(AND(ISNUMBER(G22),NOT(OR(G23=G22,G23-1=G22))),"Next EVSE must be same id or id + 1","")))) | Q23: =IF(K23<>"bBatterySlot","",IF(NOT(ISBLANK(H23)),"Battery Slot cannot have a Current Type",IF(NOT(ISBLANK(I23)),"Battery Slot cannot have Phases",IF(L23<>"","Battery Slot cannot have a Cable Type","")))) | R23: =IF(OR(K23="bBatterySlot",_xlfn.CONCAT(G23:L23)=""),"",IF(ISBLANK(H23),"Please specify Current Type",IF(AND(G22=G23,H22<>H23),"Current Type must be the same for all connectors of an EVSE",""))) | S23: =IF(_xlfn.CONCAT(G23:L23)="","",IF(AND(G23=G22,J23<>IF(ISNUMBER(J22),J22+1,1)),_xlfn.CONCAT("Connector id on same EVSE must be ",IF(ISNUMBER(J22),J22+1,1)),IF(AND(G23<>G22,J23<>1),"First Connector of an EVSE must be 1",""))) | T23: =IF(OR(K23="bBatterySlot",_xlfn.CONCAT(G23:L23)=""),"",IF(AND(H23="DC",NOT(ISBLANK(I23))),"You cannot specify number of phases for DC!",IF(AND(H23="AC",ISBLANK(I23)),"You Must specify number of phases for AC!",IF(ISBLANK(K23),"Please fill in Connector Type",IF(ISBLANK(L23),"Please fill in Cable Type",IF(ISERROR(MATCH(H23,MD_CurrentTypes,0)),"Current must be filled from the drop-down menu",IF(AND(H23="AC",I23<>1,I23<>"1 & 3",I23<>"1 & 2 & 3",I23<>3),"<---- Phases must be filled from the drop-down menu",""))))))) | U23: =IF(_xlfn.CONCAT(G23:L23)="","",IF(ISERROR(MATCH(K23,MD_ConnectorTypes,0)),"Type must be filled from the drop-down menu",""))
B24: HFS-12 | C24: Number of displays | D24: <specify the number of displays on your product> | E24: =IF(AND(NOT(ISBLANK(B24)),ISBLANK(D24)),"<---- This field cannot be left empty!",IF(NOT(ISERROR(FIND("<",D24))),"<---- Please enter a valid value","")) -> <---- Please enter a valid value | F24: =IF(COUNTIF('OCPP family members'!$B$13:$B$41,'Hardware Feature set'!B24)>0, "Member", "") -> Member | L24: =IF(OR(LEFT(K24,1)= "s",LEFT(K24,1)="O"), "Detachable Cable",IF(LEFT(K24,1)="c", "Fixed Cable",IF(OR(LEFT(K24,1)="w",LEFT(K24,1)="P"),"Other",""))) | M24: =IF(P24<>"",P24,IF(Q24<>"",Q24,IF(R24<>"",R24,IF(S24<>"",S24,IF(T24<>"",T24,U24))))) | P24: =IF(_xlfn.CONCAT(G24:L24)="","",IF(AND(ISBLANK(G23),ISNUMBER(G24)),"Empty lines are not allowed in this table",IF(AND(NOT(ISNUMBER(G23)),G24<>1),"First EVSE must be EVSE1",IF(AND(ISNUMBER(G23),NOT(OR(G24=G23,G24-1=G23))),"Next EVSE must be same id or id + 1","")))) | Q24: =IF(K24<>"bBatterySlot","",IF(NOT(ISBLANK(H24)),"Battery Slot cannot have a Current Type",IF(NOT(ISBLANK(I24)),"Battery Slot cannot have Phases",IF(L24<>"","Battery Slot cannot have a Cable Type","")))) | R24: =IF(OR(K24="bBatterySlot",_xlfn.CONCAT(G24:L24)=""),"",IF(ISBLANK(H24),"Please specify Current Type",IF(AND(G23=G24,H23<>H24),"Current Type must be the same for all connectors of an EVSE",""))) | S24: =IF(_xlfn.CONCAT(G24:L24)="","",IF(AND(G24=G23,J24<>IF(ISNUMBER(J23),J23+1,1)),_xlfn.CONCAT("Connector id on same EVSE must be ",IF(ISNUMBER(J23),J23+1,1)),IF(AND(G24<>G23,J24<>1),"First Connector of an EVSE must be 1",""))) | T24: =IF(OR(K24="bBatterySlot",_xlfn.CONCAT(G24:L24)=""),"",IF(AND(H24="DC",NOT(ISBLANK(I24))),"You cannot specify number of phases for DC!",IF(AND(H24="AC",ISBLANK(I24)),"You Must specify number of phases for AC!",IF(ISBLANK(K24),"Please fill in Connector Type",IF(ISBLANK(L24),"Please fill in Cable Type",IF(ISERROR(MATCH(H24,MD_CurrentTypes,0)),"Current must be filled from the drop-down menu",IF(AND(H24="AC",I24<>1,I24<>"1 & 3",I24<>"1 & 2 & 3",I24<>3),"<---- Phases must be filled from the drop-down menu",""))))))) | U24: =IF(_xlfn.CONCAT(G24:L24)="","",IF(ISERROR(MATCH(K24,MD_ConnectorTypes,0)),"Type must be filled from the drop-down menu",""))
B25: HFS-13 | C25: Battery Swapping Support | D25: =IF(NOT(ISERROR(FIND(MD!Q34,_xlfn.CONCAT(K:K)))),"Yes","No") -> No | E25: =IF(AND(D6="Battery Swapping Charging Station", D25<>"Yes"),"<---- HFS-13 must be 'Yes' when Product Subtype is 'Battery Swapping Charging Station'","") | F25: =IF(COUNTIF('OCPP family members'!$B$13:$B$41,'Hardware Feature set'!B25)>0, "Member", "") | L25: =IF(OR(LEFT(K25,1)= "s",LEFT(K25,1)="O"), "Detachable Cable",IF(LEFT(K25,1)="c", "Fixed Cable",IF(OR(LEFT(K25,1)="w",LEFT(K25,1)="P"),"Other",""))) | M25: =IF(P25<>"",P25,IF(Q25<>"",Q25,IF(R25<>"",R25,IF(S25<>"",S25,IF(T25<>"",T25,U25))))) | P25: =IF(_xlfn.CONCAT(G25:L25)="","",IF(AND(ISBLANK(G24),ISNUMBER(G25)),"Empty lines are not allowed in this table",IF(AND(NOT(ISNUMBER(G24)),G25<>1),"First EVSE must be EVSE1",IF(AND(ISNUMBER(G24),NOT(OR(G25=G24,G25-1=G24))),"Next EVSE must be same id or id + 1","")))) | Q25: =IF(K25<>"bBatterySlot","",IF(NOT(ISBLANK(H25)),"Battery Slot cannot have a Current Type",IF(NOT(ISBLANK(I25)),"Battery Slot cannot have Phases",IF(L25<>"","Battery Slot cannot have a Cable Type","")))) | R25: =IF(OR(K25="bBatterySlot",_xlfn.CONCAT(G25:L25)=""),"",IF(ISBLANK(H25),"Please specify Current Type",IF(AND(G24=G25,H24<>H25),"Current Type must be the same for all connectors of an EVSE",""))) | S25: =IF(_xlfn.CONCAT(G25:L25)="","",IF(AND(G25=G24,J25<>IF(ISNUMBER(J24),J24+1,1)),_xlfn.CONCAT("Connector id on same EVSE must be ",IF(ISNUMBER(J24),J24+1,1)),IF(AND(G25<>G24,J25<>1),"First Connector of an EVSE must be 1",""))) | T25: =IF(OR(K25="bBatterySlot",_xlfn.CONCAT(G25:L25)=""),"",IF(AND(H25="DC",NOT(ISBLANK(I25))),"You cannot specify number of phases for DC!",IF(AND(H25="AC",ISBLANK(I25)),"You Must specify number of phases for AC!",IF(ISBLANK(K25),"Please fill in Connector Type",IF(ISBLANK(L25),"Please fill in Cable Type",IF(ISERROR(MATCH(H25,MD_CurrentTypes,0)),"Current must be filled from the drop-down menu",IF(AND(H25="AC",I25<>1,I25<>"1 & 3",I25<>"1 & 2 & 3",I25<>3),"<---- Phases must be filled from the drop-down menu",""))))))) | U25: =IF(_xlfn.CONCAT(G25:L25)="","",IF(ISERROR(MATCH(K25,MD_ConnectorTypes,0)),"Type must be filled from the drop-down menu",""))
L26: =IF(OR(LEFT(K26,1)= "s",LEFT(K26,1)="O"), "Detachable Cable",IF(LEFT(K26,1)="c", "Fixed Cable",IF(OR(LEFT(K26,1)="w",LEFT(K26,1)="P"),"Other",""))) | M26: =IF(P26<>"",P26,IF(Q26<>"",Q26,IF(R26<>"",R26,IF(S26<>"",S26,IF(T26<>"",T26,U26))))) | P26: =IF(_xlfn.CONCAT(G26:L26)="","",IF(AND(ISBLANK(G25),ISNUMBER(G26)),"Empty lines are not allowed in this table",IF(AND(NOT(ISNUMBER(G25)),G26<>1),"First EVSE must be EVSE1",IF(AND(ISNUMBER(G25),NOT(OR(G26=G25,G26-1=G25))),"Next EVSE must be same id or id + 1","")))) | Q26: =IF(K26<>"bBatterySlot","",IF(NOT(ISBLANK(H26)),"Battery Slot cannot have a Current Type",IF(NOT(ISBLANK(I26)),"Battery Slot cannot have Phases",IF(L26<>"","Battery Slot cannot have a Cable Type","")))) | R26: =IF(OR(K26="bBatterySlot",_xlfn.CONCAT(G26:L26)=""),"",IF(ISBLANK(H26),"Please specify Current Type",IF(AND(G25=G26,H25<>H26),"Current Type must be the same for all connectors of an EVSE",""))) | S26: =IF(_xlfn.CONCAT(G26:L26)="","",IF(AND(G26=G25,J26<>IF(ISNUMBER(J25),J25+1,1)),_xlfn.CONCAT("Connector id on same EVSE must be ",IF(ISNUMBER(J25),J25+1,1)),IF(AND(G26<>G25,J26<>1),"First Connector of an EVSE must be 1",""))) | T26: =IF(OR(K26="bBatterySlot",_xlfn.CONCAT(G26:L26)=""),"",IF(AND(H26="DC",NOT(ISBLANK(I26))),"You cannot specify number of phases for DC!",IF(AND(H26="AC",ISBLANK(I26)),"You Must specify number of phases for AC!",IF(ISBLANK(K26),"Please fill in Connector Type",IF(ISBLANK(L26),"Please fill in Cable Type",IF(ISERROR(MATCH(H26,MD_CurrentTypes,0)),"Current must be filled from the drop-down menu",IF(AND(H26="AC",I26<>1,I26<>"1 & 3",I26<>"1 & 2 & 3",I26<>3),"<---- Phases must be filled from the drop-down menu",""))))))) | U26: =IF(_xlfn.CONCAT(G26:L26)="","",IF(ISERROR(MATCH(K26,MD_ConnectorTypes,0)),"Type must be filled from the drop-down menu",""))
L27: =IF(OR(LEFT(K27,1)= "s",LEFT(K27,1)="O"), "Detachable Cable",IF(LEFT(K27,1)="c", "Fixed Cable",IF(OR(LEFT(K27,1)="w",LEFT(K27,1)="P"),"Other",""))) | M27: =IF(P27<>"",P27,IF(Q27<>"",Q27,IF(R27<>"",R27,IF(S27<>"",S27,IF(T27<>"",T27,U27))))) | P27: =IF(_xlfn.CONCAT(G27:L27)="","",IF(AND(ISBLANK(G26),ISNUMBER(G27)),"Empty lines are not allowed in this table",IF(AND(NOT(ISNUMBER(G26)),G27<>1),"First EVSE must be EVSE1",IF(AND(ISNUMBER(G26),NOT(OR(G27=G26,G27-1=G26))),"Next EVSE must be same id or id + 1","")))) | Q27: =IF(K27<>"bBatterySlot","",IF(NOT(ISBLANK(H27)),"Battery Slot cannot have a Current Type",IF(NOT(ISBLANK(I27)),"Battery Slot cannot have Phases",IF(L27<>"","Battery Slot cannot have a Cable Type","")))) | R27: =IF(OR(K27="bBatterySlot",_xlfn.CONCAT(G27:L27)=""),"",IF(ISBLANK(H27),"Please specify Current Type",IF(AND(G26=G27,H26<>H27),"Current Type must be the same for all connectors of an EVSE",""))) | S27: =IF(_xlfn.CONCAT(G27:L27)="","",IF(AND(G27=G26,J27<>IF(ISNUMBER(J26),J26+1,1)),_xlfn.CONCAT("Connector id on same EVSE must be ",IF(ISNUMBER(J26),J26+1,1)),IF(AND(G27<>G26,J27<>1),"First Connector of an EVSE must be 1",""))) | T27: =IF(OR(K27="bBatterySlot",_xlfn.CONCAT(G27:L27)=""),"",IF(AND(H27="DC",NOT(ISBLANK(I27))),"You cannot specify number of phases for DC!",IF(AND(H27="AC",ISBLANK(I27)),"You Must specify number of phases for AC!",IF(ISBLANK(K27),"Please fill in Connector Type",IF(ISBLANK(L27),"Please fill in Cable Type",IF(ISERROR(MATCH(H27,MD_CurrentTypes,0)),"Current must be filled from the drop-down menu",IF(AND(H27="AC",I27<>1,I27<>"1 & 3",I27<>"1 & 2 & 3",I27<>3),"<---- Phases must be filled from the drop-down menu",""))))))) | U27: =IF(_xlfn.CONCAT(G27:L27)="","",IF(ISERROR(MATCH(K27,MD_ConnectorTypes,0)),"Type must be filled from the drop-down menu",""))
L28: =IF(OR(LEFT(K28,1)= "s",LEFT(K28,1)="O"), "Detachable Cable",IF(LEFT(K28,1)="c", "Fixed Cable",IF(OR(LEFT(K28,1)="w",LEFT(K28,1)="P"),"Other",""))) | M28: =IF(P28<>"",P28,IF(Q28<>"",Q28,IF(R28<>"",R28,IF(S28<>"",S28,IF(T28<>"",T28,U28))))) | P28: =IF(_xlfn.CONCAT(G28:L28)="","",IF(AND(ISBLANK(G27),ISNUMBER(G28)),"Empty lines are not allowed in this table",IF(AND(NOT(ISNUMBER(G27)),G28<>1),"First EVSE must be EVSE1",IF(AND(ISNUMBER(G27),NOT(OR(G28=G27,G28-1=G27))),"Next EVSE must be same id or id + 1","")))) | Q28: =IF(K28<>"bBatterySlot","",IF(NOT(ISBLANK(H28)),"Battery Slot cannot have a Current Type",IF(NOT(ISBLANK(I28)),"Battery Slot cannot have Phases",IF(L28<>"","Battery Slot cannot have a Cable Type","")))) | R28: =IF(OR(K28="bBatterySlot",_xlfn.CONCAT(G28:L28)=""),"",IF(ISBLANK(H28),"Please specify Current Type",IF(AND(G27=G28,H27<>H28),"Current Type must be the same for all connectors of an EVSE",""))) | S28: =IF(_xlfn.CONCAT(G28:L28)="","",IF(AND(G28=G27,J28<>IF(ISNUMBER(J27),J27+1,1)),_xlfn.CONCAT("Connector id on same EVSE must be ",IF(ISNUMBER(J27),J27+1,1)),IF(AND(G28<>G27,J28<>1),"First Connector of an EVSE must be 1",""))) | T28: =IF(OR(K28="bBatterySlot",_xlfn.CONCAT(G28:L28)=""),"",IF(AND(H28="DC",NOT(ISBLANK(I28))),"You cannot specify number of phases for DC!",IF(AND(H28="AC",ISBLANK(I28)),"You Must specify number of phases for AC!",IF(ISBLANK(K28),"Please fill in Connector Type",IF(ISBLANK(L28),"Please fill in Cable Type",IF(ISERROR(MATCH(H28,MD_CurrentTypes,0)),"Current must be filled from the drop-down menu",IF(AND(H28="AC",I28<>1,I28<>"1 & 3",I28<>"1 & 2 & 3",I28<>3),"<---- Phases must be filled from the drop-down menu",""))))))) | U28: =IF(_xlfn.CONCAT(G28:L28)="","",IF(ISERROR(MATCH(K28,MD_ConnectorTypes,0)),"Type must be filled from the drop-down menu",""))
L29: =IF(OR(LEFT(K29,1)= "s",LEFT(K29,1)="O"), "Detachable Cable",IF(LEFT(K29,1)="c", "Fixed Cable",IF(OR(LEFT(K29,1)="w",LEFT(K29,1)="P"),"Other",""))) | M29: =IF(P29<>"",P29,IF(Q29<>"",Q29,IF(R29<>"",R29,IF(S29<>"",S29,IF(T29<>"",T29,U29))))) | P29: =IF(_xlfn.CONCAT(G29:L29)="","",IF(AND(ISBLANK(G28),ISNUMBER(G29)),"Empty lines are not allowed in this table",IF(AND(NOT(ISNUMBER(G28)),G29<>1),"First EVSE must be EVSE1",IF(AND(ISNUMBER(G28),NOT(OR(G29=G28,G29-1=G28))),"Next EVSE must be same id or id + 1","")))) | Q29: =IF(K29<>"bBatterySlot","",IF(NOT(ISBLANK(H29)),"Battery Slot cannot have a Current Type",IF(NOT(ISBLANK(I29)),"Battery Slot cannot have Phases",IF(L29<>"","Battery Slot cannot have a Cable Type","")))) | R29: =IF(OR(K29="bBatterySlot",_xlfn.CONCAT(G29:L29)=""),"",IF(ISBLANK(H29),"Please specify Current Type",IF(AND(G28=G29,H28<>H29),"Current Type must be the same for all connectors of an EVSE",""))) | S29: =IF(_xlfn.CONCAT(G29:L29)="","",IF(AND(G29=G28,J29<>IF(ISNUMBER(J28),J28+1,1)),_xlfn.CONCAT("Connector id on same EVSE must be ",IF(ISNUMBER(J28),J28+1,1)),IF(AND(G29<>G28,J29<>1),"First Connector of an EVSE must be 1",""))) | T29: =IF(OR(K29="bBatterySlot",_xlfn.CONCAT(G29:L29)=""),"",IF(AND(H29="DC",NOT(ISBLANK(I29))),"You cannot specify number of phases for DC!",IF(AND(H29="AC",ISBLANK(I29)),"You Must specify number of phases for AC!",IF(ISBLANK(K29),"Please fill in Connector Type",IF(ISBLANK(L29),"Please fill in Cable Type",IF(ISERROR(MATCH(H29,MD_CurrentTypes,0)),"Current must be filled from the drop-down menu",IF(AND(H29="AC",I29<>1,I29<>"1 & 3",I29<>"1 & 2 & 3",I29<>3),"<---- Phases must be filled from the drop-down menu",""))))))) | U29: =IF(_xlfn.CONCAT(G29:L29)="","",IF(ISERROR(MATCH(K29,MD_ConnectorTypes,0)),"Type must be filled from the drop-down menu",""))
L30: =IF(OR(LEFT(K30,1)= "s",LEFT(K30,1)="O"), "Detachable Cable",IF(LEFT(K30,1)="c", "Fixed Cable",IF(OR(LEFT(K30,1)="w",LEFT(K30,1)="P"),"Other",""))) | M30: =IF(P30<>"",P30,IF(Q30<>"",Q30,IF(R30<>"",R30,IF(S30<>"",S30,IF(T30<>"",T30,U30))))) | P30: =IF(_xlfn.CONCAT(G30:L30)="","",IF(AND(ISBLANK(G29),ISNUMBER(G30)),"Empty lines are not allowed in this table",IF(AND(NOT(ISNUMBER(G29)),G30<>1),"First EVSE must be EVSE1",IF(AND(ISNUMBER(G29),NOT(OR(G30=G29,G30-1=G29))),"Next EVSE must be same id or id + 1","")))) | Q30: =IF(K30<>"bBatterySlot","",IF(NOT(ISBLANK(H30)),"Battery Slot cannot have a Current Type",IF(NOT(ISBLANK(I30)),"Battery Slot cannot have Phases",IF(L30<>"","Battery Slot cannot have a Cable Type","")))) | R30: =IF(OR(K30="bBatterySlot",_xlfn.CONCAT(G30:L30)=""),"",IF(ISBLANK(H30),"Please specify Current Type",IF(AND(G29=G30,H29<>H30),"Current Type must be the same for all connectors of an EVSE",""))) | S30: =IF(_xlfn.CONCAT(G30:L30)="","",IF(AND(G30=G29,J30<>IF(ISNUMBER(J29),J29+1,1)),_xlfn.CONCAT("Connector id on same EVSE must be ",IF(ISNUMBER(J29),J29+1,1)),IF(AND(G30<>G29,J30<>1),"First Connector of an EVSE must be 1",""))) | T30: =IF(OR(K30="bBatterySlot",_xlfn.CONCAT(G30:L30)=""),"",IF(AND(H30="DC",NOT(ISBLANK(I30))),"You cannot specify number of phases for DC!",IF(AND(H30="AC",ISBLANK(I30)),"You Must specify number of phases for AC!",IF(ISBLANK(K30),"Please fill in Connector Type",IF(ISBLANK(L30),"Please fill in Cable Type",IF(ISERROR(MATCH(H30,MD_CurrentTypes,0)),"Current must be filled from the drop-down menu",IF(AND(H30="AC",I30<>1,I30<>"1 & 3",I30<>"1 & 2 & 3",I30<>3),"<---- Phases must be filled from the drop-down menu",""))))))) | U30: =IF(_xlfn.CONCAT(G30:L30)="","",IF(ISERROR(MATCH(K30,MD_ConnectorTypes,0)),"Type must be filled from the drop-down menu",""))
L31: =IF(OR(LEFT(K31,1)= "s",LEFT(K31,1)="O"), "Detachable Cable",IF(LEFT(K31,1)="c", "Fixed Cable",IF(OR(LEFT(K31,1)="w",LEFT(K31,1)="P"),"Other",""))) | M31: =IF(P31<>"",P31,IF(Q31<>"",Q31,IF(R31<>"",R31,IF(S31<>"",S31,IF(T31<>"",T31,U31))))) | P31: =IF(_xlfn.CONCAT(G31:L31)="","",IF(AND(ISBLANK(G30),ISNUMBER(G31)),"Empty lines are not allowed in this table",IF(AND(NOT(ISNUMBER(G30)),G31<>1),"First EVSE must be EVSE1",IF(AND(ISNUMBER(G30),NOT(OR(G31=G30,G31-1=G30))),"Next EVSE must be same id or id + 1","")))) | Q31: =IF(K31<>"bBatterySlot","",IF(NOT(ISBLANK(H31)),"Battery Slot cannot have a Current Type",IF(NOT(ISBLANK(I31)),"Battery Slot cannot have Phases",IF(L31<>"","Battery Slot cannot have a Cable Type","")))) | R31: =IF(OR(K31="bBatterySlot",_xlfn.CONCAT(G31:L31)=""),"",IF(ISBLANK(H31),"Please specify Current Type",IF(AND(G30=G31,H30<>H31),"Current Type must be the same for all connectors of an EVSE",""))) | S31: =IF(_xlfn.CONCAT(G31:L31)="","",IF(AND(G31=G30,J31<>IF(ISNUMBER(J30),J30+1,1)),_xlfn.CONCAT("Connector id on same EVSE must be ",IF(ISNUMBER(J30),J30+1,1)),IF(AND(G31<>G30,J31<>1),"First Connector of an EVSE must be 1",""))) | T31: =IF(OR(K31="bBatterySlot",_xlfn.CONCAT(G31:L31)=""),"",IF(AND(H31="DC",NOT(ISBLANK(I31))),"You cannot specify number of phases for DC!",IF(AND(H31="AC",ISBLANK(I31)),"You Must specify number of phases for AC!",IF(ISBLANK(K31),"Please fill in Connector Type",IF(ISBLANK(L31),"Please fill in Cable Type",IF(ISERROR(MATCH(H31,MD_CurrentTypes,0)),"Current must be filled from the drop-down menu",IF(AND(H31="AC",I31<>1,I31<>"1 & 3",I31<>"1 & 2 & 3",I31<>3),"<---- Phases must be filled from the drop-down menu",""))))))) | U31: =IF(_xlfn.CONCAT(G31:L31)="","",IF(ISERROR(MATCH(K31,MD_ConnectorTypes,0)),"Type must be filled from the drop-down menu",""))
L32: =IF(OR(LEFT(K32,1)= "s",LEFT(K32,1)="O"), "Detachable Cable",IF(LEFT(K32,1)="c", "Fixed Cable",IF(OR(LEFT(K32,1)="w",LEFT(K32,1)="P"),"Other",""))) | M32: =IF(P32<>"",P32,IF(Q32<>"",Q32,IF(R32<>"",R32,IF(S32<>"",S32,IF(T32<>"",T32,U32))))) | P32: =IF(_xlfn.CONCAT(G32:L32)="","",IF(AND(ISBLANK(G31),ISNUMBER(G32)),"Empty lines are not allowed in this table",IF(AND(NOT(ISNUMBER(G31)),G32<>1),"First EVSE must be EVSE1",IF(AND(ISNUMBER(G31),NOT(OR(G32=G31,G32-1=G31))),"Next EVSE must be same id or id + 1","")))) | Q32: =IF(K32<>"bBatterySlot","",IF(NOT(ISBLANK(H32)),"Battery Slot cannot have a Current Type",IF(NOT(ISBLANK(I32)),"Battery Slot cannot have Phases",IF(L32<>"","Battery Slot cannot have a Cable Type","")))) | R32: =IF(OR(K32="bBatterySlot",_xlfn.CONCAT(G32:L32)=""),"",IF(ISBLANK(H32),"Please specify Current Type",IF(AND(G31=G32,H31<>H32),"Current Type must be the same for all connectors of an EVSE",""))) | S32: =IF(_xlfn.CONCAT(G32:L32)="","",IF(AND(G32=G31,J32<>IF(ISNUMBER(J31),J31+1,1)),_xlfn.CONCAT("Connector id on same EVSE must be ",IF(ISNUMBER(J31),J31+1,1)),IF(AND(G32<>G31,J32<>1),"First Connector of an EVSE must be 1",""))) | T32: =IF(OR(K32="bBatterySlot",_xlfn.CONCAT(G32:L32)=""),"",IF(AND(H32="DC",NOT(ISBLANK(I32))),"You cannot specify number of phases for DC!",IF(AND(H32="AC",ISBLANK(I32)),"You Must specify number of phases for AC!",IF(ISBLANK(K32),"Please fill in Connector Type",IF(ISBLANK(L32),"Please fill in Cable Type",IF(ISERROR(MATCH(H32,MD_CurrentTypes,0)),"Current must be filled from the drop-down menu",IF(AND(H32="AC",I32<>1,I32<>"1 & 3",I32<>"1 & 2 & 3",I32<>3),"<---- Phases must be filled from the drop-down menu",""))))))) | U32: =IF(_xlfn.CONCAT(G32:L32)="","",IF(ISERROR(MATCH(K32,MD_ConnectorTypes,0)),"Type must be filled from the drop-down menu",""))
L33: =IF(OR(LEFT(K33,1)= "s",LEFT(K33,1)="O"), "Detachable Cable",IF(LEFT(K33,1)="c", "Fixed Cable",IF(OR(LEFT(K33,1)="w",LEFT(K33,1)="P"),"Other",""))) | M33: =IF(P33<>"",P33,IF(Q33<>"",Q33,IF(R33<>"",R33,IF(S33<>"",S33,IF(T33<>"",T33,U33))))) | P33: =IF(_xlfn.CONCAT(G33:L33)="","",IF(AND(ISBLANK(G32),ISNUMBER(G33)),"Empty lines are not allowed in this table",IF(AND(NOT(ISNUMBER(G32)),G33<>1),"First EVSE must be EVSE1",IF(AND(ISNUMBER(G32),NOT(OR(G33=G32,G33-1=G32))),"Next EVSE must be same id or id + 1","")))) | Q33: =IF(K33<>"bBatterySlot","",IF(NOT(ISBLANK(H33)),"Battery Slot cannot have a Current Type",IF(NOT(ISBLANK(I33)),"Battery Slot cannot have Phases",IF(L33<>"","Battery Slot cannot have a Cable Type","")))) | R33: =IF(OR(K33="bBatterySlot",_xlfn.CONCAT(G33:L33)=""),"",IF(ISBLANK(H33),"Please specify Current Type",IF(AND(G32=G33,H32<>H33),"Current Type must be the same for all connectors of an EVSE",""))) | S33: =IF(_xlfn.CONCAT(G33:L33)="","",IF(AND(G33=G32,J33<>IF(ISNUMBER(J32),J32+1,1)),_xlfn.CONCAT("Connector id on same EVSE must be ",IF(ISNUMBER(J32),J32+1,1)),IF(AND(G33<>G32,J33<>1),"First Connector of an EVSE must be 1",""))) | T33: =IF(OR(K33="bBatterySlot",_xlfn.CONCAT(G33:L33)=""),"",IF(AND(H33="DC",NOT(ISBLANK(I33))),"You cannot specify number of phases for DC!",IF(AND(H33="AC",ISBLANK(I33)),"You Must specify number of phases for AC!",IF(ISBLANK(K33),"Please fill in Connector Type",IF(ISBLANK(L33),"Please fill in Cable Type",IF(ISERROR(MATCH(H33,MD_CurrentTypes,0)),"Current must be filled from the drop-down menu",IF(AND(H33="AC",I33<>1,I33<>"1 & 3",I33<>"1 & 2 & 3",I33<>3),"<---- Phases must be filled from the drop-down menu",""))))))) | U33: =IF(_xlfn.CONCAT(G33:L33)="","",IF(ISERROR(MATCH(K33,MD_ConnectorTypes,0)),"Type must be filled from the drop-down menu",""))
L34: =IF(OR(LEFT(K34,1)= "s",LEFT(K34,1)="O"), "Detachable Cable",IF(LEFT(K34,1)="c", "Fixed Cable",IF(OR(LEFT(K34,1)="w",LEFT(K34,1)="P"),"Other",""))) | M34: =IF(P34<>"",P34,IF(Q34<>"",Q34,IF(R34<>"",R34,IF(S34<>"",S34,IF(T34<>"",T34,U34))))) | P34: =IF(_xlfn.CONCAT(G34:L34)="","",IF(AND(ISBLANK(G33),ISNUMBER(G34)),"Empty lines are not allowed in this table",IF(AND(NOT(ISNUMBER(G33)),G34<>1),"First EVSE must be EVSE1",IF(AND(ISNUMBER(G33),NOT(OR(G34=G33,G34-1=G33))),"Next EVSE must be same id or id + 1","")))) | Q34: =IF(K34<>"bBatterySlot","",IF(NOT(ISBLANK(H34)),"Battery Slot cannot have a Current Type",IF(NOT(ISBLANK(I34)),"Battery Slot cannot have Phases",IF(L34<>"","Battery Slot cannot have a Cable Type","")))) | R34: =IF(OR(K34="bBatterySlot",_xlfn.CONCAT(G34:L34)=""),"",IF(ISBLANK(H34),"Please specify Current Type",IF(AND(G33=G34,H33<>H34),"Current Type must be the same for all connectors of an EVSE",""))) | S34: =IF(_xlfn.CONCAT(G34:L34)="","",IF(AND(G34=G33,J34<>IF(ISNUMBER(J33),J33+1,1)),_xlfn.CONCAT("Connector id on same EVSE must be ",IF(ISNUMBER(J33),J33+1,1)),IF(AND(G34<>G33,J34<>1),"First Connector of an EVSE must be 1",""))) | T34: =IF(OR(K34="bBatterySlot",_xlfn.CONCAT(G34:L34)=""),"",IF(AND(H34="DC",NOT(ISBLANK(I34))),"You cannot specify number of phases for DC!",IF(AND(H34="AC",ISBLANK(I34)),"You Must specify number of phases for AC!",IF(ISBLANK(K34),"Please fill in Connector Type",IF(ISBLANK(L34),"Please fill in Cable Type",IF(ISERROR(MATCH(H34,MD_CurrentTypes,0)),"Current must be filled from the drop-down menu",IF(AND(H34="AC",I34<>1,I34<>"1 & 3",I34<>"1 & 2 & 3",I34<>3),"<---- Phases must be filled from the drop-down menu",""))))))) | U34: =IF(_xlfn.CONCAT(G34:L34)="","",IF(ISERROR(MATCH(K34,MD_ConnectorTypes,0)),"Type must be filled from the drop-down menu",""))
L35: =IF(OR(LEFT(K35,1)= "s",LEFT(K35,1)="O"), "Detachable Cable",IF(LEFT(K35,1)="c", "Fixed Cable",IF(OR(LEFT(K35,1)="w",LEFT(K35,1)="P"),"Other",""))) | M35: =IF(P35<>"",P35,IF(Q35<>"",Q35,IF(R35<>"",R35,IF(S35<>"",S35,IF(T35<>"",T35,U35))))) | P35: =IF(_xlfn.CONCAT(G35:L35)="","",IF(AND(ISBLANK(G34),ISNUMBER(G35)),"Empty lines are not allowed in this table",IF(AND(NOT(ISNUMBER(G34)),G35<>1),"First EVSE must be EVSE1",IF(AND(ISNUMBER(G34),NOT(OR(G35=G34,G35-1=G34))),"Next EVSE must be same id or id + 1","")))) | Q35: =IF(K35<>"bBatterySlot","",IF(NOT(ISBLANK(H35)),"Battery Slot cannot have a Current Type",IF(NOT(ISBLANK(I35)),"Battery Slot cannot have Phases",IF(L35<>"","Battery Slot cannot have a Cable Type","")))) | R35: =IF(OR(K35="bBatterySlot",_xlfn.CONCAT(G35:L35)=""),"",IF(ISBLANK(H35),"Please specify Current Type",IF(AND(G34=G35,H34<>H35),"Current Type must be the same for all connectors of an EVSE",""))) | S35: =IF(_xlfn.CONCAT(G35:L35)="","",IF(AND(G35=G34,J35<>IF(ISNUMBER(J34),J34+1,1)),_xlfn.CONCAT("Connector id on same EVSE must be ",IF(ISNUMBER(J34),J34+1,1)),IF(AND(G35<>G34,J35<>1),"First Connector of an EVSE must be 1",""))) | T35: =IF(OR(K35="bBatterySlot",_xlfn.CONCAT(G35:L35)=""),"",IF(AND(H35="DC",NOT(ISBLANK(I35))),"You cannot specify number of phases for DC!",IF(AND(H35="AC",ISBLANK(I35)),"You Must specify number of phases for AC!",IF(ISBLANK(K35),"Please fill in Connector Type",IF(ISBLANK(L35),"Please fill in Cable Type",IF(ISERROR(MATCH(H35,MD_CurrentTypes,0)),"Current must be filled from the drop-down menu",IF(AND(H35="AC",I35<>1,I35<>"1 & 3",I35<>"1 & 2 & 3",I35<>3),"<---- Phases must be filled from the drop-down menu",""))))))) | U35: =IF(_xlfn.CONCAT(G35:L35)="","",IF(ISERROR(MATCH(K35,MD_ConnectorTypes,0)),"Type must be filled from the drop-down menu",""))
L36: =IF(OR(LEFT(K36,1)= "s",LEFT(K36,1)="O"), "Detachable Cable",IF(LEFT(K36,1)="c", "Fixed Cable",IF(OR(LEFT(K36,1)="w",LEFT(K36,1)="P"),"Other",""))) | M36: =IF(P36<>"",P36,IF(Q36<>"",Q36,IF(R36<>"",R36,IF(S36<>"",S36,IF(T36<>"",T36,U36))))) | P36: =IF(_xlfn.CONCAT(G36:L36)="","",IF(AND(ISBLANK(G35),ISNUMBER(G36)),"Empty lines are not allowed in this table",IF(AND(NOT(ISNUMBER(G35)),G36<>1),"First EVSE must be EVSE1",IF(AND(ISNUMBER(G35),NOT(OR(G36=G35,G36-1=G35))),"Next EVSE must be same id or id + 1","")))) | Q36: =IF(K36<>"bBatterySlot","",IF(NOT(ISBLANK(H36)),"Battery Slot cannot have a Current Type",IF(NOT(ISBLANK(I36)),"Battery Slot cannot have Phases",IF(L36<>"","Battery Slot cannot have a Cable Type","")))) | R36: =IF(OR(K36="bBatterySlot",_xlfn.CONCAT(G36:L36)=""),"",IF(ISBLANK(H36),"Please specify Current Type",IF(AND(G35=G36,H35<>H36),"Current Type must be the same for all connectors of an EVSE",""))) | S36: =IF(_xlfn.CONCAT(G36:L36)="","",IF(AND(G36=G35,J36<>IF(ISNUMBER(J35),J35+1,1)),_xlfn.CONCAT("Connector id on same EVSE must be ",IF(ISNUMBER(J35),J35+1,1)),IF(AND(G36<>G35,J36<>1),"First Connector of an EVSE must be 1",""))) | T36: =IF(OR(K36="bBatterySlot",_xlfn.CONCAT(G36:L36)=""),"",IF(AND(H36="DC",NOT(ISBLANK(I36))),"You cannot specify number of phases for DC!",IF(AND(H36="AC",ISBLANK(I36)),"You Must specify number of phases for AC!",IF(ISBLANK(K36),"Please fill in Connector Type",IF(ISBLANK(L36),"Please fill in Cable Type",IF(ISERROR(MATCH(H36,MD_CurrentTypes,0)),"Current must be filled from the drop-down menu",IF(AND(H36="AC",I36<>1,I36<>"1 & 3",I36<>"1 & 2 & 3",I36<>3),"<---- Phases must be filled from the drop-down menu",""))))))) | U36: =IF(_xlfn.CONCAT(G36:L36)="","",IF(ISERROR(MATCH(K36,MD_ConnectorTypes,0)),"Type must be filled from the drop-down menu",""))
L37: =IF(OR(LEFT(K37,1)= "s",LEFT(K37,1)="O"), "Detachable Cable",IF(LEFT(K37,1)="c", "Fixed Cable",IF(OR(LEFT(K37,1)="w",LEFT(K37,1)="P"),"Other",""))) | M37: =IF(P37<>"",P37,IF(Q37<>"",Q37,IF(R37<>"",R37,IF(S37<>"",S37,IF(T37<>"",T37,U37))))) | P37: =IF(_xlfn.CONCAT(G37:L37)="","",IF(AND(ISBLANK(G36),ISNUMBER(G37)),"Empty lines are not allowed in this table",IF(AND(NOT(ISNUMBER(G36)),G37<>1),"First EVSE must be EVSE1",IF(AND(ISNUMBER(G36),NOT(OR(G37=G36,G37-1=G36))),"Next EVSE must be same id or id + 1","")))) | Q37: =IF(K37<>"bBatterySlot","",IF(NOT(ISBLANK(H37)),"Battery Slot cannot have a Current Type",IF(NOT(ISBLANK(I37)),"Battery Slot cannot have Phases",IF(L37<>"","Battery Slot cannot have a Cable Type","")))) | R37: =IF(OR(K37="bBatterySlot",_xlfn.CONCAT(G37:L37)=""),"",IF(ISBLANK(H37),"Please specify Current Type",IF(AND(G36=G37,H36<>H37),"Current Type must be the same for all connectors of an EVSE",""))) | S37: =IF(_xlfn.CONCAT(G37:L37)="","",IF(AND(G37=G36,J37<>IF(ISNUMBER(J36),J36+1,1)),_xlfn.CONCAT("Connector id on same EVSE must be ",IF(ISNUMBER(J36),J36+1,1)),IF(AND(G37<>G36,J37<>1),"First Connector of an EVSE must be 1",""))) | T37: =IF(OR(K37="bBatterySlot",_xlfn.CONCAT(G37:L37)=""),"",IF(AND(H37="DC",NOT(ISBLANK(I37))),"You cannot specify number of phases for DC!",IF(AND(H37="AC",ISBLANK(I37)),"You Must specify number of phases for AC!",IF(ISBLANK(K37),"Please fill in Connector Type",IF(ISBLANK(L37),"Please fill in Cable Type",IF(ISERROR(MATCH(H37,MD_CurrentTypes,0)),"Current must be filled from the drop-down menu",IF(AND(H37="AC",I37<>1,I37<>"1 & 3",I37<>"1 & 2 & 3",I37<>3),"<---- Phases must be filled from the drop-down menu",""))))))) | U37: =IF(_xlfn.CONCAT(G37:L37)="","",IF(ISERROR(MATCH(K37,MD_ConnectorTypes,0)),"Type must be filled from the drop-down menu",""))
... L42: =IF(OR(LEFT(K42,1)= "s",LEFT(K42,1)="O"), "Detachable Cable",IF(LEFT(K42,1)="c", "Fixed Cable",IF(OR(LEFT(K42,1)="w",LEFT(K42,1)="P"),"Other",""))) | M42: =IF(P42<>"",P42,IF(Q42<>"",Q42,IF(R42<>"",R42,IF(S42<>"",S42,IF(T42<>"",T42,U42))))) | P42: =IF(_xlfn.CONCAT(G42:L42)="","",IF(AND(ISBLANK(G41),ISNUMBER(G42)),"Empty lines are not allowed in this table",IF(AND(NOT(ISNUMBER(G41)),G42<>1),"First EVSE must be EVSE1",IF(AND(ISNUMBER(G41),NOT(OR(G42=G41,G42-1=G41))),"Next EVSE must be same id or id + 1","")))) | Q42: =IF(K42<>"bBatterySlot","",IF(NOT(ISBLANK(H42)),"Battery Slot cannot have a Current Type",IF(NOT(ISBLANK(I42)),"Battery Slot cannot have Phases",IF(L42<>"","Battery Slot cannot have a Cable Type","")))) | R42: =IF(OR(K42="bBatterySlot",_xlfn.CONCAT(G42:L42)=""),"",IF(ISBLANK(H42),"Please specify Current Type",IF(AND(G41=G42,H41<>H42),"Current Type must be the same for all connectors of an EVSE",""))) | S42: =IF(_xlfn.CONCAT(G42:L42)="","",IF(AND(G42=G41,J42<>IF(ISNUMBER(J41),J41+1,1)),_xlfn.CONCAT("Connector id on same EVSE must be ",IF(ISNUMBER(J41),J41+1,1)),IF(AND(G42<>G41,J42<>1),"First Connector of an EVSE must be 1",""))) | T42: =IF(OR(K42="bBatterySlot",_xlfn.CONCAT(G42:L42)=""),"",IF(AND(H42="DC",NOT(ISBLANK(I42))),"You cannot specify number of phases for DC!",IF(AND(H42="AC",ISBLANK(I42)),"You Must specify number of phases for AC!",IF(ISBLANK(K42),"Please fill in Connector Type",IF(ISBLANK(L42),"Please fill in Cable Type",IF(ISERROR(MATCH(H42,MD_CurrentTypes,0)),"Current must be filled from the drop-down menu",IF(AND(H42="AC",I42<>1,I42<>"1 & 3",I42<>"1 & 2 & 3",I42<>3),"<---- Phases must be filled from the drop-down menu",""))))))) | U42: =IF(_xlfn.CONCAT(G42:L42)="","",IF(ISERROR(MATCH(K42,MD_ConnectorTypes,0)),"Type must be filled from the drop-down menu",""))
P43: =IF(_xlfn.CONCAT(#REF!)="","",IF(AND(ISBLANK(G42),ISNUMBER(#REF!)),"Empty lines are not allowed in this table",IF(AND(NOT(ISNUMBER(G42)),#REF!<>1),"First EVSE must be EVSE1",IF(AND(ISNUMBER(G42),NOT(OR(#REF!=G42,#REF!-1=G42))),"Next EVSE must be same id or id + 1","")))) -> #REF! | Q43: =IF(#REF!<>"bBatterySlot","",IF(NOT(ISBLANK(#REF!)),"Battery Slot cannot have a Current Type",IF(NOT(ISBLANK(#REF!)),"Battery Slot cannot have Phases",IF(#REF!<>"","Battery Slot cannot have a Cable Type","")))) -> #REF! | R43: =IF(OR(#REF!="bBatterySlot",_xlfn.CONCAT(#REF!)=""),"",IF(ISBLANK(#REF!),"Please specify Current Type",IF(AND(G42=#REF!,H42<>#REF!),"Current Type must be the same for all connectors of an EVSE",""))) -> #REF! | S43: =IF(_xlfn.CONCAT(#REF!)="","",IF(AND(#REF!=G42,#REF!<>IF(ISNUMBER(J42),J42+1,1)),_xlfn.CONCAT("Connector id on same EVSE must be ",IF(ISNUMBER(J42),J42+1,1)),IF(AND(#REF!<>G42,#REF!<>1),"First Connector of an EVSE must be 1",""))) -> #REF! | T43: =IF(OR(#REF!="bBatterySlot",_xlfn.CONCAT(#REF!)=""),"",IF(AND(#REF!="DC",NOT(ISBLANK(#REF!))),"You cannot specify number of phases for DC!",IF(AND(#REF!="AC",ISBLANK(#REF!)),"You Must specify number of phases for AC!",IF(ISBLANK(#REF!),"Please fill in Connector Type",IF(ISBLANK(#REF!),"Please fill in Cable Type",IF(ISERROR(MATCH(#REF!,MD_CurrentTypes,0)),"Current must be filled from the drop-down menu",IF(AND(#REF!="AC",#REF!<>1,#REF!<>"1 & 3",#REF!<>"1 & 2 & 3",#REF!<>3),"<---- Phases must be filled from the drop-down menu",""))))))) -> #REF! | U43: =IF(_xlfn.CONCAT(#REF!)="","",IF(ISERROR(MATCH(#REF!,MD_ConnectorTypes,0)),"Type must be filled from the drop-down menu","")) -> #REF!

Sheet Profile selection
B1: Profile selection | E1: Profile selection is currently: | F1: =IF(_xlfn.CONCAT(Profile_Selection_Validation)="","VALID","INVALID") -> VALID
E2: The complete PICS is currently: | F2: ='Statement of Approval'!$O$2 -> INVALID
B3: Certification Profile | C3: Supported | D3: Description
B4: Core | C4: Yes | D4: Basic Charging Station, functionality for booting, authorization, configuration, transactions, remote control, secure firmware updates and Security Profile 2. | E4: =IF(ISBLANK(C4),"<---- This field cannot be left empty!",IF(AND(C4 <> "Yes", C4 <> "No"),"<---- This field must be filled from the drop-down menu", "")) | F4: =IF(COUNTIF('OCPP family members'!$B$13:$B$41,B4)>0, "Member", "")
B5: Advanced Security | C5: Yes | D5: Support for TLS with client authentication. | E5: =IF(ISBLANK(C5),"<---- This field cannot be left empty!",IF(AND(C5 <> "Yes", C5 <> "No"),"<---- This field must be filled from the drop-down menu", "")) | F5: =IF(COUNTIF('OCPP family members'!$B$13:$B$41,B5)>0, "Member", "")
B6: Smart Charging | C6: No | D6: Support for Smart Charging (all profile types, including stacking), to control charging. | E6: =IF(ISBLANK(C6),"<---- This field cannot be left empty!",IF(AND(C6 <> "Yes", C6 <> "No"),"<---- This field must be filled from the drop-down menu", "")) | F6: =IF(COUNTIF('OCPP family members'!$B$13:$B$41,B6)>0, "Member", "")
B7: ISO 15118 Support | C7: No | D7: Support for ISO 15118 Smart Charging and Plug and Charge authorization. | E7: =IF(ISBLANK(C7),"<---- This field cannot be left empty!",IF(AND(C7 <> "Yes", C7 <> "No"),"<---- This field must be filled from the drop-down menu", "")) | F7: =IF(COUNTIF('OCPP family members'!$B$13:$B$41,B7)>0, "Member", "")
B8: Bidirectional Power Transfer | C8: No | D8: Support for bidirectional power transfer (V2X), including central/local V2X control, frequency support and V2X authorisation with ISO 15118-20. | E8: =IF(ISBLANK(C8),"<---- This field cannot be left empty!",IF(AND(C8 <> "Yes", C8 <> "No"),"<---- This field must be filled from the drop-down menu",IF(AND(C8="Yes",C6<>"Yes"),"<---- Bidirectional Power Transfer requires Smart Charging to be supported",""))) | F8: =IF(COUNTIF('OCPP family members'!$B$13:$B$41,B8)>0, "Member", "")
B9: DER Control | C9: No | D9: Support for Distributed Energy Resources (DER) control, including starting V2X sessions with DER control and configuring DER control settings at the Charging Station. | E9: =IF(ISBLANK(C9),"<---- This field cannot be left empty!",IF(AND(C9 <> "Yes", C9 <> "No"),"<---- This field must be filled from the drop-down menu", "")) | F9: =IF(COUNTIF('OCPP family members'!$B$13:$B$41,B9)>0, "Member", "")

Sheet Optional features
B1: Optional features | E1: List of Optional Features is currently: | F1: =IF(_xlfn.CONCAT(E4,OF_Validation_Core,OF_Validation_AuthMeter,OF_Validation_Core2,OF_Validation_Profiles,OF_Validation_Payment, OF_Validation_Bidirectional,E83)="","VALID","INVALID") -> INVALID
C2: The OCPP specification contains many implementation options that can be selected by a vendor, often in the form of optional message fields or configuration variables, that can be used to support advanced functions. Whereas the certification profiles determine which OCPP functionality is implemented, the features describe how much of a certain functionality in a profile has been implemented. The tables below indicate per certification profiles, for each available optional feature within this profile, whether this has been implemented in this product and tested for conformance or not. Please refer to part 5 of the OCPP specification for the list of optional features and the reference to the relevant use cases in part 2 of the OCPP specification. | E2: The complete PICS is currently | F2: ='Statement of Approval'!$O$2 -> INVALID
B4: Id | C4: Core Features | D4: Supported / Present | E4: =IF(NOT(AND(VLOOKUP("C-01",'Optional features'!B:D,3,FALSE)="Yes",VLOOKUP("C-30",'Optional features'!B:D,3,FALSE)="No",VLOOKUP("C-31",'Optional features'!B:D,3,FALSE)="No",VLOOKUP("C-32",'Optional features'!B:D,3,FALSE)="No",VLOOKUP("C-34",'Optional features'!B:D,3,FALSE)="No")),"","C-01: missing (at least) 1 local authorization option")
B5: C-01 | C5: =VLOOKUP(B5,'HIDDEN features'!A:D,3,FALSE) -> Support for offline authorization of transactions | D5: =IF(OR(VLOOKUP("C-35",'Optional features'!B:D,3,FALSE)="Yes",AND(OR(VLOOKUP("LA-0",'Optional features'!B:D,3,FALSE)="Yes",VLOOKUP("C-49",'Optional features'!B:D,3,FALSE)="Yes"),OR(VLOOKUP("C-30",'Optional features'!B:D,3,FALSE)="Yes",VLOOKUP("C-31",'Optional features'!B:D,3,FALSE)="Yes",VLOOKUP("C-32",'Optional features'!B:D,3,FALSE)="Yes",VLOOKUP("C-34",'Optional features'!B:D,3,FALSE)="Yes")),AND(VLOOKUP("C-02",'Optional features'!B:D,3,FALSE)="Yes",OR(VLOOKUP("C-30",'Optional features'!B:D,3,FALSE)="Yes",VLOOKUP("C-31",'Optional features'!B:D,3,FALSE)="Yes",VLOOKUP("C-32",'Optional features'!B:D,3,FALSE)="Yes",VLOOKUP("C-33",'Optional features'!B:D,3,FALSE)="Yes",VLOOKUP("C-34",'Optional features'!B:D,3,FALSE)="Yes"))),"Yes","No") -> No | H5: =IF(COUNTIF('OCPP family members'!$B$13:$B$41,B5)>0, "Member", "")
B6: C-02 | C6: =VLOOKUP(B6,'HIDDEN features'!A:D,3,FALSE) -> Support for allowing Offline Authorization for Unknown Ids (OfflineTxForUnknownIdEnabled) | D6: No | E6: =IF(AND(VLOOKUP("C-01",'Optional features'!B:D,3,FALSE)="No",VLOOKUP("C-02",'Optional features'!B:D,3,FALSE)="Yes"),"<-- C-02 cannot be Yes, when no local authorization method is supported",IF(AND(NOT(ISBLANK(B6)),ISBLANK(D6)),"<---- This field cannot be left empty!",IF(AND(D6 <> "Yes", D6 <> "No"),"<---- This field must be filled from the drop-down menu", ""))) | H6: =IF(COUNTIF('OCPP family members'!$B$13:$B$41,B6)>0, "Member", "")
B7: C-03 | C7: =VLOOKUP(B7,'HIDDEN features'!A:D,3,FALSE) -> Support for maximizing energy for invalid ids (MaxEnergyOnInvalidId) | D7: No | E7: =IF(AND(NOT(ISBLANK(B7)),ISBLANK(D7)),"<---- This field cannot be left empty!",IF(AND(D7 <> "Yes", D7 <> "No"),"<---- This field must be filled from the drop-down menu", "")) | H7: =IF(COUNTIF('OCPP family members'!$B$13:$B$41,B7)>0, "Member", "")
B8: C-04 | C8: =VLOOKUP(B8,'HIDDEN features'!A:D,3,FALSE) -> Support to limit StatusNotifications (MinimumStatusDuration) | D8: No | E8: =IF(AND(NOT(ISBLANK(B8)),ISBLANK(D8)),"<---- This field cannot be left empty!",IF(AND(D8 <> "Yes", D8 <> "No"),"<---- This field must be filled from the drop-down menu", "")) | H8: =IF(COUNTIF('OCPP family members'!$B$13:$B$41,B8)>0, "Member", "")
B9: C-06 | C9: =VLOOKUP(B9,'HIDDEN features'!A:D,3,FALSE) -> Authorization status after cable disconnected on EV side (StopTxOnEVSideDisconnect) | D9: =VLOOKUP(B9,'HIDDEN features'!A:D,4,FALSE) -> (At least one of the suboptions below is required) | E9: =IF(AND(D10="No",D11="No"),"<-- Please select at least one option from C-06.1 and C-06.2","") | H9: =IF(COUNTIF('OCPP family members'!$B$13:$B$41,B9)>0, "Member", "")
B10: C-06.1 | C10: =VLOOKUP(B10,'HIDDEN features'!A:D,3,FALSE) -> Support for maintaining authorization when cable disconnected on EV side | D10: No | E10: =IF(AND(NOT(ISBLANK(B11)),ISBLANK(D11)),"<---- This field cannot be left empty!",IF(AND(D10="Yes",D11="No",D28="Yes",D29="No"),"<---- The values C-06.1=Yes and C-06.2=No with C-12.1=Yes and C12.2=No, is not a valid combination.",IF(AND(D10 <> "Yes", D10 <> "No"),"<---- This field must be filled from the drop-down menu", ""))) | H10: =IF(COUNTIF('OCPP family members'!$B$13:$B$41,B10)>0, "Member", "")
B11: C-06.2 | C11: =VLOOKUP(B11,'HIDDEN features'!A:D,3,FALSE) -> Support for not maintaining authorization when cable disconnected on EV side | D11: Yes | E11: =IF(AND(NOT(ISBLANK(B11)),ISBLANK(D11)),"<---- This field cannot be left empty!",IF(AND(D11 <> "Yes", D11 <> "No"),"<---- This field must be filled from the drop-down menu", "")) | H11: =IF(COUNTIF('OCPP family members'!$B$13:$B$41,B11)>0, "Member", "")
B12: C-07 | C12: =VLOOKUP(B12,'HIDDEN features'!A:D,3,FALSE) -> Support for using a Master Pass for charging stations with UI (MasterPassGroupId) | D12: Yes | E12: =IF(AND(NOT(ISBLANK(B12)),ISBLANK(D12)),"<---- This field cannot be left empty!",IF(AND(D12 <> "Yes", D12 <> "No"),"<---- This field must be filled from the drop-down menu", "")) | H12: =IF(COUNTIF('OCPP family members'!$B$13:$B$41,B12)>0, "Member", "")
B13: C-08 | C13: =VLOOKUP(B13,'HIDDEN features'!A:D,3,FALSE) -> Support for using a Master Pass for charging stations without UI (MasterPassGroupId) | D13: No | E13: =IF(AND(NOT(ISBLANK(B13)),ISBLANK(D13)),"<---- This field cannot be left empty!",IF(AND(D13 <> "Yes", D13 <> "No"),"<---- This field must be filled from the drop-down menu", "")) | H13: =IF(COUNTIF('OCPP family members'!$B$13:$B$41,B13)>0, "Member", "")
B14: C-09 | C14: =VLOOKUP(B14,'HIDDEN features'!A:D,3,FALSE) -> Supported Transaction Start points (TxStartPoint) | D14: =VLOOKUP(B14,'HIDDEN features'!A:D,4,FALSE) -> (At least one of the suboptions below is required) | E14: =IF(AND(D15="No",D16="No",D17="No",D18="No",D19="No",D20="No"),"<-- Please select at least one TxStartPoint","") | H14: =IF(COUNTIF('OCPP family members'!$B$13:$B$41,B14)>0, "Member", "")
B15: C-09.1 | C15: =VLOOKUP(B15,'HIDDEN features'!A:D,3,FALSE) -> Start transaction options - EVConnected | D15: No | E15: =IF(VLOOKUP("C-09.1",'Optional features'!B:E,3,FALSE)="No","",IF(NOT(AND(VLOOKUP("C-51",'Optional features'!B:E,3,FALSE)="No",VLOOKUP("C-09.1",'Optional features'!B:E,3,FALSE)="Yes",VLOOKUP("C-09.6",'Optional features'!B:E,3,FALSE)="Yes")),IF(AND(D15 <> "Yes", D15 <> "No"),"<---- This field must be filled from the drop-down menu", ""),"<-- the combination of TxStartPoints seems invalid (taking into account that C-51 = No)")) | H15: =IF(COUNTIF('OCPP family members'!$B$13:$B$41,B15)>0, "Member", "")
B16: C-09.2 | C16: =VLOOKUP(B16,'HIDDEN features'!A:D,3,FALSE) -> Start transaction options - Authorized | D16: No | E16: =IF(VLOOKUP("C-09.2",'Optional features'!B:E,3,FALSE)="No","",IF(NOT(AND(VLOOKUP("C-51",'Optional features'!B:E,3,FALSE)="No",VLOOKUP("C-09.2",'Optional features'!B:E,3,FALSE)="Yes",VLOOKUP("C-09.6",'Optional features'!B:E,3,FALSE)="Yes")),IF(AND(D16 <> "Yes", D16 <> "No"),"<---- This field must be filled from the drop-down menu", ""),"<-- the combination of TxStartPoints seems invalid (taking into account that C-51 = No)")) | H16: =IF(COUNTIF('OCPP family members'!$B$13:$B$41,B16)>0, "Member", "")
B17: C-09.3 | C17: =VLOOKUP(B17,'HIDDEN features'!A:D,3,FALSE) -> Start transaction options - DataSigned | D17: No | E17: =IF(OR(VLOOKUP("C-09.3",'Optional features'!B:E,3,FALSE)="No",VLOOKUP("C-51",'Optional features'!B:E,3,FALSE)="Yes"),"",IF(NOT(AND(VLOOKUP("C-51",'Optional features'!B:E,3,FALSE)="No",VLOOKUP("C-09.3",'Optional features'!B:E,3,FALSE)="Yes",VLOOKUP("C-09.1",'Optional features'!B:E,3,FALSE)="No",VLOOKUP("C-09.2",'Optional features'!B:E,3,FALSE)="No",VLOOKUP("C-09.6",'Optional features'!B:E,3,FALSE)="No")),"<-- the combination of TxStartPoints seems invalid (taking into account that C-51 = No)",IF(AND(D17 <> "Yes", D17 <> "No"),"<---- This field must be filled from the drop-down menu", ""))) | H17: =IF(COUNTIF('OCPP family members'!$B$13:$B$41,B17)>0, "Member", "")
B18: C-09.4 | C18: =VLOOKUP(B18,'HIDDEN features'!A:D,3,FALSE) -> Start transaction options - PowerPathClosed | D18: Yes | E18: =IF(OR(VLOOKUP("C-09.4",'Optional features'!B:E,3,FALSE)="No",VLOOKUP("C-51",'Optional features'!B:E,3,FALSE)="Yes"),"",IF(NOT(AND(VLOOKUP("C-51",'Optional features'!B:E,3,FALSE)="No",VLOOKUP("C-09.4",'Optional features'!B:E,3,FALSE)="Yes",VLOOKUP("C-09.1",'Optional features'!B:E,3,FALSE)="No",VLOOKUP("C-09.2",'Optional features'!B:E,3,FALSE)="No",VLOOKUP("C-09.6",'Optional features'!B:E,3,FALSE)="No")),"<-- the combination of TxStartPoints seems invalid (taking into account that C-51 = No)",IF(AND(D18 <> "Yes", D18 <> "No"),"<---- This field must be filled from the drop-down menu", ""))) | H18: =IF(COUNTIF('OCPP family members'!$B$13:$B$41,B18)>0, "Member", "")
B19: C-09.5 | C19: =VLOOKUP(B19,'HIDDEN features'!A:D,3,FALSE) -> Start transaction options - EnergyTransfer | D19: No | E19: =IF(OR(VLOOKUP("C-09.5",'Optional features'!B:E,3,FALSE)="No",VLOOKUP("C-51",'Optional features'!B:E,3,FALSE)="Yes"),"",IF(NOT(AND(VLOOKUP("C-51",'Optional features'!B:E,3,FALSE)="No",VLOOKUP("C-09.5",'Optional features'!B:E,3,FALSE)="Yes",VLOOKUP("C-09.1",'Optional features'!B:E,3,FALSE)="No",VLOOKUP("C-09.2",'Optional features'!B:E,3,FALSE)="No",VLOOKUP("C-09.3",'Optional features'!B:E,3,FALSE)="No",VLOOKUP("C-09.4",'Optional features'!B:E,3,FALSE)="No",VLOOKUP("C-09.6",'Optional features'!B:E,3,FALSE)="No")),"<-- the combination of TxStartPoints seems invalid (taking into account that C-51 = No)",IF(AND(D19 <> "Yes", D19 <> "No"),"<---- This field must be filled from the drop-down menu", ""))) | H19: =IF(COUNTIF('OCPP family members'!$B$13:$B$41,B19)>0, "Member", "")
B20: C-09.6 | C20: =VLOOKUP(B20,'HIDDEN features'!A:D,3,FALSE) -> Start transaction options - ParkingBayOccupancy | D20: No | E20: =IF(AND(NOT(ISBLANK(B20)),ISBLANK(D20)),"<---- This field cannot be left empty!",IF(AND(D20 <> "Yes", D20 <> "No"),"<---- This field must be filled from the drop-down menu", "")) | H20: =IF(COUNTIF('OCPP family members'!$B$13:$B$41,B20)>0, "Member", "")
B21: C-10 | C21: =VLOOKUP(B21,'HIDDEN features'!A:D,3,FALSE) -> Supported Transaction Stop points (TxStopPoint) | D21: =VLOOKUP(B21,'HIDDEN features'!A:D,4,FALSE) -> (At least one of the suboptions below is required) | E21: =IF(AND(D22="No",D23="No",D24="No",D25="No",D26="No"),"<-- Please select at least one TxStopPoint","") | H21: =IF(COUNTIF('OCPP family members'!$B$13:$B$41,B21)>0, "Member", "")
B22: C-10.1 | C22: =VLOOKUP(B22,'HIDDEN features'!A:D,3,FALSE) -> Stop transaction options - EVConnected | D22: Yes | E22: =IF(OR(VLOOKUP("C-10.1",'Optional features'!B:E,3,FALSE)="No",VLOOKUP("C-52",'Optional features'!B:E,3,FALSE)="Yes"),"",IF(NOT(AND(VLOOKUP("C-52",'Optional features'!B:E,3,FALSE)="No",VLOOKUP("C-10.1",'Optional features'!B:E,3,FALSE)="Yes",VLOOKUP("C-10.4",'Optional features'!B:E,3,FALSE)="No")),"<-- the combination of TxStopPoints seems invalid (taking into account that C-52 = No)",IF(AND(D22 <> "Yes", D22 <> "No"),"<---- This field must be filled from the drop-down menu", ""))) | H22: =IF(COUNTIF('OCPP family members'!$B$13:$B$41,B22)>0, "Member", "")
B23: C-10.2 | C23: =VLOOKUP(B23,'HIDDEN features'!A:D,3,FALSE) -> Stop transaction options - Authorized | D23: Yes | E23: =IF(AND(D23 <> "Yes", D23 <> "No"),"<---- This field must be filled from the drop-down menu", "") | H23: =IF(COUNTIF('OCPP family members'!$B$13:$B$41,B23)>0, "Member", "")
B24: C-10.3 | C24: =VLOOKUP(B24,'HIDDEN features'!A:D,3,FALSE) -> Stop transaction options - PowerPathClosed | D24: No | E24: =IF(AND(D24 <> "Yes", D24 <> "No"),"<---- This field must be filled from the drop-down menu", "") | H24: =IF(COUNTIF('OCPP family members'!$B$13:$B$41,B24)>0, "Member", "")
B25: C-10.4 | C25: =VLOOKUP(B25,'HIDDEN features'!A:D,3,FALSE) -> Stop transaction options - EnergyTransfer | D25: No | E25: =IF(AND(D25 <> "Yes", D25 <> "No"),"<---- This field must be filled from the drop-down menu", "") | H25: =IF(COUNTIF('OCPP family members'!$B$13:$B$41,B25)>0, "Member", "")
B26: C-10.5 | C26: =VLOOKUP(B26,'HIDDEN features'!A:D,3,FALSE) -> Stop transaction options - ParkingBayOccupancy | D26: No | E26: =IF(OR(VLOOKUP("C-10.5",'Optional features'!B:E,3,FALSE)="No",VLOOKUP("C-52",'Optional features'!B:E,3,FALSE)="Yes"),"",IF(NOT(AND(VLOOKUP("C-52",'Optional features'!B:E,3,FALSE)="No",VLOOKUP("C-10.5",'Optional features'!B:E,3,FALSE)="Yes",VLOOKUP("C-10.1",'Optional features'!B:E,3,FALSE)="No",VLOOKUP("C-10.2",'Optional features'!B:E,3,FALSE)="No",VLOOKUP("C-10.3",'Optional features'!B:E,3,FALSE)="No",VLOOKUP("C-10.4",'Optional features'!B:E,3,FALSE)="No")),"<-- the combination of TxStopPoints seems invalid (taking into account that C-52 = No)",IF(AND(D26 <> "Yes", D26 <> "No"),"<---- This field must be filled from the drop-down menu", ""))) | H26: =IF(COUNTIF('OCPP family members'!$B$13:$B$41,B26)>0, "Member", "")
B27: C-12 | C27: =VLOOKUP(B27,'HIDDEN features'!A:D,3,FALSE) -> Unlocking of connector when cable disconnected on EV side (UnlockOnEVSideDisconnect) | D27: =VLOOKUP(B27,'HIDDEN features'!A:D,4,FALSE) -> (At least one of the suboptions below is required) | E27: =IF(AND(D28="No",D29="No"),"<-- Please select at least one option from C-12.1 and C-12.2","") | H27: =IF(COUNTIF('OCPP family members'!$B$13:$B$41,B27)>0, "Member", "")
B28: C-12.1 | C28: =VLOOKUP(B28,'HIDDEN features'!A:D,3,FALSE) -> Support for unlocking connector when cable disconnected on EV side | D28: Yes | E28: =IF(AND(D28="Yes",'Hardware Feature set'!D13="No"),"<--- Support for unlocking a connector requires a Detachable Cable", IF(AND(NOT(ISBLANK(B28)),ISBLANK(D28)),"<---- This field cannot be left empty!",IF(AND(D28 <> "Yes", D28 <> "No"),"<---- This field must be filled from the drop-down menu", ""))) -> <--- Support for unlocking a connector requires a Detachable Cable | H28: =IF(COUNTIF('OCPP family members'!$B$13:$B$41,B28)>0, "Member", "")
B29: C-12.2 | C29: =VLOOKUP(B29,'HIDDEN features'!A:D,3,FALSE) -> Support for not unlocking when cable disconnected on EV side | D29: Yes | E29: =IF(AND(NOT(ISBLANK(B29)),ISBLANK(D29)),"<---- This field cannot be left empty!",IF(AND(D29 <> "Yes", D29 <> "No"),"<---- This field must be filled from the drop-down menu", "")) | H29: =IF(COUNTIF('OCPP family members'!$B$13:$B$41,B29)>0, "Member", "")
B30: C-13 | C30: =VLOOKUP(B30,'HIDDEN features'!A:D,3,FALSE) -> Support for Reset per EVSE (AllowReset) | D30: No | E30: =IF(AND(NOT(ISBLANK(B30)),ISBLANK(D30)),"<---- This field cannot be left empty!",IF(AND(D30 <> "Yes", D30 <> "No"),"<---- This field must be filled from the drop-down menu", "")) | H30: =IF(COUNTIF('OCPP family members'!$B$13:$B$41,B30)>0, "Member", "")
B31: C-14 | C31: =VLOOKUP(B31,'HIDDEN features'!A:D,3,FALSE) -> Support for retrieving / deleting CustomerInformation - CustomerIdentifier | D31: No | E31: =IF(AND(NOT(ISBLANK(B31)),ISBLANK(D31)),"<---- This field cannot be left empty!",IF(AND(D31 <> "Yes", D31 <> "No"),"<---- This field must be filled from the drop-down menu", "")) | H31: =IF(COUNTIF('OCPP family members'!$B$13:$B$41,B31)>0, "Member", "")
B32: C-20 | C32: =VLOOKUP(B32,'HIDDEN features'!A:D,3,FALSE) -> Allowing New Sessions Pending a FirmwareUpdate (AllowNewSessionsPendingFirmwareUpdate ) | D32: Yes | E32: =IF(AND(NOT(ISBLANK(B32)),ISBLANK(D32)),"<---- This field cannot be left empty!",IF(AND(D32 <> "Yes", D32 <> "No"),"<---- This field must be filled from the drop-down menu", "")) | H32: =IF(COUNTIF('OCPP family members'!$B$13:$B$41,B32)>0, "Member", "")
B33: C-21 | C33: =VLOOKUP(B33,'HIDDEN features'!A:D,3,FALSE) -> Support for queuing all or only Transaction related messages until they are delivered to the CSMS (QueueAllMessages) | D33: No | E33: =IF(AND(NOT(ISBLANK(B33)),ISBLANK(D33)),"<---- This field cannot be left empty!",IF(AND(D33 <> "Yes", D33 <> "No"),"<---- This field must be filled from the drop-down menu", "")) | H33: =IF(COUNTIF('OCPP family members'!$B$13:$B$41,B33)>0, "Member", "")
B34: C-23 | C34: =VLOOKUP(B34,'HIDDEN features'!A:D,3,FALSE) -> Supported time sources (TimeSource) | D34: <list of values, at least Heartbeat> | E34: =IF(AND(NOT(ISBLANK(B34)),ISBLANK(D34)),"<---- Please enter a valid value or list of supporteded time sources (valid values are (case sensitive!): 'Heartbeat', 'NTP', 'GPS', 'RealTimeClock', 'MobileNetwork', 'RadioTimeTransmitter')",IF(NOT(ISERROR(FIND("<",D34))),"<---- Please enter a valid value or list of supporteded time sources (valid values are (case sensitive!): 'Heartbeat', 'NTP', 'GPS', 'RealTimeClock', 'MobileNetwork', 'RadioTimeTransmitter')",IF(ISERROR(MATCH(D34, MD!$O$1:$O$32, 0)), "<---- This field must be filled from the drop-down menu", ""))) -> <---- Please enter a valid value or list of supporteded time sources (valid values are (case sensitive!): 'Heartbeat', 'NTP', 'GPS', 'RealTimeClock', 'MobileNetwork', 'RadioTimeTransmitter') | H34: =IF(COUNTIF('OCPP family members'!$B$13:$B$41,B34)>0, "Member", "")
B35: C-25 | C35: =VLOOKUP(B35,'HIDDEN features'!A:D,3,FALSE) -> Support for setting a TimeOffset (TimeOffset) | D35: No | E35: =IF(AND(NOT(ISBLANK(B35)),ISBLANK(D35)),"<---- This field cannot be left empty!",IF(AND(D35 <> "Yes", D35 <> "No"),"<---- This field must be filled from the drop-down menu", "")) | H35: =IF(COUNTIF('OCPP family members'!$B$13:$B$41,B35)>0, "Member", "")
B36: C-26 | C36: =VLOOKUP(B36,'HIDDEN features'!A:D,3,FALSE) -> Support for setting the TimeZone (TimeZone) | D36: No | E36: =IF(AND(NOT(ISBLANK(B36)),ISBLANK(D36)),"<---- This field cannot be left empty!",IF(AND(D36 <> "Yes", D36 <> "No"),"<---- This field must be filled from the drop-down menu", "")) | H36: =IF(COUNTIF('OCPP family members'!$B$13:$B$41,B36)>0, "Member", "")
B37: C-28 | C37: =VLOOKUP(B37,'HIDDEN features'!A:D,3,FALSE) -> Toggle sending clock aligned meter values when a transaction is ongoing / Idle (AlignedDataSendDuringIdle) | D37: No | E37: =IF(AND(NOT(ISBLANK(B37)),ISBLANK(D37)),"<---- This field cannot be left empty!",IF(AND(D37 <> "Yes", D37 <> "No"),"<---- This field must be filled from the drop-down menu", "")) | H37: =IF(COUNTIF('OCPP family members'!$B$13:$B$41,B37)>0, "Member", "")
B38: C-29 | C38: =VLOOKUP(B38,'HIDDEN features'!A:D,3,FALSE) -> TriggerMessage | D38: =VLOOKUP(B38,'HIDDEN features'!A:D,4,FALSE) -> (Select all supported suboptions) | H38: =IF(COUNTIF('OCPP family members'!$B$13:$B$41,B38)>0, "Member", "")
B39: C-29.1 | C39: =VLOOKUP(B39,'HIDDEN features'!A:D,3,FALSE) -> Trigger message - MeterValues | D39: No | E39: =IF(AND(NOT(ISBLANK(B39)),ISBLANK(D39)),"<---- This field cannot be left empty!",IF(AND(D39 <> "Yes", D39 <> "No"),"<---- This field must be filled from the drop-down menu", "")) | H39: =IF(COUNTIF('OCPP family members'!$B$13:$B$41,B39)>0, "Member", "")
B40: C-29.2 | C40: =VLOOKUP(B40,'HIDDEN features'!A:D,3,FALSE) -> Trigger message - TransactionEvent | D40: No | E40: =IF(AND(NOT(ISBLANK(B40)),ISBLANK(D40)),"<---- This field cannot be left empty!",IF(AND(D40 <> "Yes", D40 <> "No"),"<---- This field must be filled from the drop-down menu", "")) | H40: =IF(COUNTIF('OCPP family members'!$B$13:$B$41,B40)>0, "Member", "")
B41: C-29.3 | C41: =VLOOKUP(B41,'HIDDEN features'!A:D,3,FALSE) -> Trigger message - LogStatusNotification | D41: No | E41: =IF(AND(NOT(ISBLANK(B41)),ISBLANK(D41)),"<---- This field cannot be left empty!",IF(AND(D41 <> "Yes", D41 <> "No"),"<---- This field must be filled from the drop-down menu", "")) | H41: =IF(COUNTIF('OCPP family members'!$B$13:$B$41,B41)>0, "Member", "")
B42: C-29.4 | C42: =VLOOKUP(B42,'HIDDEN features'!A:D,3,FALSE) -> Trigger message - FirmwareStatusNotification | D42: No | E42: =IF(AND(NOT(ISBLANK(B42)),ISBLANK(D42)),"<---- This field cannot be left empty!",IF(AND(D42 <> "Yes", D42 <> "No"),"<---- This field must be filled from the drop-down menu", "")) | H42: =IF(COUNTIF('OCPP family members'!$B$13:$B$41,B42)>0, "Member", "")
B43: C-29.5 | C43: =VLOOKUP(B43,'HIDDEN features'!A:D,3,FALSE) -> Trigger message - StatusNotification | D43: No | E43: =IF(AND(NOT(ISBLANK(B43)),ISBLANK(D43)),"<---- This field cannot be left empty!",IF(AND(D43 <> "Yes", D43 <> "No"),"<---- This field must be filled from the drop-down menu", "")) | H43: =IF(COUNTIF('OCPP family members'!$B$13:$B$41,B43)>0, "Member", "")
B44: C-29.6 | C44: =VLOOKUP(B44,'HIDDEN features'!A:D,3,FALSE) -> Trigger message - BootNotification | D44: No | E44: =IF(AND(NOT(ISBLANK(B44)),ISBLANK(D44)),"<---- This field cannot be left empty!",IF(AND(D44 <> "Yes", D44 <> "No"),"<---- This field must be filled from the drop-down menu", "")) | H44: =IF(COUNTIF('OCPP family members'!$B$13:$B$41,B44)>0, "Member", "")
B45: C-29.7 | C45: =VLOOKUP(B45,'HIDDEN features'!A:D,3,FALSE) -> Trigger message - CustomTrigger | D45: No | E45: =IF(AND(NOT(ISBLANK(B45)),ISBLANK(D45)),"<---- This field cannot be left empty!",IF(AND(D45 <> "Yes", D45 <> "No"),"<---- This field must be filled from the drop-down menu", "")) | H45: =IF(COUNTIF('OCPP family members'!$B$13:$B$41,B45)>0, "Member", "")
H46: =IF(COUNTIF('OCPP family members'!$B$13:$B$41,B46)>0, "Member", "")
H47: =IF(COUNTIF('OCPP family members'!$B$13:$B$41,B47)>0, "Member", "")
B48: Id | C48: Authorization options for local start | D48: Supported according to Vendor | E48: Tested during Certification | F48: =IF(AND(NOT(ISERROR(VLOOKUP("Yes",E49:E54,1,FALSE))),NOT(OR(AND(E49="Yes",E65="Yes"),AND(E50="Yes",E66="Yes"),AND(E54="Yes", E68="Yes")))),"Warning: without a common Local and Remote Start method, a VDoC will not be possible!", IF(AND(E49="Yes",E50="Yes"),"Warning: it is not possible to generate a VDOC when multiple RFID local start methods are supported!","")) | H48: =IF(COUNTIF('OCPP family members'!$B$13:$B$41,B48)>0, "Member", "")
B49: C-30 | C49: =VLOOKUP(B49,'HIDDEN features'!A:D,3,FALSE) -> Authorization - using RFID ISO14443 | D49: No | E49: No | F49: =IF(AND(NOT(ISBLANK(B49)),ISBLANK(D49)),"<---- This field cannot be left empty!",IF(AND(D49 <> "Yes", D49 <> "No"),"<---- This field must be filled from the drop-down menu", "")) | H49: =IF(COUNTIF('OCPP family members'!$B$13:$B$41,B49)>0, "Member", "") -> Member
B50: C-31 | C50: =VLOOKUP(B50,'HIDDEN features'!A:D,3,FALSE) -> Authorization - using RFID ISO15693 | D50: No | E50: No | F50: =IF(AND(NOT(ISBLANK(B50)),ISBLANK(D50)),"<---- This field cannot be left empty!",IF(AND(D50 <> "Yes", D50 <> "No"),"<---- This field must be filled from the drop-down menu", "")) | H50: =IF(COUNTIF('OCPP family members'!$B$13:$B$41,B50)>0, "Member", "") -> Member
B51: C-32 | C51: =VLOOKUP(B51,'HIDDEN features'!A:D,3,FALSE) -> Authorization - using KeyCode | D51: No | E51: No | F51: =IF(AND(NOT(ISBLANK(B51)),ISBLANK(D51)),"<---- This field cannot be left empty!",IF(AND(D51 <> "Yes", D51 <> "No"),"<---- This field must be filled from the drop-down menu", "")) | H51: =IF(COUNTIF('OCPP family members'!$B$13:$B$41,B51)>0, "Member", "")
B52: C-33 | C52: =VLOOKUP(B52,'HIDDEN features'!A:D,3,FALSE) -> Authorization - using locally generated id | D52: No | E52: No | F52: =IF(AND(NOT(ISBLANK(B52)),ISBLANK(D52)),"<---- This field cannot be left empty!",IF(AND(D52 <> "Yes", D52 <> "No"),"<---- This field must be filled from the drop-down menu", "")) | H52: =IF(COUNTIF('OCPP family members'!$B$13:$B$41,B52)>0, "Member", "")
B53: C-34 | C53: =VLOOKUP(B53,'HIDDEN features'!A:D,3,FALSE) -> Authorization - MacAddress | D53: No | E53: No | F53: =IF(AND(NOT(ISBLANK(B53)),ISBLANK(D53)),"<---- This field cannot be left empty!",IF(AND(D53 <> "Yes", D53 <> "No"),"<---- This field must be filled from the drop-down menu", "")) | H53: =IF(COUNTIF('OCPP family members'!$B$13:$B$41,B53)>0, "Member", "")
B54: C-35 | C54: =VLOOKUP(B54,'HIDDEN features'!A:D,3,FALSE) -> Authorization - NoAuthorization | D54: No | E54: No | F54: =IF(AND(NOT(ISBLANK(B54)),ISBLANK(D54)),"<---- This field cannot be left empty!",IF(AND(D54 <> "Yes", D54 <> "No"),"<---- This field must be filled from the drop-down menu", "")) | H54: =IF(COUNTIF('OCPP family members'!$B$13:$B$41,B54)>0, "Member", "")
H55: =IF(COUNTIF('OCPP family members'!$B$13:$B$41,B55)>0, "Member", "")
H56: =IF(COUNTIF('OCPP family members'!$B$13:$B$41,B56)>0, "Member", "")
B57: Id | C57: Authorization options for local stop | D57: Supported according to Vendor | E57: Tested during Certification | H57: =IF(COUNTIF('OCPP family members'!$B$13:$B$41,B57)>0, "Member", "")
B58: C-70 | C58: =VLOOKUP(B58,'HIDDEN features'!A:D,3,FALSE) -> Authorization - using RFID ISO14443 | D58: No | E58: No | F58: =IF(AND(NOT(ISBLANK(B58)),ISBLANK(D58)),"<--- This field cannot be left empty!",IF(AND($D$5="Yes",D58<>D49),"<-- to support offline transactions local start and stop for "&C58&" must match",IF(AND(D58 <> "Yes", D58 <> "No"),"<---- This field must be filled from the drop-down menu", ""))) | H58: =IF(COUNTIF('OCPP family members'!$B$13:$B$41,B58)>0, "Member", "") -> Member
B59: C-71 | C59: =VLOOKUP(B59,'HIDDEN features'!A:D,3,FALSE) -> Authorization - using RFID ISO15693 | D59: No | E59: No | F59: =IF(AND(NOT(ISBLANK(B59)),ISBLANK(D59)),"<--- This field cannot be left empty!",IF(AND($D$5="Yes",D59<>D50),"<-- to support offline transactions local start and stop for "&C59&" must match",IF(AND(D59 <> "Yes", D59 <> "No"),"<---- This field must be filled from the drop-down menu", ""))) | H59: =IF(COUNTIF('OCPP family members'!$B$13:$B$41,B59)>0, "Member", "") -> Member
B60: C-72 | C60: =VLOOKUP(B60,'HIDDEN features'!A:D,3,FALSE) -> Authorization - using KeyCode | D60: No | E60: No | F60: =IF(AND(NOT(ISBLANK(B60)),ISBLANK(D60)),"<--- This field cannot be left empty!",IF(AND($D$5="Yes",D60<>D51),"<-- to support offline transactions local start and stop for "&C60&" must match",IF(AND(D60 <> "Yes", D60 <> "No"),"<---- This field must be filled from the drop-down menu", ""))) | H60: =IF(COUNTIF('OCPP family members'!$B$13:$B$41,B60)>0, "Member", "")
B61: C-75 | C61: =VLOOKUP(B61,'HIDDEN features'!A:D,3,FALSE) -> Authorization - NoAuthorization | D61: No | E61: No | F61: =IF(AND(NOT(ISBLANK(B61)),ISBLANK(D61)),"<--- This field cannot be left empty!",IF(AND($D$5="Yes",D61<>D54),"<-- to support offline transactions local start and stop for "&C61&" must match",IF(AND(D61="Yes",AND(D54="No",D68="No")),"<-- NoAuthorization Local Stop requires support for Local or Remote Start with NoAuthorization",IF(AND(D61 <> "Yes", D61 <> "No"),"<---- This field must be filled from the drop-down menu", "")))) | H61: =IF(COUNTIF('OCPP family members'!$B$13:$B$41,B61)>0, "Member", "")
H62: =IF(COUNTIF('OCPP family members'!$B$13:$B$41,B62)>0, "Member", "")
H63: =IF(COUNTIF('OCPP family members'!$B$13:$B$41,B63)>0, "Member", "")
B64: Id | C64: Authorization options for remote start | D64: Supported according to Vendor | E64: Tested during Certification* | F64: =IF(ISERROR(VLOOKUP("Yes",OF_RemoteStart_Values,1,FALSE)),"<---- At least one remote start authorization option must be selected","") -> <---- At least one remote start authorization option must be selected | H64: =IF(COUNTIF('OCPP family members'!$B$13:$B$41,B64)>0, "Member", "")
B65: C-36 | C65: =VLOOKUP(B65,'HIDDEN features'!A:D,3,FALSE) -> Authorization - using RFID ISO14443 | D65: No | E65: No | F65: =IF(AND(NOT(ISBLANK(B65)),ISBLANK(D65)),"<---- This field cannot be left empty!",IF(AND(D65 <> "Yes", D65 <> "No"),"<---- This field must be filled from the drop-down menu", "")) | H65: =IF(COUNTIF('OCPP family members'!$B$13:$B$41,B65)>0, "Member", "")
B66: C-37 | C66: =VLOOKUP(B66,'HIDDEN features'!A:D,3,FALSE) -> Authorization - using RFID ISO15693 | D66: No | E66: No | F66: =IF(AND(NOT(ISBLANK(B66)),ISBLANK(D66)),"<---- This field cannot be left empty!",IF(AND(D66 <> "Yes", D66 <> "No"),"<---- This field must be filled from the drop-down menu", "")) | H66: =IF(COUNTIF('OCPP family members'!$B$13:$B$41,B66)>0, "Member", "")
B67: C-38 | C67: =VLOOKUP(B67,'HIDDEN features'!A:D,3,FALSE) -> Authorization - using centrally, in the CSMS (or other server) generated id | D67: No | E67: No | F67: =IF(AND(NOT(ISBLANK(B67)),ISBLANK(D67)),"<---- This field cannot be left empty!",IF(AND(D67 <> "Yes", D67 <> "No"),"<---- This field must be filled from the drop-down menu", "")) | H67: =IF(COUNTIF('OCPP family members'!$B$13:$B$41,B67)>0, "Member", "")
B68: C-39 | C68: =VLOOKUP(B68,'HIDDEN features'!A:D,3,FALSE) -> Authorization - NoAuthorization | D68: No | E68: No | F68: =IF(AND(NOT(ISBLANK(B68)),ISBLANK(D68)),"<---- This field cannot be left empty!",IF(AND(D68 <> "Yes", D68 <> "No"),"<---- This field must be filled from the drop-down menu", "")) | H68: =IF(COUNTIF('OCPP family members'!$B$13:$B$41,B68)>0, "Member", "")
H69: =IF(COUNTIF('OCPP family members'!$B$13:$B$41,B69)>0, "Member", "")
H70: =IF(COUNTIF('OCPP family members'!$B$13:$B$41,B70)>0, "Member", "")
B71: Id | C71: Metervalues | D71: Supported according to Vendor*** | E71: Tested during Certification **
B72: C-40 | C72: =VLOOKUP(B72,'HIDDEN features'!A:D,3,FALSE) -> Supported MeterValue Measurands | D72: (Please fill in the following fields) | E72: (The values below are automatically filled in) | H72: =IF(COUNTIF('OCPP family members'!$B$13:$B$41,B72)>0, "Member", "")
B73: C-40.1 | C73: =SUBSTITUTE(VLOOKUP(B73,'HIDDEN features'!A:D,3,FALSE),"Measurands"," Measurands") -> SampledTxStarted Measurands | D73: <list of supported values, at least one> | E73: =IFERROR(TRIM(VLOOKUP(SUBSTITUTE(C73," ",""),'HIDDEN Testrun Results'!$A:$B,2,FALSE)),"<will be filled in by testlab>") -> <will be filled in by testlab> | F73: =IF(AND(NOT(ISBLANK(C73)),ISBLANK(D73)),"<---- This field cannot be left empty!",IF(NOT(ISERROR(FIND("<",D73))),"<---- Please enter a valid list of supported measurands",IF(ISERROR(FIND("Energy.Active.Import.Register",D73)),"<---- Missing the default value Energy.Active.Import.Register",""))) -> <---- Please enter a valid list of supported measurands | H73: =IF(COUNTIF('OCPP family members'!$B$13:$B$41,B73)>0, "Member", "") -> Member
B74: C-40.2 | C74: =SUBSTITUTE(VLOOKUP(B74,'HIDDEN features'!A:D,3,FALSE),"Measurands"," Measurands") -> SampledTxUpdated Measurands | D74: <list of supported values, at least one> | E74: =IFERROR(TRIM(VLOOKUP(SUBSTITUTE(C74," ",""),'HIDDEN Testrun Results'!$A:$B,2,FALSE)),"<will be filled in by testlab>") -> <will be filled in by testlab> | F74: =IF(AND(NOT(ISBLANK(C74)),ISBLANK(D74)),"<---- This field cannot be left empty!",IF(NOT(ISERROR(FIND("<",D74))),"<---- Please enter a valid list of supported measurands",IF(ISERROR(FIND("Energy.Active.Import.Register",D74)),"<---- Missing the default value Energy.Active.Import.Register",""))) -> <---- Please enter a valid list of supported measurands | H74: =IF(COUNTIF('OCPP family members'!$B$13:$B$41,B74)>0, "Member", "") -> Member
B75: C-40.3 | C75: =SUBSTITUTE(VLOOKUP(B75,'HIDDEN features'!A:D,3,FALSE),"Measurands"," Measurands") -> SampledTxEnded Measurands | D75: <list of supported values, at least one> | E75: =IFERROR(TRIM(VLOOKUP(SUBSTITUTE(C75," ",""),'HIDDEN Testrun Results'!$A:$B,2,FALSE)),"<will be filled in by testlab>") -> <will be filled in by testlab> | F75: =IF(AND(NOT(ISBLANK(C75)),ISBLANK(D75)),"<---- This field cannot be left empty!",IF(NOT(ISERROR(FIND("<",D75))),"<---- Please enter a valid list of supported measurands",IF(ISERROR(FIND("Energy.Active.Import.Register",D75)),"<---- Missing the default value Energy.Active.Import.Register",""))) -> <---- Please enter a valid list of supported measurands | H75: =IF(COUNTIF('OCPP family members'!$B$13:$B$41,B75)>0, "Member", "") -> Member
B76: C-40.4 | C76: =SUBSTITUTE(VLOOKUP(B76,'HIDDEN features'!A:D,3,FALSE),"Measurands"," Measurands") -> AlignedData Measurands | D76: <list of supported values, at least one> | E76: =IFERROR(TRIM(VLOOKUP(SUBSTITUTE(C76," ",""),'HIDDEN Testrun Results'!$A:$B,2,FALSE)),"<will be filled in by testlab>") -> <will be filled in by testlab> | F76: =IF(AND(NOT(ISBLANK(C76)),ISBLANK(D76)),"<---- This field cannot be left empty!",IF(NOT(ISERROR(FIND("<",D76))),"<---- Please enter a valid list of supported measurands",IF(ISERROR(FIND("Energy.Active.Import.Register",D76)),"<---- Missing the default value Energy.Active.Import.Register",""))) -> <---- Please enter a valid list of supported measurands | H76: =IF(COUNTIF('OCPP family members'!$B$13:$B$41,B76)>0, "Member", "") -> Member
B77: C-40.5 | C77: =SUBSTITUTE(VLOOKUP(B77,'HIDDEN features'!A:D,3,FALSE),"Measurands"," Measurands") -> AlignedDataTxEnded Measurands | D77: <list of supported values, at least one> | E77: =IFERROR(TRIM(VLOOKUP(SUBSTITUTE(C77," ",""),'HIDDEN Testrun Results'!$A:$B,2,FALSE)),"<will be filled in by testlab>") -> <will be filled in by testlab> | F77: =IF(AND(NOT(ISBLANK(C77)),ISBLANK(D77)),"<---- This field cannot be left empty!",IF(NOT(ISERROR(FIND("<",D77))),"<---- Please enter a valid list of supported measurands",IF(ISERROR(FIND("Energy.Active.Import.Register",D77)),"<---- Missing the default value Energy.Active.Import.Register",""))) -> <---- Please enter a valid list of supported measurands | H77: =IF(COUNTIF('OCPP family members'!$B$13:$B$41,B77)>0, "Member", "") -> Member
B78: * mandatory to support at least one | H78: =IF(COUNTIF('OCPP family members'!$B$13:$B$41,B78)>0, "Member", "")
B79: ** only configured measurands are tested | H79: =IF(COUNTIF('OCPP family members'!$B$13:$B$41,B79)>0, "Member", "")
B80: *** only checked with BaseReport | H80: =IF(COUNTIF('OCPP family members'!$B$13:$B$41,B80)>0, "Member", "")
H81: =IF(COUNTIF('OCPP family members'!$B$13:$B$41,B81)>0, "Member", "")
B82: Id | C82: Cipher Suites | D82: Supported / Present | H82: =IF(COUNTIF('OCPP family members'!$B$13:$B$41,B82)>0, "Member", "")
B83: C-41 | C83: =VLOOKUP(B83,'HIDDEN features'!A:D,3,FALSE) -> Supported Cipher Suites | D83: =VLOOKUP(B83,'HIDDEN features'!A:D,4,FALSE) -> { list of cipher suites } -> at least one of TLS_ECDHE_ECDSA_WITH_AES_128_GCM_SHA256 TLS_ECDHE_ECDSA_WITH_AES_256_GCM_SHA384 OR TLS_RSA_WITH_AES_128_GCM_SHA256 TLS_RSA_WITH_AES_256_GCM_SHA384 | E83: =IF(AND(NOT(ISBLANK(B83)),ISBLANK(D83)),"<---- This field cannot be left empty!",IF(NOT(ISERROR(FIND("{",D83))),"<---- Please enter a valid list of supported cipher suites",IF(ISERROR(MATCH(D83, MD!$H$1:$H$3, 0)), "<---- This field must be filled from the drop-down menu", ""))) -> <---- Please enter a valid list of supported cipher suites | H83: =IF(COUNTIF('OCPP family members'!$B$13:$B$41,B83)>0, "Member", "")
H84: =IF(COUNTIF('OCPP family members'!$B$13:$B$41,B84)>0, "Member", "")
H85: =IF(COUNTIF('OCPP family members'!$B$13:$B$41,B85)>0, "Member", "")
B86: Id | C86: Core Features | D86: Supported / Present | H86: =IF(COUNTIF('OCPP family members'!$B$13:$B$41,B86)>0, "Member", "")
B87: C-42 | C87: =VLOOKUP(B87,'HIDDEN features'!A:D,3,FALSE) -> Signed Metervalues (SampledDataSignReadings) | D87: No | E87: =IF(AND(NOT(ISBLANK(B87)),ISBLANK(D87)),"<---- This field cannot be left empty!",IF(AND(D87 <> "Yes", D87 <> "No"),"<---- This field must be filled from the drop-down menu", "")) | H87: =IF(COUNTIF('OCPP family members'!$B$13:$B$41,B87)>0, "Member", "")
B88: C-43 | C88: =VLOOKUP(B88,'HIDDEN features'!A:D,3,FALSE) -> Install Firmware with ongoing transaction(s) | D88: No | E88: =IF(AND(NOT(ISBLANK(B88)),ISBLANK(D88)),"<---- This field cannot be left empty!",IF(AND(D88 <> "Yes", D88 <> "No"),"<---- This field must be filled from the drop-down menu", "")) | H88: =IF(COUNTIF('OCPP family members'!$B$13:$B$41,B88)>0, "Member", "")
B89: C-47 | C89: =VLOOKUP(B89,'HIDDEN features'!A:D,3,FALSE) -> Support for falling back to default OCPP reconnection mechanism when NetworkConnection profile connection has failed | D89: No | E89: =IF(AND(NOT(ISBLANK(B89)),ISBLANK(D89)),"<---- This field cannot be left empty!",IF(AND(D89 <> "Yes", D89 <> "No"),"<---- This field must be filled from the drop-down menu", "")) | H89: =IF(COUNTIF('OCPP family members'!$B$13:$B$41,B89)>0, "Member", "")
B90: C-48 | C90: =VLOOKUP(B90,'HIDDEN features'!A:D,3,FALSE) -> Authorization of remote start (AuthorizeRemoteStart) | D90: =VLOOKUP(B90,'HIDDEN features'!A:D,4,FALSE) -> (At least one of the suboptions below is required) | E90: =IF(AND(D91="No",D92="No"),"<-- Please select at least one option from C-48.1 and C-48.2","") | H90: =IF(COUNTIF('OCPP family members'!$B$13:$B$41,B90)>0, "Member", "")
B91: C-48.1 | C91: =VLOOKUP(B91,'HIDDEN features'!A:D,3,FALSE) -> Option for authorization in case of a remote start | D91: No | E91: =IF(AND(NOT(ISBLANK(B91)),ISBLANK(D91)),"<---- This field cannot be left empty!",IF(AND(D94="Yes",D91="No",D49="No",D50="No",D51="No",D52="No",D53="No",D54="No"),"<---- This value cannot be No when C-49 is Yes and no Local Authorization Options are selected",IF(AND(D91 <> "Yes", D91 <> "No"),"<---- This field must be filled from the drop-down menu", ""))) | H91: =IF(COUNTIF('OCPP family members'!$B$13:$B$41,B91)>0, "Member", "")
B92: C-48.2 | C92: =VLOOKUP(B92,'HIDDEN features'!A:D,3,FALSE) -> Option for no authorization in case of a remote start | D92: Yes | E92: =IF(AND(NOT(ISBLANK(B92)),ISBLANK(D92)),"<---- This field cannot be left empty!",IF(AND(D92 <> "Yes", D92 <> "No"),"<---- This field must be filled from the drop-down menu", "")) | H92: =IF(COUNTIF('OCPP family members'!$B$13:$B$41,B92)>0, "Member", "")
B93: C-49 | C93: =VLOOKUP(B93,'HIDDEN features'!A:D,3,FALSE) -> Authorization Cache (AuthCacheEnabled) | D93: No | E93: =IF(AND(NOT(ISBLANK(B93)),ISBLANK(D93)),"<---- This field cannot be left empty!",IF(AND(D93 <> "Yes", D93 <> "No"),"<---- This field must be filled from the drop-down menu", "")) | H93: =IF(COUNTIF('OCPP family members'!$B$13:$B$41,B93)>0, "Member", "")
B94: C-51 | C94: =VLOOKUP(B94,'HIDDEN features'!A:D,3,FALSE) -> Configurable TxStartPoint | D94: No | E94: =IF(AND(NOT(ISBLANK(B94)),ISBLANK(D94)),"<---- This field cannot be left empty!",IF(AND(D94 <> "Yes", D94 <> "No"),"<---- This field must be filled from the drop-down menu", "")) | H94: =IF(COUNTIF('OCPP family members'!$B$13:$B$41,B94)>0, "Member", "")
B95: C-52 | C95: =VLOOKUP(B95,'HIDDEN features'!A:D,3,FALSE) -> Configurable TxStopPoint | D95: No | E95: =IF(AND(NOT(ISBLANK(B95)),ISBLANK(D95)),"<---- This field cannot be left empty!",IF(AND(D95 <> "Yes", D95 <> "No"),"<---- This field must be filled from the drop-down menu", "")) | H95: =IF(COUNTIF('OCPP family members'!$B$13:$B$41,B95)>0, "Member", "")
B96: C-53 | C96: =VLOOKUP(B96,'HIDDEN features'!A:D,3,FALSE) -> Support for lifetime cached token (AuthCacheLifeTime) | D96: No | E96: =IF(AND(NOT(ISBLANK(B96)),ISBLANK(D96)),"<---- This field cannot be left empty!",IF(AND(D96 <> "Yes", D96 <> "No"),"<---- This field must be filled from the drop-down menu", "")) | H96: =IF(COUNTIF('OCPP family members'!$B$13:$B$41,B96)>0, "Member", "")
B97: C-54 | C97: =VLOOKUP(B97,'HIDDEN features'!A:D,3,FALSE) -> Supported policies for replacing cached entries (AuthCachePolicy) | D97: No | E97: =IF(AND(NOT(ISBLANK(B97)),ISBLANK(D97)),"<---- This field cannot be left empty!",IF(AND(D97 <> "Yes", D97 <> "No"),"<---- This field must be filled from the drop-down menu", "")) | H97: =IF(COUNTIF('OCPP family members'!$B$13:$B$41,B97)>0, "Member", "")
B98: C-56 | C98: =VLOOKUP(B98,'HIDDEN features'!A:D,3,FALSE) -> Support for providing the SummaryInventory | D98: No | E98: =IF(AND(NOT(ISBLANK(B98)),ISBLANK(D98)),"<---- This field cannot be left empty!",IF(AND(D98 <> "Yes", D98 <> "No"),"<---- This field must be filled from the drop-down menu", "")) | H98: =IF(COUNTIF('OCPP family members'!$B$13:$B$41,B98)>0, "Member", "")
B99: C-57 | C99: =VLOOKUP(B99,'HIDDEN features'!A:D,3,FALSE) -> Support for cancelling ongoing log file upload | D99: No | E99: =IF(AND(NOT(ISBLANK(B99)),ISBLANK(D99)),"<---- This field cannot be left empty!",IF(AND(D99 <> "Yes", D99 <> "No"),"<---- This field must be filled from the drop-down menu", "")) | H99: =IF(COUNTIF('OCPP family members'!$B$13:$B$41,B99)>0, "Member", "")
B100: C-58 | C100: =VLOOKUP(B100,'HIDDEN features'!A:D,3,FALSE) -> Option for disabling remote authorization (DisableRemoteAuthorization) | D100: No | E100: =IF(AND(NOT(ISBLANK(B100)),ISBLANK(D100)),"<---- This field cannot be left empty!",IF(AND(D100 <> "Yes", D100 <> "No"),"<---- This field must be filled from the drop-down menu", "")) | H100: =IF(COUNTIF('OCPP family members'!$B$13:$B$41,B100)>0, "Member", "")
B101: C-59 | C101: =VLOOKUP(B101,'HIDDEN features'!A:D,3,FALSE) -> Option for disabling remote authorization for cached invalid idTokens (AuthCacheDisablePostAuthorize) | D101: No | E101: =IF(AND(NOT(ISBLANK(B101)),ISBLANK(D101)),"<---- This field cannot be left empty!",IF(AND(D101 <> "Yes", D101 <> "No"),"<---- This field must be filled from the drop-down menu", "")) | H101: =IF(COUNTIF('OCPP family members'!$B$13:$B$41,B101)>0, "Member", "")
...

Sheet Additional questions
C1: Additional questions | E1: List of Additional Questions is currently: | F1: =IF(_xlfn.CONCAT(AQ_Validation)="","VALID","INVALID") -> VALID
C2: The table below lists a number of questions that are needed for determining the complete list of conformance test for this product. | E2: The complete PICS is currently | F2: ='Statement of Approval'!$O$2 -> INVALID
B4: Id | C4: Additional questions for lab testing | D4: Answer
B5: AQ-1 | C5: Can the last CSMSRootCertificate be removed? | D5: No | E5: =IF(AND(NOT(ISBLANK(B5)),ISBLANK(D5)),"<-- This field cannot be left empty!",IF(AND(D5 <> "Yes", D5 <> "No"),"<---- This field must be filled from the drop-down menu", "")) | F5: =IF(COUNTIF('OCPP family members'!$B$13:$B$41,B5)>0, "Member", "")
B6: AQ-2 | C6: Does the Charging Station have a cable lock, which prevents the EV driver to connect the EV and EVSE before authorization? | D6: No | E6: =IF(AND(NOT(ISBLANK(B6)),ISBLANK(D6)),"<-- This field cannot be left empty!",IF(AND(D6 <> "Yes", D6 <> "No"),"<---- This field must be filled from the drop-down menu", "")) | F6: =IF(COUNTIF('OCPP family members'!$B$13:$B$41,B6)>0, "Member", "")
B7: AQ-3 | C7: Can the last ChargingStationCertificate be removed (via other means than OCPP)? | D7: No | E7: =IF(AND(NOT(ISBLANK(B7)),ISBLANK(D7)),"<-- This field cannot be left empty!",IF(AND(D7 <> "Yes", D7 <> "No"),"<---- This field must be filled from the drop-down menu", "")) | F7: =IF(COUNTIF('OCPP family members'!$B$13:$B$41,B7)>0, "Member", "")
B8: AQ-4 | C8: Is there at least one unsupported NumberOfPhases? | D8: No | E8: =IF(AND(NOT(ISBLANK(B8)),ISBLANK(D8)),"<-- This field cannot be left empty!",IF(AND(D8 <> "Yes", D8 <> "No"),"<---- This field must be filled from the drop-down menu", "")) | F8: =IF(COUNTIF('OCPP family members'!$B$13:$B$41,B8)>0, "Member", "")
B9: AQ-5 | C9: Does the Charging Station have at least one hardWired monitor? | D9: No | E9: =IF(AND(NOT(ISBLANK(B9)),ISBLANK(D9)),"<-- This field cannot be left empty!",IF(AND(VLOOKUP("DM-0",'Optional features'!B:D,3,FALSE)="No",D9="Yes"),"<---- Only allowed when Advanced Device Management is selected",IF(AND(D9 <> "Yes", D9 <> "No"),"<---- This field must be filled from the drop-down menu", ""))) | F9: =IF(COUNTIF('OCPP family members'!$B$13:$B$41,B9)>0, "Member", "")
C10: If yes, please provide the monitor Id of the hardWired monitor that should be used for the certification test in the Other Relevant Settings Tab | E10: =IF(AND(NOT(ISBLANK(B10)),ISBLANK(D10)),"<-- This field cannot be left empty!","") | F10: =IF(COUNTIF('OCPP family members'!$B$13:$B$41,B10)>0, "Member", "")
B11: AQ-6 | C11: Does the Charging Station have a pre-configured monitor? | D11: No | E11: =IF(AND(NOT(ISBLANK(B11)),ISBLANK(D11)),"<-- This field cannot be left empty!",IF(AND(VLOOKUP("DM-0",'Optional features'!B:D,3,FALSE)="No",D11="Yes"),"<---- Only allowed when Advanced Device Management is selected",IF(AND(D11 <> "Yes", D11 <> "No"),"<---- This field must be filled from the drop-down menu", ""))) | F11: =IF(COUNTIF('OCPP family members'!$B$13:$B$41,B11)>0, "Member", "")
C12: If yes, please provide the monitor Id of the pre-configured monitor that should be used for the certification test in the Other Relevant Settings Tab | E12: =IF(AND(NOT(ISBLANK(B12)),ISBLANK(D12)),"<-- This field cannot be left empty!","") | F12: =IF(COUNTIF('OCPP family members'!$B$13:$B$41,B12)>0, "Member", "")
B13: AQ-7 | C13: Is your Charging Station able to download firmware while there is an ongoing transaction? | D13: No | E13: =IF(AND(NOT(ISBLANK(B13)),ISBLANK(D13)),"<-- This field cannot be left empty!",IF(AND(D13 <> "Yes", D13 <> "No"),"<---- This field must be filled from the drop-down menu", "")) | F13: =IF(COUNTIF('OCPP family members'!$B$13:$B$41,B13)>0, "Member", "")
B14: AQ-8 | C14: Does your Charging Station enforce a selection of EVSE (by design) prior to authorization? | D14: No | E14: =IF(AND(NOT(ISBLANK(B14)),ISBLANK(D14)),"<-- This field cannot be left empty!",IF(AND(D14 <> "Yes", D14 <> "No"),"<---- This field must be filled from the drop-down menu", "")) | F14: =IF(COUNTIF('OCPP family members'!$B$13:$B$41,B14)>0, "Member", "") -> Member
B15: AQ-9 | C15: Does your Charging Station support charging an EV using IEC 61851-1 (Mode 3)? | D15: No | E15: {=IF(AND(SUMPRODUCT((ISNUMBER(MATCH(EVSE_ConnectorTypes, {"cType2","sType2"}, 0)))*1)>0,'Additional questions'!D15="No"), "<---- Error: expected Yes with connector type cType2 or sType2", "")} | F15: =IF(COUNTIF('OCPP family members'!$B$13:$B$41,B15)>0, "Member", "")
B16: AQ-10 | C16: Does your Charging Station support setting a Delta monitor on the WriteOnly component.variable SecurityCtrlr.BasicAuthPassword? | D16: No | E16: =IF(AND(NOT(ISBLANK(B16)),ISBLANK(D16)),"<-- This field cannot be left empty!",IF(AND(D16 <> "Yes", D16 <> "No"),"<---- This field must be filled from the drop-down menu", "")) | F16: =IF(COUNTIF('OCPP family members'!$B$13:$B$41,B16)>0, "Member", "")
B17: AQ-11 | C17: Does your Charging Station support a combined charging station Certificate (for both OCPP and ISO 15118) | D17: No | E17: =IF(AND(NOT(ISBLANK(B17)),ISBLANK(D17)),"<-- This field cannot be left empty!",IF(AND(D17 <> "Yes", D17 <> "No"),"<---- This field must be filled from the drop-down menu", "")) | F17: =IF(COUNTIF('OCPP family members'!$B$13:$B$41,B17)>0, "Member", "")
B18: AQ-18 | C18: Does your Charging Station have at least one connector with an (automatic) mechanized locking mechanism on Charging Station side? | D18: No | E18: =IF(AND(SUMPRODUCT(--ISNUMBER(MATCH("sType2", EVSE_ConnectorTypes, 0))+--ISNUMBER(MATCH("sType3", EVSE_ConnectorTypes, 0))) <> 0, D18 = "No"), "<-- This field must be set to Yes for connector type sType2 and sType3", IF(AND(NOT(ISBLANK(B15)),ISBLANK(D15)),"<-- This field cannot be left empty!",IF(AND(D18 <> "Yes", D18 <> "No"),"<---- This field must be filled from the drop-down menu", ""))) | F18: =IF(COUNTIF('OCPP family members'!$B$13:$B$41,B18)>0, "Member", "") -> Member
B19: AQ-19 | C19: Does your Charging Station have at least 1 unsupported language code? | D19: No | E19: =IF(AND(NOT(ISBLANK(B19)),ISBLANK(D19)),"<-- This field cannot be left empty!",IF(AND(D19 <> "Yes", D19 <> "No"),"<---- This field must be filled from the drop-down menu", "")) | F19: =IF(COUNTIF('OCPP family members'!$B$13:$B$41,B19)>0, "Member", "")
B20: AQ-20 | C20: Does your Charging Station support more than 1 language? | D20: No | E20: =IF(AND(NOT(ISBLANK(B20)),ISBLANK(D20)),"<-- This field cannot be left empty!",IF(AND(D20 <> "Yes", D20 <> "No"),"<---- This field must be filled from the drop-down menu", "")) | F20: =IF(COUNTIF('OCPP family members'!$B$13:$B$41,B20)>0, "Member", "")

Sheet Other relevant settings
B1: Other relevant Settings | E1: List of Other Relevant Settings is currently: | F1: =IF(AND(ISERROR(FIND("<please ", _xlfn.CONCAT(ORS_Values))),ISERROR(FIND("<-- ", _xlfn.CONCAT(ORS_Validation)))),"VALID","INVALID") -> INVALID
C2: The table below lists a number of settings that are needed for configuring the test setup for the conformance test for this product. | E2: The complete PICS is currently | F2: ='Statement of Approval'!$O$2 -> INVALID
B4: Id | C4: Limit / Setting | D4: Value
B5: ORS-1 | C5: ItemsPerMessageGetReport | D5: … | E5: =IF(AND('Profile selection'!$C$4="Yes",OR(D5="… ",D5="")),"<-- This field is required","") -> <-- This field is required | F5: =IF(COUNTIF('OCPP family members'!$B$13:$B$41,B5)>0, "Member", "")
B6: ORS-2 | C6: ItemsPerMessageGetVariables | D6: … | E6: =IF(AND('Profile selection'!$C$4="Yes",OR(D6="… ",D6="")),"<-- This field is required","") -> <-- This field is required | F6: =IF(COUNTIF('OCPP family members'!$B$13:$B$41,B6)>0, "Member", "")
B7: ORS-3 | C7: ItemsPerMessageSetVariables | D7: … | E7: =IF(AND('Profile selection'!$C$4="Yes",OR(D7="… ",D7="")),"<-- This field is required","") -> <-- This field is required | F7: =IF(COUNTIF('OCPP family members'!$B$13:$B$41,B7)>0, "Member", "")
B8: ORS-4 | C8: BytesPerMessageGetReport | D8: … | E8: =IF(AND('Profile selection'!$C$4="Yes",OR(D8="… ",D8="")),"<-- This field is required","") -> <-- This field is required | F8: =IF(COUNTIF('OCPP family members'!$B$13:$B$41,B8)>0, "Member", "")
B9: ORS-5 | C9: BytesPerMessageGetVariables | D9: … | E9: =IF(AND('Profile selection'!$C$4="Yes",OR(D9="… ",D9="")),"<-- This field is required","") -> <-- This field is required | F9: =IF(COUNTIF('OCPP family members'!$B$13:$B$41,B9)>0, "Member", "")
B10: ORS-6 | C10: BytesPerMessageSetVariables | D10: … | E10: =IF(AND('Profile selection'!$C$4="Yes",OR(D10="… ",D10="")),"<-- This field is required","") -> <-- This field is required | F10: =IF(COUNTIF('OCPP family members'!$B$13:$B$41,B10)>0, "Member", "")
B11: ORS-7 | C11: Minimum MessageAttemptIntervalTransactionEvent supported | D11: … | F11: =IF(COUNTIF('OCPP family members'!$B$13:$B$41,B11)>0, "Member", "")
B12: ORS-8 | C12: Maximum MessageAttemptIntervalTransactionEvent supported | D12: … | F12: =IF(COUNTIF('OCPP family members'!$B$13:$B$41,B12)>0, "Member", "")
B13: ORS-9 | C13: Minimum SampledDataTxUpdatedInterval supported | D13: … | F13: =IF(COUNTIF('OCPP family members'!$B$13:$B$41,B13)>0, "Member", "")
B14: ORS-10 | C14: Maximum SampledDataTxUpdatedInterval supported | D14: … | F14: =IF(COUNTIF('OCPP family members'!$B$13:$B$41,B14)>0, "Member", "")
B15: ORS-11 | C15: Minimum HeartbeatInterval supported | D15: … | F15: =IF(COUNTIF('OCPP family members'!$B$13:$B$41,B15)>0, "Member", "")
B16: ORS-12 | C16: Maximum HeartbeatInterval supported | D16: … | F16: =IF(COUNTIF('OCPP family members'!$B$13:$B$41,B16)>0, "Member", "")
B17: ORS-14 | C17: Minimum WebSocketPingInterval supported | D17: … | F17: =IF(COUNTIF('OCPP family members'!$B$13:$B$41,B17)>0, "Member", "")
B18: ORS-15 | C18: Maximum WebSocketPingInterval supported | D18: … | F18: =IF(COUNTIF('OCPP family members'!$B$13:$B$41,B18)>0, "Member", "")
B19: ORS-16 | C19: WebSocketPingInterval | D19: <please provide the preconfigured value (max. 120 seconds)> | E19: =IF(AND('Profile selection'!$C$4="Yes",OR(D19="… ",D19="",NOT(ISERROR(FIND("<",D19))))),"<-- This field is required and must be >= 1,","") -> <-- This field is required and must be >= 1, | F19: =IF(COUNTIF('OCPP family members'!$B$13:$B$41,B19)>0, "Member", "")
B22: Id | C22: Security Related Settings | D22: Value
B23: ORS-17 | C23: Maximum CertificateEntries supported | D23: … | E23: =IF(AND('Profile selection'!$C$4="Yes",OR(D23="… ",D23="")),"<-- This field is required","") -> <-- This field is required | F23: =IF(COUNTIF('OCPP family members'!$B$13:$B$41,B23)>0, "Member", "")
B24: ORS-18 | C24: MaxCertificateChainSize | D24: … | F24: =IF(COUNTIF('OCPP family members'!$B$13:$B$41,B24)>0, "Member", "")
B27: Id | C27: Local Authorization List Management | D27: Value
B28: ORS-19 | C28: LocalAuthListEntries | D28: … | E28: =IF(AND(VLOOKUP("LA-0",'Optional features'!B:D,3,FALSE)="Yes",OR(D28="… ",D28="")),"<-- This field is required","") | F28: =IF(COUNTIF('OCPP family members'!$B$13:$B$41,B28)>0, "Member", "")
B29: ORS-20 | C29: ItemsPerMessageSendLocalList | D29: … | E29: =IF(AND(VLOOKUP("LA-0",'Optional features'!B:D,3,FALSE)="Yes",OR(D29="… ",D29="")),"<-- This field is required","") | F29: =IF(COUNTIF('OCPP family members'!$B$13:$B$41,B29)>0, "Member", "")
B30: ORS-21 | C30: BytesPerMessageSendLocalList | D30: … | E30: =IF(AND(VLOOKUP("LA-0",'Optional features'!B:D,3,FALSE)="Yes",OR(D30="… ",D30="")),"<-- This field is required","") | F30: =IF(COUNTIF('OCPP family members'!$B$13:$B$41,B30)>0, "Member", "")
F31: =IF(COUNTIF('OCPP family members'!$B$13:$B$41,B31)>0, "Member", "")
F32: =IF(COUNTIF('OCPP family members'!$B$13:$B$41,B32)>0, "Member", "")
B33: Id | C33: Certification Profile: Smart Charging | D33: Value
B34: ORS-22 | C34: ChargingProfileMaxStackLevel | D34: … | E34: =IF(AND('Profile selection'!$C$6="Yes",OR(D34="… ",D34="")),"<-- This field is required","") | F34: =IF(COUNTIF('OCPP family members'!$B$13:$B$41,B34)>0, "Member", "")
B35: ORS-23 | C35: PeriodsPerSchedule | D35: … | E35: =IF(AND('Profile selection'!$C$6="Yes",OR(D35="… ",D35="")),"<-- This field is required","") | F35: =IF(COUNTIF('OCPP family members'!$B$13:$B$41,B35)>0, "Member", "")
B36: ORS-28 | C36: ChargingProfilesEntries | D36: … | E36: =IF(AND('Profile selection'!$C$6="Yes",OR(D36="… ",D36="")),"<-- This field is required","") | F36: =IF(COUNTIF('OCPP family members'!$B$13:$B$41,B36)>0, "Member", "")
F37: =IF(COUNTIF('OCPP family members'!$B$13:$B$41,B37)>0, "Member", "")
F38: =IF(COUNTIF('OCPP family members'!$B$13:$B$41,B38)>0, "Member", "")
B39: Id | C39: Firmware Management Settings | D39: Value
B40: ORS-24 | C40: Supported file transfer protocols | D40: <please select the supported protocols> | E40: =IF(AND(NOT(ISBLANK(B40)),ISBLANK(D40)),"<--- Please select the supporteded file transfer protocol(s) from the list.",IF(NOT(ISERROR(FIND("<",D40))),"<--- Please select the supporteded file transfer protocol(s) from the list.",IF(ISERROR(MATCH(D40, MD!$P$1:$P$31, 0)), "<---- This field must be filled from the drop-down menu", ""))) -> <--- Please select the supporteded file transfer protocol(s) from the list. | F40: =IF(COUNTIF('OCPP family members'!$B$13:$B$41,B40)>0, "Member", "")
F41: =IF(COUNTIF('OCPP family members'!$B$13:$B$41,B41)>0, "Member", "")
F42: =IF(COUNTIF('OCPP family members'!$B$13:$B$41,B42)>0, "Member", "")
B43: Id | C43: Advanced Device Management | D43: Value
B44: ORS-25 | C44: ItemsPerMessageSetVariableMonitoring | D44: … | E44: =IF(AND(VLOOKUP("DM-0",'Optional features'!B:D,3,FALSE)="Yes",OR(D44="… ",D44="")),"<-- This field is required",IF(AND(VLOOKUP("DM-0",'Optional features'!B:D,3,FALSE)="No", AND(D44<>"… ",D44<>"")), "<-- This field must be left empty", "")) | F44: =IF(COUNTIF('OCPP family members'!$B$13:$B$41,B44)>0, "Member", "")
B45: ORS-26 | C45: BytesPerMessageSetVariableMonitoring | D45: … | E45: =IF(AND(VLOOKUP("DM-0",'Optional features'!B:D,3,FALSE)="Yes",OR(D45="… ",D45="")),"<-- This field is required",IF(AND(VLOOKUP("DM-0",'Optional features'!B:D,3,FALSE)="No", AND(D45<>"… ",D45<>"")), "<-- This field must be left empty", "")) | F45: =IF(COUNTIF('OCPP family members'!$B$13:$B$41,B45)>0, "Member", "")
B46: ORS-29 | C46: Preconfigured Monitor Id | D46: … | E46: =IF(_xlfn.XOR(OR(D46="… ",ISBLANK(D46)),'Additional questions'!D11="No"),"<-- This field is required when AQ-6 is selected and must be left empty otherwise.","") | F46: =IF(COUNTIF('OCPP family members'!$B$13:$B$41,B46)>0, "Member", "")
B47: ORS-30 | C47: Hardwired Monitor Id | D47: … | E47: =IF(_xlfn.XOR(OR(D47="… ",ISBLANK(D47)),'Additional questions'!D9="No"),"<-- This field is required when AQ-5 is selected and must be left empty otherwise.","") | F47: =IF(COUNTIF('OCPP family members'!$B$13:$B$41,B47)>0, "Member", "")
B48: ORS-31 | C48: Numeric Monitor Component.Variable | D48: … | E48: =IF(AND(VLOOKUP("DM-0",'Optional features'!B:D,3,FALSE)="Yes",OR(D48="… ", D48="")),"<-- This field is required, the required format is: ComponentName[instance].Evse.Connector.VariableName[instance], where Evse, Connector and instance are optional",IF(AND(VLOOKUP("DM-0",'Optional features'!B:D,3,FALSE)="No", AND(D48<>"… ",D48<>"")), "<-- This field must be left empty", "")) | F48: =IF(COUNTIF('OCPP family members'!$B$13:$B$41,B48)>0, "Member", "")
B49: ORS-32 | C49: Numeric Monitor Value | D49: … | E49: =IF(AND(VLOOKUP("DM-0",'Optional features'!B:D,3,FALSE)="Yes",OR(D49="… ", D49="")),"<-- This field is required",IF(AND(VLOOKUP("DM-0",'Optional features'!B:D,3,FALSE)="No", AND(D49<>"… ",D49<>"")), "<-- This field must be left empty", "")) | F49: =IF(COUNTIF('OCPP family members'!$B$13:$B$41,B49)>0, "Member", "")
B50: ORS-33 | C50: Non-Numeric Monitor Component.Variable | D50: … | E50: =IF(AND(VLOOKUP("DM-0",'Optional features'!B:D,3,FALSE)="Yes",OR(D50="… ", D50="")),"<-- This field is required, the required format is: ComponentName[instance].Evse.Connector.VariableName[instance], where Evse, Connector and instance are optional",IF(AND(VLOOKUP("DM-0",'Optional features'!B:D,3,FALSE)="No", AND(D50<>"… ",D50<>"")), "<-- This field must be left empty", "")) | F50: =IF(COUNTIF('OCPP family members'!$B$13:$B$41,B50)>0, "Member", "")
B51: ORS-34 | C51: Non-Numeric Monitor Value | D51: … | E51: =IF(AND(VLOOKUP("DM-0",'Optional features'!B:D,3,FALSE)="Yes",OR(D51="… ", D51="")),"<-- This field is required",IF(AND(VLOOKUP("DM-0",'Optional features'!B:D,3,FALSE)="No", AND(D51<>"… ",D51<>"")), "<-- This field must be left empty", "")) | F51: =IF(COUNTIF('OCPP family members'!$B$13:$B$41,B51)>0, "Member", "")
B52: ORS-35 | C52: Threshold Monitor With MaxLimit Component.Variable | D52: … | E52: =IF(AND(VLOOKUP("DM-0",'Optional features'!B:D,3,FALSE)="Yes",OR(D52="… ", D52="")),"<-- This field is required, the required format is: ComponentName[instance].Evse.Connector.VariableName[instance], where Evse, Connector and instance are optional",IF(AND(VLOOKUP("DM-0",'Optional features'!B:D,3,FALSE)="No", AND(D52<>"… ",D52<>"")), "<-- This field must be left empty", "")) | F52: =IF(COUNTIF('OCPP family members'!$B$13:$B$41,B52)>0, "Member", "")
B53: ORS-36 | C53: MaxLimit Monitor Value | D53: … | E53: =IF(AND(VLOOKUP("DM-0",'Optional features'!B:D,3,FALSE)="Yes",OR(D53="… ", D53="")),"<-- This field is required",IF(AND(VLOOKUP("DM-0",'Optional features'!B:D,3,FALSE)="No", AND(D53<>"… ",D53<>"")), "<-- This field must be left empty", "")) | F53: =IF(COUNTIF('OCPP family members'!$B$13:$B$41,B53)>0, "Member", "")
B54: ORS-37 | C54: Threshold Monitor Component.Variable | D54: … | E54: =IF(AND(VLOOKUP("DM-0",'Optional features'!B:D,3,FALSE)="Yes",OR(D54="… ", D54="")),"<-- This field is required, the required format is: ComponentName[instance].Evse.Connector.VariableName[instance], where Evse, Connector and instance are optional",IF(AND(VLOOKUP("DM-0",'Optional features'!B:D,3,FALSE)="No", AND(D54<>"… ",D54<>"")), "<-- This field must be left empty", "")) | F54: =IF(COUNTIF('OCPP family members'!$B$13:$B$41,B54)>0, "Member", "")
B55: ORS-38 | C55: Lower Threshold Monitor Value | D55: … | E55: =IF(AND(VLOOKUP("DM-0",'Optional features'!B:D,3,FALSE)="Yes",OR(D55="… ", D55="")),"<-- This field is required",IF(AND(VLOOKUP("DM-0",'Optional features'!B:D,3,FALSE)="No", AND(D55<>"… ",D55<>"")), "<-- This field must be left empty", "")) | F55: =IF(COUNTIF('OCPP family members'!$B$13:$B$41,B55)>0, "Member", "")
B56: ORS-39 | C56: Upper Threshold Monitor Value | D56: … | E56: =IF(AND(VLOOKUP("DM-0",'Optional features'!B:D,3,FALSE)="Yes",OR(D56="… ", D56="")),"<-- This field is required",IF(AND(VLOOKUP("DM-0",'Optional features'!B:D,3,FALSE)="No", AND(D56<>"… ",D56<>"")), "<-- This field must be left empty", "")) | F56: =IF(COUNTIF('OCPP family members'!$B$13:$B$41,B56)>0, "Member", "")
B57: ORS-40 | C57: Non-Trigger Threshold Monitor Value | D57: … | E57: =IF(AND(VLOOKUP("DM-0",'Optional features'!B:D,3,FALSE)="Yes",OR(D57="… ", D57="")),"<-- This field is required",IF(AND(VLOOKUP("DM-0",'Optional features'!B:D,3,FALSE)="No", AND(D57<>"… ",D57<>"")), "<-- This field must be left empty", "")) | F57: =IF(COUNTIF('OCPP family members'!$B$13:$B$41,B57)>0, "Member", "")
F58: =IF(COUNTIF('OCPP family members'!$B$13:$B$41,B58)>0, "Member", "")
F59: =IF(COUNTIF('OCPP family members'!$B$13:$B$41,B59)>0, "Member", "")
B60: Id | C60: Advanced User Interface | D60: Value
B61: ORS-27 | C61: NumberOfDisplayMessages | D61: … | E61: =IF(AND(VLOOKUP("UI-0",'Optional features'!B:D,3,FALSE)="Yes",OR(D61="… ",D61="")),"<-- This field is required","") | F61: =IF(COUNTIF('OCPP family members'!$B$13:$B$41,B61)>0, "Member", "")
B62: ORS-41 | C62: Primary Display Component | D62: … | E62: =IF(AND(VLOOKUP("UI-0",'Optional features'!B:D,3,FALSE)="Yes",OR(D62="…", D62="")),"<-- This field is required, the required format is: ComponentName[instance].Evse.Connector, where Evse, Connector and instance are optional","") | F62: =IF(COUNTIF('OCPP family members'!$B$13:$B$41,B62)>0, "Member", "")

Sheet Vendor Specific Settings
B2: Vendor specific settings and limits
B3: The table below should contain all relevant non-OCPP settings of the System Under Test that are relevant for the test laboratory and for the correct OCPP-compliant functioning :
B5: Configuration Setting | C5: Configured Value | D5: Description
B6: … | C6: … | D6: …
B7: … | C7: ... | D7: …
B8: … | C8: … | D8: …
B9: … | C9: ... | D9: …
B10: … | C10: … | D10: …
B11: … | C11: ... | D11: …
B12: … | C12: … | D12: …
B13: … | C13: ... | D13: …
B14: … | C14: … | D14: …
B15: … | C15: ... | D15: …
B16: … | C16: … | D16: …
... B28: … | C28: … | D28: …

Sheet Performance Measurement
B1: Performance measurement | H1: Performance Measurement is currently: | I1: =IF(AND(ISERROR(FIND("<",_xlfn.CONCAT(Perf_Values))),_xlfn.CONCAT(Perf_validation)="",ISERROR(FIND("<",C17))),"VALID","INVALID") -> INVALID
B2: The tables below shows the list of key performance indicators that are measured during the conformance test. The first table indicates the values that the vendor indicates that are valid maximum values for this product. The second table lists the actual performance measurements during the tests performed in a controlled environment. | H2: The complete PICS is currently | I2: ='Statement of Approval'!$O$2 -> INVALID
B3: Vendor provided performance values
B4: Name | C4: Max Value | D4: Unit | E4: Description
B5: OCPP response time | C5: <vendor maximum> | D5: seconds | E5: The response time for when waiting for an OCPP response message after sending an OCPP request message. This entails all OCPP messages. Messages to the DUT can be handled within this timeout. | H5: =IF(ISBLANK(C5),"<---- This field cannot be left empty!","") | I5: =IF(COUNTIF('OCPP family members'!$B$13:$B$41,B5)>0, "Member", "")
B6: OCPP triggered function response time (asynchronous reporting) | C6: <vendor maximum> | D6: seconds | E6: The response time used when waiting for an asynchronous OCPP report after requesting this report (the time between receiving a GetReportRequest, GetBaseReportRequest or CustomerInformationRequest and lthe last corresponding NotifyReportRequest or NotifyCustomerInformationRequest). | H6: =IF(ISBLANK(C6),"<---- This field cannot be left empty!","") | I6: =IF(COUNTIF('OCPP family members'!$B$13:$B$41,B6)>0, "Member", "")
B7: Transaction authorization time by RequestStartTransactionRequest | C7: <vendor maximum> | D7: seconds | E7: The time between a RequestStartTransactionRequest and the corresponding TransactionEventRequest (with triggerReason RemoteStart). Only cases where the RequestStartTransactionRequest immediately results in an authorization followed by a TransactionEventRequest (with triggerReason RemoteStart), without the need of any additional manual actions or chargingState transitions inbetween are included. | H7: =IF(ISBLANK(C7),"<---- This field cannot be left empty!","") | I7: =IF(COUNTIF('OCPP family members'!$B$13:$B$41,B7)>0, "Member", "")
B8: Transaction authorization end time by RequestStopTransactionRequest | C8: <vendor maximum> | D8: seconds | E8: The time between a RequestStopTransactionRequest and the corresponding TransactionEventRequest (with triggerReason RemoteStop) Only cases where the RequestStopTransactionRequest immediately results in an end of the authorization followed by a TransactionEventRequest (with triggerReason RemoteStop), that do not contain transactionInfo.chargingState = EVConnected (to exclude chargingState transitions) are included. | H8: =IF(ISBLANK(C8),"<---- This field cannot be left empty!","") | I8: =IF(COUNTIF('OCPP family members'!$B$13:$B$41,B8)>0, "Member", "")
B10: Measured performance (filled in by testlab after completion of the tests)
B11: Name | C11: Min Value | D11: Max Value | E11: Average Value | F11: Unit
B12: OCPP response time | C12: =IFERROR(VLOOKUP("perf_Overall_min",'HIDDEN Testrun Results'!$A:$B,2,FALSE),"<min. measurement>") -> <min. measurement> | D12: =IFERROR(VLOOKUP("perf_Overall_max",'HIDDEN Testrun Results'!$A:$B,2,FALSE),"<max. measurement>") -> <max. measurement> | E12: =IFERROR(VLOOKUP("perf_Overall_avg",'HIDDEN Testrun Results'!$A:$B,2,FALSE),"<avg. measurement>") -> <avg. measurement> | F12: seconds
B13: OCPP triggered function response time (asynchronous reporting) | C13: =IFERROR(VLOOKUP("perf_Asynchronous_min",'HIDDEN Testrun Results'!$A:$B,2,FALSE),"<min. measurement>") -> <min. measurement> | D13: =IFERROR(VLOOKUP("perf_Asynchronous_max",'HIDDEN Testrun Results'!$A:$B,2,FALSE),"<max. measurement>") -> <max. measurement> | E13: =IFERROR(VLOOKUP("perf_Asynchronous_avg",'HIDDEN Testrun Results'!$A:$B,2,FALSE),"<avg. measurement>") -> <avg. measurement> | F13: seconds
B14: Transaction authorization time by RequestStartTransactionRequest | C14: =IFERROR(VLOOKUP("perf_RequestStartTransaction - TransactionEvent_min",'HIDDEN Testrun Results'!$A:$B,2,FALSE),"<min. measurement>") -> <min. measurement> | D14: =IFERROR(VLOOKUP("perf_RequestStartTransaction - TransactionEvent_max",'HIDDEN Testrun Results'!$A:$B,2,FALSE),"<max. measurement>") -> <max. measurement> | E14: =IFERROR(VLOOKUP("perf_RequestStartTransaction - TransactionEvent_avg",'HIDDEN Testrun Results'!$A:$B,2,FALSE),"<avg. measurement>") -> <avg. measurement> | F14: seconds
B15: Transaction authorization end time by RequestStopTransactionRequest | C15: =IFERROR(VLOOKUP("perf_RequestStopTransaction - TransactionEvent_min",'HIDDEN Testrun Results'!$A:$B,2,FALSE),"<min. measurement>") -> <min. measurement> | D15: =IFERROR(VLOOKUP("perf_RequestStopTransaction - TransactionEvent_max",'HIDDEN Testrun Results'!$A:$B,2,FALSE),"<max. measurement>") -> <max. measurement> | E15: =IFERROR(VLOOKUP("perf_RequestStopTransaction - TransactionEvent_avg",'HIDDEN Testrun Results'!$A:$B,2,FALSE),"<avg. measurement>") -> <avg. measurement> | F15: seconds
B17: Communication technology used during performance measurement: | C17: <WiFi / ethernet / mobile> | D17: =IF(AND(C17 <> "WiFi", C17 <> "Ethernet", C17 <> "Mobile Network"),"<---- This field must be filled from the drop-down menu","") -> <---- This field must be filled from the drop-down menu
B19: Please note: only 1 communication technology is measured for performance, so if multiple technologies available in a Charging Station, please select for which the measurements should be executed by the lab.

Sheet Charging Station Testcases
A1: The following list contains all Test cases that are required for a full conformance test for a product that is defined as in the configuration in this document. This is the complete list of test cases for this configuration, each of these test cases has been passed using the Test System defined above. Please note that test cases that are not applicable for this configuration are left out of this list, so this is a subset of the test cases that are listed and described in part 5 and 6 of the OCPP specification .
A2: Testcase | B2: Certification Profile | C2: Name | D2: Mandatory / Conditional | E2: Feature ID | F2: Feature Name | G2: Status | H2: Perform test for certification (based on PICS) | I2: Required test based on configuration | J2: Profile selected | K2: Test lab result | L2: Test lab remark
A3: ='HIDDEN import'!B2 -> TC_A_01_CS | B3: ='HIDDEN import'!C2 -> Core | C3: ='HIDDEN import'!D2 -> Basic Authentication - Valid username/password combination | D3: =IF(VLOOKUP(A3&" "&B3,'HIDDEN import'!A:G,5,FALSE)="M",MD!$A$1,(IF(AND(VLOOKUP(A3,'HIDDEN import'!B:E,4,FALSE)="C",OR(NOT(ISERROR(VLOOKUP(E3,'Optional features'!B:D,1,FALSE)=E3)),NOT(ISERROR(VLOOKUP(E3,'HIDDEN calc sheet'!A:C,1,FALSE)=E3)))),MD!$A$3,MD!$A$2))) -> Mandatory test for a mandatory feature | E3: =IF('HIDDEN import'!F2=0,"",'HIDDEN import'!F2) | F3: =IF('HIDDEN import'!G2=0,"",'HIDDEN import'!G2) | G3: =IFERROR(VLOOKUP($A3,'HIDDEN Testrun Results'!$A:$B,2,FALSE),"") | H3: =IF(NOT(J3),FALSE,IF(NOT(ISLOGICAL(I3)),I3,AND(I3,J3))) -> TRUE | I3: =IF(VLOOKUP(A3&" "&B3,'HIDDEN import'!A:G,5,FALSE)="M",TRUE,IFERROR(VLOOKUP(E3,'Optional features'!B:D,3,FALSE)="Yes",IFERROR(VLOOKUP(E3,'HIDDEN calc sheet'!A:B,2,FALSE),IFERROR(VLOOKUP(E3,'Additional questions'!B:D,3,FALSE)="Yes",VLOOKUP(E3,'Hardware Feature set'!B:D,3,FALSE)="No")))) -> TRUE | J3: =IF(VLOOKUP(B3,'Profile selection'!B:C,2,FALSE)="Yes",TRUE,FALSE) -> TRUE
A4: ='HIDDEN import'!B3 -> TC_A_09_CS | B4: ='HIDDEN import'!C3 -> Core | C4: ='HIDDEN import'!D3 -> Update Charging Station Password for HTTP Basic Authentication - Accepted | D4: =IF(VLOOKUP(A4&" "&B4,'HIDDEN import'!A:G,5,FALSE)="M",MD!$A$1,(IF(AND(VLOOKUP(A4,'HIDDEN import'!B:E,4,FALSE)="C",OR(NOT(ISERROR(VLOOKUP(E4,'Optional features'!B:D,1,FALSE)=E4)),NOT(ISERROR(VLOOKUP(E4,'HIDDEN calc sheet'!A:C,1,FALSE)=E4)))),MD!$A$3,MD!$A$2))) -> Mandatory test for a mandatory feature | E4: =IF('HIDDEN import'!F3=0,"",'HIDDEN import'!F3) | F4: =IF('HIDDEN import'!G3=0,"",'HIDDEN import'!G3) | G4: =IFERROR(VLOOKUP($A4,'HIDDEN Testrun Results'!$A:$B,2,FALSE),"") | H4: =IF(NOT(J4),FALSE,IF(NOT(ISLOGICAL(I4)),I4,AND(I4,J4))) -> TRUE | I4: =IF(VLOOKUP(A4&" "&B4,'HIDDEN import'!A:G,5,FALSE)="M",TRUE,IFERROR(VLOOKUP(E4,'Optional features'!B:D,3,FALSE)="Yes",IFERROR(VLOOKUP(E4,'HIDDEN calc sheet'!A:B,2,FALSE),IFERROR(VLOOKUP(E4,'Additional questions'!B:D,3,FALSE)="Yes",VLOOKUP(E4,'Hardware Feature set'!B:D,3,FALSE)="No")))) -> TRUE | J4: =IF(VLOOKUP(B4,'Profile selection'!B:C,2,FALSE)="Yes",TRUE,FALSE) -> TRUE
A5: ='HIDDEN import'!B4 -> TC_A_10_CS | B5: ='HIDDEN import'!C4 -> Core | C5: ='HIDDEN import'!D4 -> Update Charging Station Password for HTTP Basic Authentication - Rejected | D5: =IF(VLOOKUP(A5&" "&B5,'HIDDEN import'!A:G,5,FALSE)="M",MD!$A$1,(IF(AND(VLOOKUP(A5,'HIDDEN import'!B:E,4,FALSE)="C",OR(NOT(ISERROR(VLOOKUP(E5,'Optional features'!B:D,1,FALSE)=E5)),NOT(ISERROR(VLOOKUP(E5,'HIDDEN calc sheet'!A:C,1,FALSE)=E5)))),MD!$A$3,MD!$A$2))) -> Mandatory test for a mandatory feature | E5: =IF('HIDDEN import'!F4=0,"",'HIDDEN import'!F4) | F5: =IF('HIDDEN import'!G4=0,"",'HIDDEN import'!G4) | G5: =IFERROR(VLOOKUP($A5,'HIDDEN Testrun Results'!$A:$B,2,FALSE),"") | H5: =IF(NOT(J5),FALSE,IF(NOT(ISLOGICAL(I5)),I5,AND(I5,J5))) -> TRUE | I5: =IF(VLOOKUP(A5&" "&B5,'HIDDEN import'!A:G,5,FALSE)="M",TRUE,IFERROR(VLOOKUP(E5,'Optional features'!B:D,3,FALSE)="Yes",IFERROR(VLOOKUP(E5,'HIDDEN calc sheet'!A:B,2,FALSE),IFERROR(VLOOKUP(E5,'Additional questions'!B:D,3,FALSE)="Yes",VLOOKUP(E5,'Hardware Feature set'!B:D,3,FALSE)="No")))) -> TRUE | J5: =IF(VLOOKUP(B5,'Profile selection'!B:C,2,FALSE)="Yes",TRUE,FALSE) -> TRUE
A6: ='HIDDEN import'!B5 -> TC_A_04_CS | B6: ='HIDDEN import'!C5 -> Core | C6: ='HIDDEN import'!D5 -> TLS - server-side certificate - Valid certificate | D6: =IF(VLOOKUP(A6&" "&B6,'HIDDEN import'!A:G,5,FALSE)="M",MD!$A$1,(IF(AND(VLOOKUP(A6,'HIDDEN import'!B:E,4,FALSE)="C",OR(NOT(ISERROR(VLOOKUP(E6,'Optional features'!B:D,1,FALSE)=E6)),NOT(ISERROR(VLOOKUP(E6,'HIDDEN calc sheet'!A:C,1,FALSE)=E6)))),MD!$A$3,MD!$A$2))) -> Mandatory test for a mandatory feature | E6: =IF('HIDDEN import'!F5=0,"",'HIDDEN import'!F5) | F6: =IF('HIDDEN import'!G5=0,"",'HIDDEN import'!G5) | G6: =IFERROR(VLOOKUP($A6,'HIDDEN Testrun Results'!$A:$B,2,FALSE),"") | H6: =IF(NOT(J6),FALSE,IF(NOT(ISLOGICAL(I6)),I6,AND(I6,J6))) -> TRUE | I6: =IF(VLOOKUP(A6&" "&B6,'HIDDEN import'!A:G,5,FALSE)="M",TRUE,IFERROR(VLOOKUP(E6,'Optional features'!B:D,3,FALSE)="Yes",IFERROR(VLOOKUP(E6,'HIDDEN calc sheet'!A:B,2,FALSE),IFERROR(VLOOKUP(E6,'Additional questions'!B:D,3,FALSE)="Yes",VLOOKUP(E6,'Hardware Feature set'!B:D,3,FALSE)="No")))) -> TRUE | J6: =IF(VLOOKUP(B6,'Profile selection'!B:C,2,FALSE)="Yes",TRUE,FALSE) -> TRUE
A7: ='HIDDEN import'!B6 -> TC_A_05_CS | B7: ='HIDDEN import'!C6 -> Core | C7: ='HIDDEN import'!D6 -> TLS - server-side certificate - Invalid certificate | D7: =IF(VLOOKUP(A7&" "&B7,'HIDDEN import'!A:G,5,FALSE)="M",MD!$A$1,(IF(AND(VLOOKUP(A7,'HIDDEN import'!B:E,4,FALSE)="C",OR(NOT(ISERROR(VLOOKUP(E7,'Optional features'!B:D,1,FALSE)=E7)),NOT(ISERROR(VLOOKUP(E7,'HIDDEN calc sheet'!A:C,1,FALSE)=E7)))),MD!$A$3,MD!$A$2))) -> Mandatory test for a mandatory feature | E7: =IF('HIDDEN import'!F6=0,"",'HIDDEN import'!F6) | F7: =IF('HIDDEN import'!G6=0,"",'HIDDEN import'!G6) | G7: =IFERROR(VLOOKUP($A7,'HIDDEN Testrun Results'!$A:$B,2,FALSE),"") | H7: =IF(NOT(J7),FALSE,IF(NOT(ISLOGICAL(I7)),I7,AND(I7,J7))) -> TRUE | I7: =IF(VLOOKUP(A7&" "&B7,'HIDDEN import'!A:G,5,FALSE)="M",TRUE,IFERROR(VLOOKUP(E7,'Optional features'!B:D,3,FALSE)="Yes",IFERROR(VLOOKUP(E7,'HIDDEN calc sheet'!A:B,2,FALSE),IFERROR(VLOOKUP(E7,'Additional questions'!B:D,3,FALSE)="Yes",VLOOKUP(E7,'Hardware Feature set'!B:D,3,FALSE)="No")))) -> TRUE | J7: =IF(VLOOKUP(B7,'Profile selection'!B:C,2,FALSE)="Yes",TRUE,FALSE) -> TRUE
A8: ='HIDDEN import'!B7 -> TC_A_06_CS | B8: ='HIDDEN import'!C7 -> Core | C8: ='HIDDEN import'!D7 -> TLS - server-side certificate - TLS version too low | D8: =IF(VLOOKUP(A8&" "&B8,'HIDDEN import'!A:G,5,FALSE)="M",MD!$A$1,(IF(AND(VLOOKUP(A8,'HIDDEN import'!B:E,4,FALSE)="C",OR(NOT(ISERROR(VLOOKUP(E8,'Optional features'!B:D,1,FALSE)=E8)),NOT(ISERROR(VLOOKUP(E8,'HIDDEN calc sheet'!A:C,1,FALSE)=E8)))),MD!$A$3,MD!$A$2))) -> Mandatory test for a mandatory feature | E8: =IF('HIDDEN import'!F7=0,"",'HIDDEN import'!F7) | F8: =IF('HIDDEN import'!G7=0,"",'HIDDEN import'!G7) | G8: =IFERROR(VLOOKUP($A8,'HIDDEN Testrun Results'!$A:$B,2,FALSE),"") | H8: =IF(NOT(J8),FALSE,IF(NOT(ISLOGICAL(I8)),I8,AND(I8,J8))) -> TRUE | I8: =IF(VLOOKUP(A8&" "&B8,'HIDDEN import'!A:G,5,FALSE)="M",TRUE,IFERROR(VLOOKUP(E8,'Optional features'!B:D,3,FALSE)="Yes",IFERROR(VLOOKUP(E8,'HIDDEN calc sheet'!A:B,2,FALSE),IFERROR(VLOOKUP(E8,'Additional questions'!B:D,3,FALSE)="Yes",VLOOKUP(E8,'Hardware Feature set'!B:D,3,FALSE)="No")))) -> TRUE | J8: =IF(VLOOKUP(B8,'Profile selection'!B:C,2,FALSE)="Yes",TRUE,FALSE) -> TRUE
A9: ='HIDDEN import'!B8 -> TC_A_19_CS | B9: ='HIDDEN import'!C8 -> Core | C9: ='HIDDEN import'!D8 -> Upgrade Charging Station Security Profile - Accepted | D9: =IF(VLOOKUP(A9&" "&B9,'HIDDEN import'!A:G,5,FALSE)="M",MD!$A$1,(IF(AND(VLOOKUP(A9,'HIDDEN import'!B:E,4,FALSE)="C",OR(NOT(ISERROR(VLOOKUP(E9,'Optional features'!B:D,1,FALSE)=E9)),NOT(ISERROR(VLOOKUP(E9,'HIDDEN calc sheet'!A:C,1,FALSE)=E9)))),MD!$A$3,MD!$A$2))) -> Mandatory for optional feature | E9: =IF('HIDDEN import'!F8=0,"",'HIDDEN import'!F8) -> C-61 OR Advanced Security | F9: =IF('HIDDEN import'!G8=0,"",'HIDDEN import'!G8) | G9: =IFERROR(VLOOKUP($A9,'HIDDEN Testrun Results'!$A:$B,2,FALSE),"") | H9: =IF(NOT(J9),FALSE,IF(NOT(ISLOGICAL(I9)),I9,AND(I9,J9))) -> TRUE | I9: =IF(VLOOKUP(A9&" "&B9,'HIDDEN import'!A:G,5,FALSE)="M",TRUE,IFERROR(VLOOKUP(E9,'Optional features'!B:D,3,FALSE)="Yes",IFERROR(VLOOKUP(E9,'HIDDEN calc sheet'!A:B,2,FALSE),IFERROR(VLOOKUP(E9,'Additional questions'!B:D,3,FALSE)="Yes",VLOOKUP(E9,'Hardware Feature set'!B:D,3,FALSE)="No")))) -> TRUE | J9: =IF(VLOOKUP(B9,'Profile selection'!B:C,2,FALSE)="Yes",TRUE,FALSE) -> TRUE
A10: ='HIDDEN import'!B9 -> TC_A_20_CS | B10: ='HIDDEN import'!C9 -> Core | C10: ='HIDDEN import'!D9 -> Upgrade Charging Station Security Profile - No valid CSMSRootCertificate installed | D10: =IF(VLOOKUP(A10&" "&B10,'HIDDEN import'!A:G,5,FALSE)="M",MD!$A$1,(IF(AND(VLOOKUP(A10,'HIDDEN import'!B:E,4,FALSE)="C",OR(NOT(ISERROR(VLOOKUP(E10,'Optional features'!B:D,1,FALSE)=E10)),NOT(ISERROR(VLOOKUP(E10,'HIDDEN calc sheet'!A:C,1,FALSE)=E10)))),MD!$A$3,MD!$A$2))) -> Mandatory for optional feature | E10: =IF('HIDDEN import'!F9=0,"",'HIDDEN import'!F9) -> AQ-1 and C-61 | F10: =IF('HIDDEN import'!G9=0,"",'HIDDEN import'!G9) -> Can the last CSMSRootCertificate be removed? Security Profile 1 - Unsecured Transport with Basic Authentication | G10: =IFERROR(VLOOKUP($A10,'HIDDEN Testrun Results'!$A:$B,2,FALSE),"") | H10: =IF(NOT(J10),FALSE,IF(NOT(ISLOGICAL(I10)),I10,AND(I10,J10))) -> FALSE | I10: =IF(VLOOKUP(A10&" "&B10,'HIDDEN import'!A:G,5,FALSE)="M",TRUE,IFERROR(VLOOKUP(E10,'Optional features'!B:D,3,FALSE)="Yes",IFERROR(VLOOKUP(E10,'HIDDEN calc sheet'!A:B,2,FALSE),IFERROR(VLOOKUP(E10,'Additional questions'!B:D,3,FALSE)="Yes",VLOOKUP(E10,'Hardware Feature set'!B:D,3,FALSE)="No")))) -> FALSE | J10: =IF(VLOOKUP(B10,'Profile selection'!B:C,2,FALSE)="Yes",TRUE,FALSE) -> TRUE
A11: ='HIDDEN import'!B10 -> TC_A_22_CS | B11: ='HIDDEN import'!C10 -> Core | C11: ='HIDDEN import'!D10 -> Upgrade Charging Station Security Profile - Downgrade security profile - Rejected | D11: =IF(VLOOKUP(A11&" "&B11,'HIDDEN import'!A:G,5,FALSE)="M",MD!$A$1,(IF(AND(VLOOKUP(A11,'HIDDEN import'!B:E,4,FALSE)="C",OR(NOT(ISERROR(VLOOKUP(E11,'Optional features'!B:D,1,FALSE)=E11)),NOT(ISERROR(VLOOKUP(E11,'HIDDEN calc sheet'!A:C,1,FALSE)=E11)))),MD!$A$3,MD!$A$2))) -> Mandatory test for a mandatory feature | E11: =IF('HIDDEN import'!F10=0,"",'HIDDEN import'!F10) | F11: =IF('HIDDEN import'!G10=0,"",'HIDDEN import'!G10) | G11: =IFERROR(VLOOKUP($A11,'HIDDEN Testrun Results'!$A:$B,2,FALSE),"") | H11: =IF(NOT(J11),FALSE,IF(NOT(ISLOGICAL(I11)),I11,AND(I11,J11))) -> TRUE | I11: =IF(VLOOKUP(A11&" "&B11,'HIDDEN import'!A:G,5,FALSE)="M",TRUE,IFERROR(VLOOKUP(E11,'Optional features'!B:D,3,FALSE)="Yes",IFERROR(VLOOKUP(E11,'HIDDEN calc sheet'!A:B,2,FALSE),IFERROR(VLOOKUP(E11,'Additional questions'!B:D,3,FALSE)="Yes",VLOOKUP(E11,'Hardware Feature set'!B:D,3,FALSE)="No")))) -> TRUE | J11: =IF(VLOOKUP(B11,'Profile selection'!B:C,2,FALSE)="Yes",TRUE,FALSE) -> TRUE
A12: ='HIDDEN import'!B11 -> TC_B_01_CS | B12: ='HIDDEN import'!C11 -> Core | C12: ='HIDDEN import'!D11 -> Cold Boot Charging Station - Accepted | D12: =IF(VLOOKUP(A12&" "&B12,'HIDDEN import'!A:G,5,FALSE)="M",MD!$A$1,(IF(AND(VLOOKUP(A12,'HIDDEN import'!B:E,4,FALSE)="C",OR(NOT(ISERROR(VLOOKUP(E12,'Optional features'!B:D,1,FALSE)=E12)),NOT(ISERROR(VLOOKUP(E12,'HIDDEN calc sheet'!A:C,1,FALSE)=E12)))),MD!$A$3,MD!$A$2))) -> Mandatory test for a mandatory feature | E12: =IF('HIDDEN import'!F11=0,"",'HIDDEN import'!F11) | F12: =IF('HIDDEN import'!G11=0,"",'HIDDEN import'!G11) | G12: =IFERROR(VLOOKUP($A12,'HIDDEN Testrun Results'!$A:$B,2,FALSE),"") | H12: =IF(NOT(J12),FALSE,IF(NOT(ISLOGICAL(I12)),I12,AND(I12,J12))) -> TRUE | I12: =IF(VLOOKUP(A12&" "&B12,'HIDDEN import'!A:G,5,FALSE)="M",TRUE,IFERROR(VLOOKUP(E12,'Optional features'!B:D,3,FALSE)="Yes",IFERROR(VLOOKUP(E12,'HIDDEN calc sheet'!A:B,2,FALSE),IFERROR(VLOOKUP(E12,'Additional questions'!B:D,3,FALSE)="Yes",VLOOKUP(E12,'Hardware Feature set'!B:D,3,FALSE)="No")))) -> TRUE | J12: =IF(VLOOKUP(B12,'Profile selection'!B:C,2,FALSE)="Yes",TRUE,FALSE) -> TRUE
A13: ='HIDDEN import'!B12 -> TC_B_02_CS | B13: ='HIDDEN import'!C12 -> Core | C13: ='HIDDEN import'!D12 -> Cold Boot Charging Station - Pending | D13: =IF(VLOOKUP(A13&" "&B13,'HIDDEN import'!A:G,5,FALSE)="M",MD!$A$1,(IF(AND(VLOOKUP(A13,'HIDDEN import'!B:E,4,FALSE)="C",OR(NOT(ISERROR(VLOOKUP(E13,'Optional features'!B:D,1,FALSE)=E13)),NOT(ISERROR(VLOOKUP(E13,'HIDDEN calc sheet'!A:C,1,FALSE)=E13)))),MD!$A$3,MD!$A$2))) -> Mandatory test for a mandatory feature | E13: =IF('HIDDEN import'!F12=0,"",'HIDDEN import'!F12) | F13: =IF('HIDDEN import'!G12=0,"",'HIDDEN import'!G12) | G13: =IFERROR(VLOOKUP($A13,'HIDDEN Testrun Results'!$A:$B,2,FALSE),"") | H13: =IF(NOT(J13),FALSE,IF(NOT(ISLOGICAL(I13)),I13,AND(I13,J13))) -> TRUE | I13: =IF(VLOOKUP(A13&" "&B13,'HIDDEN import'!A:G,5,FALSE)="M",TRUE,IFERROR(VLOOKUP(E13,'Optional features'!B:D,3,FALSE)="Yes",IFERROR(VLOOKUP(E13,'HIDDEN calc sheet'!A:B,2,FALSE),IFERROR(VLOOKUP(E13,'Additional questions'!B:D,3,FALSE)="Yes",VLOOKUP(E13,'Hardware Feature set'!B:D,3,FALSE)="No")))) -> TRUE | J13: =IF(VLOOKUP(B13,'Profile selection'!B:C,2,FALSE)="Yes",TRUE,FALSE) -> TRUE
A14: ='HIDDEN import'!B13 -> TC_B_03_CS | B14: ='HIDDEN import'!C13 -> Core | C14: ='HIDDEN import'!D13 -> Cold Boot Charging Station - Rejected | D14: =IF(VLOOKUP(A14&" "&B14,'HIDDEN import'!A:G,5,FALSE)="M",MD!$A$1,(IF(AND(VLOOKUP(A14,'HIDDEN import'!B:E,4,FALSE)="C",OR(NOT(ISERROR(VLOOKUP(E14,'Optional features'!B:D,1,FALSE)=E14)),NOT(ISERROR(VLOOKUP(E14,'HIDDEN calc sheet'!A:C,1,FALSE)=E14)))),MD!$A$3,MD!$A$2))) -> Mandatory test for a mandatory feature | E14: =IF('HIDDEN import'!F13=0,"",'HIDDEN import'!F13) | F14: =IF('HIDDEN import'!G13=0,"",'HIDDEN import'!G13) | G14: =IFERROR(VLOOKUP($A14,'HIDDEN Testrun Results'!$A:$B,2,FALSE),"") | H14: =IF(NOT(J14),FALSE,IF(NOT(ISLOGICAL(I14)),I14,AND(I14,J14))) -> TRUE | I14: =IF(VLOOKUP(A14&" "&B14,'HIDDEN import'!A:G,5,FALSE)="M",TRUE,IFERROR(VLOOKUP(E14,'Optional features'!B:D,3,FALSE)="Yes",IFERROR(VLOOKUP(E14,'HIDDEN calc sheet'!A:B,2,FALSE),IFERROR(VLOOKUP(E14,'Additional questions'!B:D,3,FALSE)="Yes",VLOOKUP(E14,'Hardware Feature set'!B:D,3,FALSE)="No")))) -> TRUE | J14: =IF(VLOOKUP(B14,'Profile selection'!B:C,2,FALSE)="Yes",TRUE,FALSE) -> TRUE
... A598: ='HIDDEN import'!B597 -> TC_R_108_CS | B598: ='HIDDEN import'!C597 -> DER Control | C598: ='HIDDEN import'!D597 -> Charging station reporting a DER event | D598: =IF(VLOOKUP(A598&" "&B598,'HIDDEN import'!A:G,5,FALSE)="M",MD!$A$1,(IF(AND(VLOOKUP(A598,'HIDDEN import'!B:E,4,FALSE)="C",OR(NOT(ISERROR(VLOOKUP(E598,'Optional features'!B:D,1,FALSE)=E598)),NOT(ISERROR(VLOOKUP(E598,'HIDDEN calc sheet'!A:C,1,FALSE)=E598)))),MD!$A$3,MD!$A$2))) -> Mandatory for optional feature | E598: =IF('HIDDEN import'!F597=0,"",'HIDDEN import'!F597) -> ISO-1.2 AND HFS-4 | F598: =IF('HIDDEN import'!G597=0,"",'HIDDEN import'!G597) -> ISO 15118-20 | G598: =IFERROR(VLOOKUP($A598,'HIDDEN Testrun Results'!$A:$B,2,FALSE),"") | H598: =IF(NOT(J598),FALSE,IF(NOT(ISLOGICAL(I598)),I598,AND(I598,J598))) -> FALSE | I598: =IF(VLOOKUP(A598&" "&B598,'HIDDEN import'!A:G,5,FALSE)="M",TRUE,IFERROR(VLOOKUP(E598,'Optional features'!B:D,3,FALSE)="Yes",IFERROR(VLOOKUP(E598,'HIDDEN calc sheet'!A:B,2,FALSE),IFERROR(VLOOKUP(E598,'Additional questions'!B:D,3,FALSE)="Yes",VLOOKUP(E598,'Hardware Feature set'!B:D,3,FALSE)="No")))) -> FALSE | J598: =IF(VLOOKUP(B598,'Profile selection'!B:C,2,FALSE)="Yes",TRUE,FALSE) -> FALSE

Sheet Statement of Approval
C1: Statement of Approval | N1: Statement of Approval is currently: | O1: =IF(AND(ISERROR(FIND("<",_xlfn.CONCAT(SoA_Vendor_FieldValidation,SoA_TestLab_FieldValidation))),_xlfn.CONCAT(SoA_Vendor_DateValidation,SoA_TestLab_DateValidation)=""),"VALID for Certification",IF(AND(ISERROR(FIND("<",_xlfn.CONCAT(SoA_Vendor_FieldValidation))),_xlfn.CONCAT(SoA_Vendor_DateValidation)=""),"VALID for a VDoC","INVALID")) -> INVALID
C2: I hereby declare that the information provided in the document is correct and complete and that I approve this document to be submitted for OCPP 2.1 certification based on this information. | N2: The complete PICS is currently | O2: =IF(AND('Hardware Feature set'!N1="VALID",'Optional features'!F1="VALID",'Additional questions'!F1="VALID",'Other relevant settings'!F1="VALID",'Profile selection'!F1="VALID",OR('Performance Measurement'!I1="VALID",NOT(ISERROR(FIND("VDoC",O1))))),O1,"INVALID") -> INVALID
B5: Additional DUT information | I5: Vendor provided photo of tested Charging Station (will be visible on certificate, do not use picture in cell)
B6: ='Hardware Feature set'!C9 -> OCPP Software Version | C6: =IF(ISERROR(VLOOKUP("firmwareVersion",'HIDDEN Testrun Results'!A:B,2,FALSE)),"<will be filled in by testlab>",VLOOKUP("firmwareVersion",'HIDDEN Testrun Results'!A:B,2,FALSE)) -> <will be filled in by testlab> | H6: =IF(ISBLANK(C6),"<---- This field cannot be left empty!",IF(ISERROR(VLOOKUP("firmwareVersion",'HIDDEN Testrun Results'!A:B,2,FALSE)),"",IF(VLOOKUP("firmwareVersion",'HIDDEN Testrun Results'!A:B,2,FALSE)='Hardware Feature set'!D9,"","<---- Version not matching vendor information!")))
B7: Firmware image hash | C7: =IFERROR(VLOOKUP(SUBSTITUTE(B7," ",""),'HIDDEN Testrun Results'!$A:$B,2,FALSE),"<will be filled in by testlab>") -> <will be filled in by testlab>
B9: Additional Network Communication Ports Please list all communication ports besides the OCPP connection for this device (excl. ntp & log upload / firmware download)
B10: Description | C10: Protocol | D10: Network port | F10: Direction | G10: Secured
B17: Vendor | I17: Vendor signature
B18: Name | C18: <vendor representative name> | D18: =IF(ISBLANK(C18),"<---- This field cannot be left empty!",IF(NOT(ISERROR(FIND("<",C18))),"<---- Please enter a valid value","")) -> <---- Please enter a valid value | I18: Date: | J18: <signature date> | N18: =IF(ISBLANK(J18),"<---- This field cannot be left empty!",IF(NOT(ISERROR(FIND("<",J18))),"<---- Please enter a valid date",IF(J18-IFERROR(VLOOKUP("Last test start",'HIDDEN Testrun Results'!$A:$B,2,FALSE),"0")<0,"<---- This date cannot be before the date of the last log file",""))) -> <---- Please enter a valid date
B19: Company | C19: ='Hardware Feature set'!D4 -> <vendor company name> | D19: =IF(ISBLANK(C19),"<---- This field cannot be left empty!",IF(NOT(ISERROR(FIND("<",C19))),"<---- Please enter a valid value","")) -> <---- Please enter a valid value | I19: Signature:
B20: Department | C20: <vendor department name> | D20: =IF(ISBLANK(C20),"<---- This field cannot be left empty!",IF(NOT(ISERROR(FIND("<",C20))),"<---- Please enter a valid value","")) -> <---- Please enter a valid value
B21: Position | C21: <vendor representative position> | D21: =IF(ISBLANK(C21),"<---- This field cannot be left empty!",IF(NOT(ISERROR(FIND("<",C21))),"<---- Please enter a valid value","")) -> <---- Please enter a valid value
B22: Location | C22: <vendor location> | D22: =IF(ISBLANK(C22),"<---- This field cannot be left empty!",IF(NOT(ISERROR(FIND("<",C22))),"<---- Please enter a valid value","")) -> <---- Please enter a valid value
B25: Test laboratory | I25: Test laboratory signature
B26: Test Performed On | C26: <date the test lab completed testing> | D26: =IF(ISBLANK(C26),"<---- This field cannot be left empty!",IF(NOT(ISERROR(FIND("<",C26))),"<---- Please enter a valid date",IF(J26-IFERROR(VLOOKUP("Last test start",'HIDDEN Testrun Results'!$A:$B,2,FALSE),"0")<0,"<---- This date cannot be before the date of the last log file", IF(J26<C26,"<---- The test performed on date cannot be earlier than the vendor signature date","")))) -> <---- Please enter a valid date | I26: Date: | J26: <signature date> | N26: =IF(ISBLANK(J26),"<---- This field cannot be left empty!",IF(NOT(ISERROR(FIND("<",J26))),"<---- Please enter a valid date",IF(J26-IFERROR(VLOOKUP("Last test start",'HIDDEN Testrun Results'!$A:$B,2,FALSE),"0")<0,"<---- This date cannot be before the date of the last log file",IF(J26<J18,"<---- The test lab signature date cannot be earlier than the vendor signature date",IF(J26<C26,"<---- The test lab signature date cannot be earlier than the test performed on date",""))))) -> <---- Please enter a valid date
B27: Test Location | C27: <location where tests are performed> | D27: =IF(ISBLANK(C27),"<---- This field cannot be left empty!",IF(NOT(ISERROR(FIND("<",C27))),"<---- Please enter a valid value","")) -> <---- Please enter a valid value | I27: Signature:
B28: Test Report Reference | C28: <internal testlab reference> | D28: =IF(ISBLANK(C28),"<---- This field cannot be left empty!",IF(NOT(ISERROR(FIND("<",C28))),"<---- Please enter a valid value","")) -> <---- Please enter a valid value
B29: Name | C29: <testlab representative name> | D29: =IF(ISBLANK(C29),"<---- This field cannot be left empty!",IF(NOT(ISERROR(FIND("<",C29))),"<---- Please enter a valid value","")) -> <---- Please enter a valid value
B30: Name reviewer | C30: <optional testlab reviewer name> | D30: =IF(NOT(ISERROR(FIND("<",C30))),"<---- Please enter a valid value or leave empty when not applicable",IF(C29=C30,"<---- Reviewer cannot be the same as the lab representative, please leave empty if not applicable.","")) -> <---- Please enter a valid value or leave empty when not applicable
B31: Company | C31: <testlab organization name> | D31: =IF(ISBLANK(C31),"<---- This field cannot be left empty!",IF(NOT(ISERROR(FIND("<",C31))),"<---- Please enter a valid value","")) -> <---- Please enter a valid value
B32: Department | C32: <testlab department name> | D32: =IF(ISBLANK(C32),"<---- This field cannot be left empty!",IF(NOT(ISERROR(FIND("<",C32))),"<---- Please enter a valid value","")) -> <---- Please enter a valid value
B33: Position | C33: <testlab representative position> | D33: =IF(ISBLANK(C33),"<---- This field cannot be left empty!",IF(NOT(ISERROR(FIND("<",C33))),"<---- Please enter a valid value","")) -> <---- Please enter a valid value
B34: Location | C34: <testlab location> | D34: =IF(ISBLANK(C34),"<---- This field cannot be left empty!",IF(NOT(ISERROR(FIND("<",C34))),"<---- Please enter a valid value","")) -> <---- Please enter a valid value
B36: Additional Test information
B37: OCTT version(s) used | C37: =IF(IFERROR(VLOOKUP(SUBSTITUTE(B37," ",""),'HIDDEN Testrun Results'!$A:$B,2,FALSE),"<will be filled in by testlab>")="<will be filled in by testlab>","<will be filled in by testlab>",SUBSTITUTE(VLOOKUP(SUBSTITUTE(B37," ",""),'HIDDEN Testrun Results'!$A:$B,2,FALSE)," ",", ")) -> <will be filled in by testlab>
B38: OCTT Instance ID | C38: =IFERROR(VLOOKUP(SUBSTITUTE(B38," ",""),'HIDDEN Testrun Results'!$A:$B,2,FALSE),"<will be filled in by testlab>") -> <will be filled in by testlab>
B39: Config ID | C39: =ConfigID_value -> 8DB8D72D-7020D66C
B42: Photo('s) of tested Charging Stations (taken and added by test lab, will NOT be visible on certificate, do not use picture in cell)

Sheet Certification product summary
B3: Certification Profile | F3: EVSE and Connector Configuration
B4: Core | C4: ='Profile selection'!C4 -> Yes | F4: EVSE | G4: Current | H4: Phases | I4: Connector | J4: Type | K4: Cable Type
B5: Advanced Security | C5: ='Profile selection'!C5 -> Yes | F5: =IF('Hardware Feature set'!G6="", "", 'Hardware Feature set'!G6) -> 1 | G5: =IF('Hardware Feature set'!H6="", "", 'Hardware Feature set'!H6) | H5: =IF('Hardware Feature set'!I6="", "", 'Hardware Feature set'!I6) | I5: =IF('Hardware Feature set'!J6="", "", 'Hardware Feature set'!J6) | J5: =IF('Hardware Feature set'!K6="", "", 'Hardware Feature set'!K6) | K5: =IF('Hardware Feature set'!L6="", "", 'Hardware Feature set'!L6)
B6: Smart Charging | C6: ='Profile selection'!C6 -> No | F6: =IF('Hardware Feature set'!G7="", "", 'Hardware Feature set'!G7) | G6: =IF('Hardware Feature set'!H7="", "", 'Hardware Feature set'!H7) | H6: =IF('Hardware Feature set'!I7="", "", 'Hardware Feature set'!I7) | I6: =IF('Hardware Feature set'!J7="", "", 'Hardware Feature set'!J7) | J6: =IF('Hardware Feature set'!K7="", "", 'Hardware Feature set'!K7) | K6: =IF('Hardware Feature set'!L7="", "", 'Hardware Feature set'!L7)
B7: ISO 15118 Support | C7: ='Profile selection'!C7 -> No | F7: =IF('Hardware Feature set'!G8="", "", 'Hardware Feature set'!G8) | G7: =IF('Hardware Feature set'!H8="", "", 'Hardware Feature set'!H8) | H7: =IF('Hardware Feature set'!I8="", "", 'Hardware Feature set'!I8) | I7: =IF('Hardware Feature set'!J8="", "", 'Hardware Feature set'!J8) | J7: =IF('Hardware Feature set'!K8="", "", 'Hardware Feature set'!K8) | K7: =IF('Hardware Feature set'!L8="", "", 'Hardware Feature set'!L8)
B8: Bidirectional Power Transfer | C8: ='Profile selection'!C8 -> No | F8: =IF('Hardware Feature set'!G9="", "", 'Hardware Feature set'!G9) | G8: =IF('Hardware Feature set'!H9="", "", 'Hardware Feature set'!H9) | H8: =IF('Hardware Feature set'!I9="", "", 'Hardware Feature set'!I9) | I8: =IF('Hardware Feature set'!J9="", "", 'Hardware Feature set'!J9) | J8: =IF('Hardware Feature set'!K9="", "", 'Hardware Feature set'!K9) | K8: =IF('Hardware Feature set'!L9="", "", 'Hardware Feature set'!L9)
B9: DER Control | C9: ='Profile selection'!C9 -> No | F9: =IF('Hardware Feature set'!G10="", "", 'Hardware Feature set'!G10) | G9: =IF('Hardware Feature set'!H10="", "", 'Hardware Feature set'!H10) | H9: =IF('Hardware Feature set'!I10="", "", 'Hardware Feature set'!I10) | I9: =IF('Hardware Feature set'!J10="", "", 'Hardware Feature set'!J10) | J9: =IF('Hardware Feature set'!K10="", "", 'Hardware Feature set'!K10) | K9: =IF('Hardware Feature set'!L10="", "", 'Hardware Feature set'!L10)
F10: =IF('Hardware Feature set'!G11="", "", 'Hardware Feature set'!G11) | G10: =IF('Hardware Feature set'!H11="", "", 'Hardware Feature set'!H11) | H10: =IF('Hardware Feature set'!I11="", "", 'Hardware Feature set'!I11) | I10: =IF('Hardware Feature set'!J11="", "", 'Hardware Feature set'!J11) | J10: =IF('Hardware Feature set'!K11="", "", 'Hardware Feature set'!K11) | K10: =IF('Hardware Feature set'!L11="", "", 'Hardware Feature set'!L11)
F11: =IF('Hardware Feature set'!G12="", "", 'Hardware Feature set'!G12) | G11: =IF('Hardware Feature set'!H12="", "", 'Hardware Feature set'!H12) | H11: =IF('Hardware Feature set'!I12="", "", 'Hardware Feature set'!I12) | I11: =IF('Hardware Feature set'!J12="", "", 'Hardware Feature set'!J12) | J11: =IF('Hardware Feature set'!K12="", "", 'Hardware Feature set'!K12) | K11: =IF('Hardware Feature set'!L12="", "", 'Hardware Feature set'!L12)
B12: Overview of Charging Station Properties | F12: =IF('Hardware Feature set'!G13="", "", 'Hardware Feature set'!G13) | G12: =IF('Hardware Feature set'!H13="", "", 'Hardware Feature set'!H13) | H12: =IF('Hardware Feature set'!I13="", "", 'Hardware Feature set'!I13) | I12: =IF('Hardware Feature set'!J13="", "", 'Hardware Feature set'!J13) | J12: =IF('Hardware Feature set'!K13="", "", 'Hardware Feature set'!K13) | K12: =IF('Hardware Feature set'!L13="", "", 'Hardware Feature set'!L13)
B13: Cable type | C13: =IF(AND('Hardware Feature set'!D13="Yes",'Hardware Feature set'!D14="Yes"),"Fixed & detachable",IF('Hardware Feature set'!D13="Yes","Detachable",IF('Hardware Feature set'!D14="Yes","Fixed",""))) | F13: =IF('Hardware Feature set'!G14="", "", 'Hardware Feature set'!G14) | G13: =IF('Hardware Feature set'!H14="", "", 'Hardware Feature set'!H14) | H13: =IF('Hardware Feature set'!I14="", "", 'Hardware Feature set'!I14) | I13: =IF('Hardware Feature set'!J14="", "", 'Hardware Feature set'!J14) | J13: =IF('Hardware Feature set'!K14="", "", 'Hardware Feature set'!K14) | K13: =IF('Hardware Feature set'!L14="", "", 'Hardware Feature set'!L14)
B14: Communication technology | C14: =IF('Hardware Feature set'!D21="","",'Hardware Feature set'!D21) -> <specify supported communication technology/ies> | F14: =IF('Hardware Feature set'!G15="", "", 'Hardware Feature set'!G15) | G14: =IF('Hardware Feature set'!H15="", "", 'Hardware Feature set'!H15) | H14: =IF('Hardware Feature set'!I15="", "", 'Hardware Feature set'!I15) | I14: =IF('Hardware Feature set'!J15="", "", 'Hardware Feature set'!J15) | J14: =IF('Hardware Feature set'!K15="", "", 'Hardware Feature set'!K15) | K14: =IF('Hardware Feature set'!L15="", "", 'Hardware Feature set'!L15)
B15: Authorization support | C15: =IF(COUNTIF('Optional features'!D49:D54,"Yes")+COUNTIF('Optional features'!D58:D61,"Yes")>0,"Remote & local","Remote only") -> Remote only | F15: =IF('Hardware Feature set'!G16="", "", 'Hardware Feature set'!G16) | G15: =IF('Hardware Feature set'!H16="", "", 'Hardware Feature set'!H16) | H15: =IF('Hardware Feature set'!I16="", "", 'Hardware Feature set'!I16) | I15: =IF('Hardware Feature set'!J16="", "", 'Hardware Feature set'!J16) | J15: =IF('Hardware Feature set'!K16="", "", 'Hardware Feature set'!K16) | K15: =IF('Hardware Feature set'!L16="", "", 'Hardware Feature set'!L16)
B16: DC Power Level | C16: =IF('Hardware Feature set'!D23="","",'Hardware Feature set'!D23) -> <specify DC power level> | F16: =IF('Hardware Feature set'!G17="", "", 'Hardware Feature set'!G17) | G16: =IF('Hardware Feature set'!H17="", "", 'Hardware Feature set'!H17) | H16: =IF('Hardware Feature set'!I17="", "", 'Hardware Feature set'!I17) | I16: =IF('Hardware Feature set'!J17="", "", 'Hardware Feature set'!J17) | J16: =IF('Hardware Feature set'!K17="", "", 'Hardware Feature set'!K17) | K16: =IF('Hardware Feature set'!L17="", "", 'Hardware Feature set'!L17)
B17: Support for offline authorization of transactions | C17: =IF('Optional features'!D5="","",'Optional features'!D5) -> No | F17: =IF('Hardware Feature set'!G18="", "", 'Hardware Feature set'!G18) | G17: =IF('Hardware Feature set'!H18="", "", 'Hardware Feature set'!H18) | H17: =IF('Hardware Feature set'!I18="", "", 'Hardware Feature set'!I18) | I17: =IF('Hardware Feature set'!J18="", "", 'Hardware Feature set'!J18) | J17: =IF('Hardware Feature set'!K18="", "", 'Hardware Feature set'!K18) | K17: =IF('Hardware Feature set'!L18="", "", 'Hardware Feature set'!L18)
B18: Highest supported security profile | C18: =IF('Profile selection'!C5="Yes","3 (of 3)","2 (of 3)") -> 3 (of 3) | F18: =IF('Hardware Feature set'!G19="", "", 'Hardware Feature set'!G19) | G18: =IF('Hardware Feature set'!H19="", "", 'Hardware Feature set'!H19) | H18: =IF('Hardware Feature set'!I19="", "", 'Hardware Feature set'!I19) | I18: =IF('Hardware Feature set'!J19="", "", 'Hardware Feature set'!J19) | J18: =IF('Hardware Feature set'!K19="", "", 'Hardware Feature set'!K19) | K18: =IF('Hardware Feature set'!L19="", "", 'Hardware Feature set'!L19)
B19: Secure file transfer supported | C19: =IF('Other relevant settings'!D40="","",IF(OR(ISNUMBER(SEARCH("HTTPS",'Other relevant settings'!D40)),ISNUMBER(SEARCH("FTPS",'Other relevant settings'!D40)),ISNUMBER(SEARCH("SFTP",'Other relevant settings'!D40))),"Yes","No")) -> No | F19: =IF('Hardware Feature set'!G20="", "", 'Hardware Feature set'!G20) | G19: =IF('Hardware Feature set'!H20="", "", 'Hardware Feature set'!H20) | H19: =IF('Hardware Feature set'!I20="", "", 'Hardware Feature set'!I20) | I19: =IF('Hardware Feature set'!J20="", "", 'Hardware Feature set'!J20) | J19: =IF('Hardware Feature set'!K20="", "", 'Hardware Feature set'!K20) | K19: =IF('Hardware Feature set'!L20="", "", 'Hardware Feature set'!L20)
B20: Support for Bi-Directional Power Transfer | C20: =IF('Profile selection'!C8="Yes","Yes","No") -> No | F20: =IF('Hardware Feature set'!G21="", "", 'Hardware Feature set'!G21) | G20: =IF('Hardware Feature set'!H21="", "", 'Hardware Feature set'!H21) | H20: =IF('Hardware Feature set'!I21="", "", 'Hardware Feature set'!I21) | I20: =IF('Hardware Feature set'!J21="", "", 'Hardware Feature set'!J21) | J20: =IF('Hardware Feature set'!K21="", "", 'Hardware Feature set'!K21) | K20: =IF('Hardware Feature set'!L21="", "", 'Hardware Feature set'!L21)
B21: Supported ISO 15118 versions | C21: =IF(AND('Optional features'!D146="Yes",'Optional features'!D147="Yes"),"ISO 15118-2 & ISO 15118-20",IF('Optional features'!D146="Yes","ISO 15118-2",IF('Optional features'!D147="Yes","ISO 15118-20","None"))) -> None | F21: =IF('Hardware Feature set'!G22="", "", 'Hardware Feature set'!G22) | G21: =IF('Hardware Feature set'!H22="", "", 'Hardware Feature set'!H22) | H21: =IF('Hardware Feature set'!I22="", "", 'Hardware Feature set'!I22) | I21: =IF('Hardware Feature set'!J22="", "", 'Hardware Feature set'!J22) | J21: =IF('Hardware Feature set'!K22="", "", 'Hardware Feature set'!K22) | K21: =IF('Hardware Feature set'!L22="", "", 'Hardware Feature set'!L22)
B22: Supported payment options | C22: =IF(COUNTIF('Optional features'!D177:D180,"Yes")=0,"None",_xlfn.TEXTJOIN(", ",TRUE,IF('Optional features'!D177="Yes",'Optional features'!C177,""),IF('Optional features'!D178="Yes",'Optional features'!C178,""),IF('Optional features'!D179="Yes",'Optional features'!C179,""),IF('Optional features'!D180="Yes",'Optional features'!C180,""))) -> None | F22: =IF('Hardware Feature set'!G23="", "", 'Hardware Feature set'!G23) | G22: =IF('Hardware Feature set'!H23="", "", 'Hardware Feature set'!H23) | H22: =IF('Hardware Feature set'!I23="", "", 'Hardware Feature set'!I23) | I22: =IF('Hardware Feature set'!J23="", "", 'Hardware Feature set'!J23) | J22: =IF('Hardware Feature set'!K23="", "", 'Hardware Feature set'!K23) | K22: =IF('Hardware Feature set'!L23="", "", 'Hardware Feature set'!L23)
B23: EMS control | C23: =IF('Optional features'!D121="","",'Optional features'!D121) -> No | F23: =IF('Hardware Feature set'!G24="", "", 'Hardware Feature set'!G24) | G23: =IF('Hardware Feature set'!H24="", "", 'Hardware Feature set'!H24) | H23: =IF('Hardware Feature set'!I24="", "", 'Hardware Feature set'!I24) | I23: =IF('Hardware Feature set'!J24="", "", 'Hardware Feature set'!J24) | J23: =IF('Hardware Feature set'!K24="", "", 'Hardware Feature set'!K24) | K23: =IF('Hardware Feature set'!L24="", "", 'Hardware Feature set'!L24)
F24: =IF('Hardware Feature set'!G25="", "", 'Hardware Feature set'!G25) | G24: =IF('Hardware Feature set'!H25="", "", 'Hardware Feature set'!H25) | H24: =IF('Hardware Feature set'!I25="", "", 'Hardware Feature set'!I25) | I24: =IF('Hardware Feature set'!J25="", "", 'Hardware Feature set'!J25) | J24: =IF('Hardware Feature set'!K25="", "", 'Hardware Feature set'!K25) | K24: =IF('Hardware Feature set'!L25="", "", 'Hardware Feature set'!L25)
F25: =IF('Hardware Feature set'!G26="", "", 'Hardware Feature set'!G26) | G25: =IF('Hardware Feature set'!H26="", "", 'Hardware Feature set'!H26) | H25: =IF('Hardware Feature set'!I26="", "", 'Hardware Feature set'!I26) | I25: =IF('Hardware Feature set'!J26="", "", 'Hardware Feature set'!J26) | J25: =IF('Hardware Feature set'!K26="", "", 'Hardware Feature set'!K26) | K25: =IF('Hardware Feature set'!L26="", "", 'Hardware Feature set'!L26)
B26: Vendor provided photo of tested Charging Station | F26: =IF('Hardware Feature set'!G27="", "", 'Hardware Feature set'!G27) | G26: =IF('Hardware Feature set'!H27="", "", 'Hardware Feature set'!H27) | H26: =IF('Hardware Feature set'!I27="", "", 'Hardware Feature set'!I27) | I26: =IF('Hardware Feature set'!J27="", "", 'Hardware Feature set'!J27) | J26: =IF('Hardware Feature set'!K27="", "", 'Hardware Feature set'!K27) | K26: =IF('Hardware Feature set'!L27="", "", 'Hardware Feature set'!L27)
F27: =IF('Hardware Feature set'!G28="", "", 'Hardware Feature set'!G28) | G27: =IF('Hardware Feature set'!H28="", "", 'Hardware Feature set'!H28) | H27: =IF('Hardware Feature set'!I28="", "", 'Hardware Feature set'!I28) | I27: =IF('Hardware Feature set'!J28="", "", 'Hardware Feature set'!J28) | J27: =IF('Hardware Feature set'!K28="", "", 'Hardware Feature set'!K28) | K27: =IF('Hardware Feature set'!L28="", "", 'Hardware Feature set'!L28)
F28: =IF('Hardware Feature set'!G29="", "", 'Hardware Feature set'!G29) | G28: =IF('Hardware Feature set'!H29="", "", 'Hardware Feature set'!H29) | H28: =IF('Hardware Feature set'!I29="", "", 'Hardware Feature set'!I29) | I28: =IF('Hardware Feature set'!J29="", "", 'Hardware Feature set'!J29) | J28: =IF('Hardware Feature set'!K29="", "", 'Hardware Feature set'!K29) | K28: =IF('Hardware Feature set'!L29="", "", 'Hardware Feature set'!L29)
F29: =IF('Hardware Feature set'!G30="", "", 'Hardware Feature set'!G30) | G29: =IF('Hardware Feature set'!H30="", "", 'Hardware Feature set'!H30) | H29: =IF('Hardware Feature set'!I30="", "", 'Hardware Feature set'!I30) | I29: =IF('Hardware Feature set'!J30="", "", 'Hardware Feature set'!J30) | J29: =IF('Hardware Feature set'!K30="", "", 'Hardware Feature set'!K30) | K29: =IF('Hardware Feature set'!L30="", "", 'Hardware Feature set'!L30)
F30: =IF('Hardware Feature set'!G31="", "", 'Hardware Feature set'!G31) | G30: =IF('Hardware Feature set'!H31="", "", 'Hardware Feature set'!H31) | H30: =IF('Hardware Feature set'!I31="", "", 'Hardware Feature set'!I31) | I30: =IF('Hardware Feature set'!J31="", "", 'Hardware Feature set'!J31) | J30: =IF('Hardware Feature set'!K31="", "", 'Hardware Feature set'!K31) | K30: =IF('Hardware Feature set'!L31="", "", 'Hardware Feature set'!L31)
F31: =IF('Hardware Feature set'!G32="", "", 'Hardware Feature set'!G32) | G31: =IF('Hardware Feature set'!H32="", "", 'Hardware Feature set'!H32) | H31: =IF('Hardware Feature set'!I32="", "", 'Hardware Feature set'!I32) | I31: =IF('Hardware Feature set'!J32="", "", 'Hardware Feature set'!J32) | J31: =IF('Hardware Feature set'!K32="", "", 'Hardware Feature set'!K32) | K31: =IF('Hardware Feature set'!L32="", "", 'Hardware Feature set'!L32)
F32: =IF('Hardware Feature set'!G33="", "", 'Hardware Feature set'!G33) | G32: =IF('Hardware Feature set'!H33="", "", 'Hardware Feature set'!H33) | H32: =IF('Hardware Feature set'!I33="", "", 'Hardware Feature set'!I33) | I32: =IF('Hardware Feature set'!J33="", "", 'Hardware Feature set'!J33) | J32: =IF('Hardware Feature set'!K33="", "", 'Hardware Feature set'!K33) | K32: =IF('Hardware Feature set'!L33="", "", 'Hardware Feature set'!L33)
F33: =IF('Hardware Feature set'!G34="", "", 'Hardware Feature set'!G34) | G33: =IF('Hardware Feature set'!H34="", "", 'Hardware Feature set'!H34) | H33: =IF('Hardware Feature set'!I34="", "", 'Hardware Feature set'!I34) | I33: =IF('Hardware Feature set'!J34="", "", 'Hardware Feature set'!J34) | J33: =IF('Hardware Feature set'!K34="", "", 'Hardware Feature set'!K34) | K33: =IF('Hardware Feature set'!L34="", "", 'Hardware Feature set'!L34)
F34: =IF('Hardware Feature set'!G35="", "", 'Hardware Feature set'!G35) | G34: =IF('Hardware Feature set'!H35="", "", 'Hardware Feature set'!H35) | H34: =IF('Hardware Feature set'!I35="", "", 'Hardware Feature set'!I35) | I34: =IF('Hardware Feature set'!J35="", "", 'Hardware Feature set'!J35) | J34: =IF('Hardware Feature set'!K35="", "", 'Hardware Feature set'!K35) | K34: =IF('Hardware Feature set'!L35="", "", 'Hardware Feature set'!L35)
F35: =IF('Hardware Feature set'!G36="", "", 'Hardware Feature set'!G36) | G35: =IF('Hardware Feature set'!H36="", "", 'Hardware Feature set'!H36) | H35: =IF('Hardware Feature set'!I36="", "", 'Hardware Feature set'!I36) | I35: =IF('Hardware Feature set'!J36="", "", 'Hardware Feature set'!J36) | J35: =IF('Hardware Feature set'!K36="", "", 'Hardware Feature set'!K36) | K35: =IF('Hardware Feature set'!L36="", "", 'Hardware Feature set'!L36)
F36: =IF('Hardware Feature set'!G37="", "", 'Hardware Feature set'!G37) | G36: =IF('Hardware Feature set'!H37="", "", 'Hardware Feature set'!H37) | H36: =IF('Hardware Feature set'!I37="", "", 'Hardware Feature set'!I37) | I36: =IF('Hardware Feature set'!J37="", "", 'Hardware Feature set'!J37) | J36: =IF('Hardware Feature set'!K37="", "", 'Hardware Feature set'!K37) | K36: =IF('Hardware Feature set'!L37="", "", 'Hardware Feature set'!L37)
F37: =IF('Hardware Feature set'!G38="", "", 'Hardware Feature set'!G38) | G37: =IF('Hardware Feature set'!H38="", "", 'Hardware Feature set'!H38) | H37: =IF('Hardware Feature set'!I38="", "", 'Hardware Feature set'!I38) | I37: =IF('Hardware Feature set'!J38="", "", 'Hardware Feature set'!J38) | J37: =IF('Hardware Feature set'!K38="", "", 'Hardware Feature set'!K38) | K37: =IF('Hardware Feature set'!L38="", "", 'Hardware Feature set'!L38)
F38: =IF('Hardware Feature set'!G39="", "", 'Hardware Feature set'!G39) | G38: =IF('Hardware Feature set'!H39="", "", 'Hardware Feature set'!H39) | H38: =IF('Hardware Feature set'!I39="", "", 'Hardware Feature set'!I39) | I38: =IF('Hardware Feature set'!J39="", "", 'Hardware Feature set'!J39) | J38: =IF('Hardware Feature set'!K39="", "", 'Hardware Feature set'!K39) | K38: =IF('Hardware Feature set'!L39="", "", 'Hardware Feature set'!L39)
... F40: =IF('Hardware Feature set'!G41="", "", 'Hardware Feature set'!G41) | G40: =IF('Hardware Feature set'!H41="", "", 'Hardware Feature set'!H41) | H40: =IF('Hardware Feature set'!I41="", "", 'Hardware Feature set'!I41) | I40: =IF('Hardware Feature set'!J41="", "", 'Hardware Feature set'!J41) | J40: =IF('Hardware Feature set'!K41="", "", 'Hardware Feature set'!K41) | K40: =IF('Hardware Feature set'!L41="", "", 'Hardware Feature set'!L41)

Sheet OCPP family members
B1: OCPP Family Members | L1: =IF(AND('Hardware Feature set'!D15="Yes",'Hardware Feature set'!D16="Yes"),"INVALID", IF(OR(AND(OR(AND('Hardware Feature set'!D16="Yes", COUNTA(F7:F41) <> 20), AND('Hardware Feature set'!D15="Yes", COUNTA(F7:F41) <> 19)), COUNTA(F7:F41) <> 1), AND(OR(AND('Hardware Feature set'!D16="Yes", COUNTA(G7:G41) <> 20), AND('Hardware Feature set'!D15="Yes", COUNTA(G7:G41) <> 19)), COUNTA(G7:G41) <> 1), AND(OR(AND('Hardware Feature set'!D16="Yes", COUNTA(H7:H41) <> 20), AND('Hardware Feature set'!D15="Yes", COUNTA(H7:H41) <> 19)), COUNTA(H7:H41) <> 1), AND(OR(AND('Hardware Feature set'!D16="Yes", COUNTA(I7:I41) <> 20), AND('Hardware Feature set'!D15="Yes", COUNTA(I7:I41) <> 19)), COUNTA(I7:I41) <> 1), AND(OR(AND('Hardware Feature set'!D16="Yes", COUNTA(J7:J41) <> 20), AND('Hardware Feature set'!D15="Yes", COUNTA(J7:J41) <> 19)), COUNTA(J7:J41) <> 1), AND(OR(AND('Hardware Feature set'!D16="Yes", COUNTA(K7:K41) <> 20), AND('Hardware Feature set'!D15="Yes", COUNTA(K7:K41) <> 19)), COUNTA(K7:K41) <> 1), AND(OR(AND('Hardware Feature set'!D16="Yes", COUNTA(L7:L41) <> 20), AND('Hardware Feature set'!D15="Yes", COUNTA(L7:L41) <> 19)), COUNTA(L7:L41) <> 1)), "INVALID", IF('Hardware Feature set'!D5<>"Charging Station","INVALID",IF(OR(_xlfn.CONCAT(M5:M41)<>"", _xlfn.CONCAT(H49:H54)<>""),"INVALID",IF(OR(ISBLANK(D10), IF(ISERROR(FIND("<", D10, 1)=1), FALSE, TRUE) ), "INVALID", "VALID"))))) -> INVALID
B3: Please specify the differences between Representative Product and Family members
B5: Representative product | F5: Family members
B7: Name | C7: Product designation: | D7: ='Hardware Feature set'!D7 -> <type name and / or model number> | F7: <fill in family member 1>
B9: Config_ID | C9: Configuration ID | D9: =ConfigID_value -> 8DB8D72D-7020D66C | F9: =IF(_xlfn.CONCAT(F13:F41)="","",VLOOKUP("FamilyMember_1_ConfigID",'HIDDEN calc sheet'!A:B,2,FALSE)) | G9: =IF(_xlfn.CONCAT(G13:G41)="","",VLOOKUP("FamilyMember_1_ConfigID",'HIDDEN calc sheet'!B:C,2,FALSE)) | H9: =IF(_xlfn.CONCAT(H13:H41)="","",VLOOKUP("FamilyMember_1_ConfigID",'HIDDEN calc sheet'!C:D,2,FALSE)) | I9: =IF(_xlfn.CONCAT(I13:I41)="","",VLOOKUP("FamilyMember_1_ConfigID",'HIDDEN calc sheet'!D:E,2,FALSE)) | J9: =IF(_xlfn.CONCAT(J13:J41)="","",VLOOKUP("FamilyMember_1_ConfigID",'HIDDEN calc sheet'!E:F,2,FALSE)) | K9: =IF(_xlfn.CONCAT(K13:K41)="","",VLOOKUP("FamilyMember_1_ConfigID",'HIDDEN calc sheet'!F:G,2,FALSE)) | L9: =IF(_xlfn.CONCAT(L13:L41)="","",VLOOKUP("FamilyMember_1_ConfigID",'HIDDEN calc sheet'!G:H,2,FALSE))
B10: Description | C10: Product description | D10: <please provide a short description of your product family representative product> | F10: <please provide a short description for this product family member model>
B12: Id | C12: Hardware feature set
B13: ='Hardware Feature set'!B20 -> HFS-8 | C13: =VLOOKUP(B13,Hardware_feature_set,2,FALSE) -> No. EVSEs | D13: =VLOOKUP(B13,Hardware_feature_set,3,FALSE) -> 1 | M13: =IF(AND(D13=1,COUNTIF(F13:L13,">1")>0),"<-- Family member cannot have >1 EVSEs if representative product only has 1","")
B14: ='Hardware Feature set'!B21 -> HFS-9 | C14: =VLOOKUP(B14,Hardware_feature_set,2,FALSE) -> Communication technology | D14: =VLOOKUP(B14,Hardware_feature_set,3,FALSE) -> <specify supported communication technology/ies>
B15: ='Hardware Feature set'!B22 -> HFS-10 | C15: =VLOOKUP(B15,Hardware_feature_set,2,FALSE) -> RFID readers | D15: =VLOOKUP(B15,Hardware_feature_set,3,FALSE) -> <select RFID Reader configuration> | M15: =IF(NOT(OR(COUNTIF(F15:L15,D15)=COUNTA(F7:L7), COUNTIF(F15:L15, "None")=COUNTA(F7:L7))),"<-- Family members must have the same no. RFID readers or None",IF(OR(AND(AND(ISERROR(MATCH(F15, MD!$T$1:$T$2, 0)), ISERROR(MATCH(F15, MD!$S$1:$S$2, 0))), NOT(ISBLANK(F7))), AND(AND(ISERROR(MATCH(G15, MD!$T$1:$T$2, 0)), ISERROR(MATCH(G15, MD!$S$1:$S$2, 0))), NOT(ISBLANK(G7)), AND(AND(ISERROR(MATCH(H15, MD!$T$1:$T$2, 0)), ISERROR(MATCH(H15, MD!$S$1:$S$2, 0))), NOT(ISBLANK(H7))), AND(AND(ISERROR(MATCH(I15, MD!$T$1:$T$2, 0)), ISERROR(MATCH(I15, MD!$S$1:$S$2, 0))), NOT(ISBLANK(I7))), AND(AND(ISERROR(MATCH(J15, MD!$T$1:$T$2, 0)), ISERROR(MATCH(J15, MD!$S$1:$S$2, 0))), NOT(ISBLANK(J7))), AND(AND(ISERROR(MATCH(K15, MD!$T$1:$T$2, 0)), ISERROR(MATCH(K15, MD!$S$1:$S$2, 0))), NOT(ISBLANK(K7))), AND(AND(ISERROR(MATCH(L15, MD!$T$1:$T$2, 0)), ISERROR(MATCH(L15, MD!$S$1:$S$2, 0))), NOT(ISBLANK(L7))))), "<---- This field must be filled from the drop-down menu", "")) -> <-- Family members must have the same no. RFID readers or None
B16: ='Hardware Feature set'!B24 -> HFS-12 | C16: =VLOOKUP(B16,Hardware_feature_set,2,FALSE) -> Number of displays | D16: =VLOOKUP(B16,Hardware_feature_set,3,FALSE) -> <specify the number of displays on your product> | M16: =IF(AND(D16=1,COUNTIF(F16:L16,">1")>0),"<-- Family member cannot have >1 displays if representative product only has 1","")
B17: ='Hardware Feature set'!B23 -> HFS-11 | C17: =VLOOKUP(B17,Hardware_feature_set,2,FALSE) -> DC power level (kW) | D17: =VLOOKUP(B17,Hardware_feature_set,3,FALSE)&"" -> <specify DC power level> | M17: =IF(AND('Hardware Feature set'!D16="Yes", D17>=50,COUNTIF(F17:L17,"<50")>0),"<-- Family member cannot have power level below 50 kW if representative product is above 50 kW",IF(AND('Hardware Feature set'!D16="Yes", D17<50,COUNTIF(F17:L17,">=50")>0),"<-- Family member cannot have power level above 50 kW if representative product is below 50 kW",""))
B19: Id | C19: EVSE selection prior to authorization
B20: AQ-8 | C20: =VLOOKUP(B20,'Additional questions'!$B$4:$D$18,2,FALSE) -> Does your Charging Station enforce a selection of EVSE (by design) prior to authorization? | D20: =VLOOKUP(B20,'Additional questions'!$B$4:$D$18,3,FALSE) -> No | M20: =IF(AND(D20="Yes",COUNTIF(F20:L20,"No")>0),"<-- Family member cannot have AQ-8 set to No if representative product has it set to Yes", IF(AND(COUNTIF(F20:L20, "No") = 0, COUNTIF(F20:L20, "Yes") = 0, COUNTA(F20:L20) <> 0), "<---- This field must be filled from the drop-down menu", ""))
B22: Id | C22: Connector locking
B23: AQ-18 | C23: =VLOOKUP(B23,'Additional questions'!$B$4:$D$18,2,FALSE) -> Does your Charging Station have at least one connector with an (automatic) mechanized locking mechanism on Charging Station side? | D23: =VLOOKUP(B23,'Additional questions'!$B$4:$D$18,3,FALSE) -> No
B25: Id | C25: Reservations
B26: R-1 | C26: =VLOOKUP(B26,Reservations,2,FALSE) -> Support for reservations of connectorType | D26: =VLOOKUP(B26,Reservations,3,FALSE) -> No
B28: Id | C28: Supported Metervalue Measurands
B29: C-40.1 | C29: =VLOOKUP(B29,OF_Measurands,2,FALSE) -> SampledTxStarted Measurands | D29: =VLOOKUP(B29,OF_Measurands,3,FALSE) -> <list of supported values, at least one>
B30: C-40.2 | C30: =VLOOKUP(B30,OF_Measurands,2,FALSE) -> SampledTxUpdated Measurands | D30: =VLOOKUP(B30,OF_Measurands,3,FALSE) -> <list of supported values, at least one>
B31: C-40.3 | C31: =VLOOKUP(B31,OF_Measurands,2,FALSE) -> SampledTxEnded Measurands | D31: =VLOOKUP(B31,OF_Measurands,3,FALSE) -> <list of supported values, at least one>
B32: C-40.4 | C32: =VLOOKUP(B32,OF_Measurands,2,FALSE) -> AlignedData Measurands | D32: =VLOOKUP(B32,OF_Measurands,3,FALSE) -> <list of supported values, at least one>
B33: C-40.5 | C33: =VLOOKUP(B33,OF_Measurands,2,FALSE) -> AlignedDataTxEnded Measurands | D33: =VLOOKUP(B33,OF_Measurands,3,FALSE) -> <list of supported values, at least one>
B35: Id | C35: RFID authorization (start)
B36: C-30 | C36: =VLOOKUP(B36,OF_TimeAndLocalStart,2,FALSE) -> Authorization - using RFID ISO14443 | D36: =VLOOKUP(B36,OF_TimeAndLocalStart,3,FALSE) -> No | M36: =IF(AND(COUNTIF(F36:L36, "No") = 0, COUNTIF(F36:L36, "Yes") = 0, COUNTA(F36:L36) <> 0), "<---- This field must be filled from the drop-down menu", "")
B37: C-31 | C37: =VLOOKUP(B37,OF_TimeAndLocalStart,2,FALSE) -> Authorization - using RFID ISO15693 | D37: =VLOOKUP(B37,OF_TimeAndLocalStart,3,FALSE) -> No | M37: =IF(AND(COUNTIF(F37:L37, "No") = 0, COUNTIF(F37:L37, "Yes") = 0, COUNTA(F37:L37) <> 0), "<---- This field must be filled from the drop-down menu", "")
B39: Id | C39: RFID authorization (stop)
B40: C-70 | C40: =VLOOKUP(B40,OF_AuthLocalStop,2,FALSE) -> Authorization - using RFID ISO14443 | D40: =VLOOKUP(B40,OF_AuthLocalStop,3,FALSE) -> No | M40: =IF(AND(COUNTIF(F40:L40, "No") = 0, COUNTIF(F40:L40, "Yes") = 0, COUNTA(F40:L40) <> 0), "<---- This field must be filled from the drop-down menu", "")
B41: C-71 | C41: =VLOOKUP(B41,OF_AuthLocalStop,2,FALSE) -> Authorization - using RFID ISO15693 | D41: =VLOOKUP(B41,OF_AuthLocalStop,3,FALSE) -> No | M41: =IF(AND(COUNTIF(F41:L41, "No") = 0, COUNTIF(F41:L41, "Yes") = 0, COUNTA(F41:L41) <> 0), "<---- This field must be filled from the drop-down menu", "")
B44: Family member photos
B47: I hereby declare that the information provided about the product family members in this document is correct and complete.
B49: Vendor | D49: Date: | E49: <signature date> | H49: =IF(ISBLANK(E49),"<---- This field cannot be left empty!",IF(NOT(ISERROR(FIND("<",E49))),"<---- Please enter a valid date","")) -> <---- Please enter a valid date
B50: Name | C50: <vendor representative name> | D50: Signature: | H50: =IF(ISBLANK(C50),"<---- This field cannot be left empty!",IF(NOT(ISERROR(FIND("<",C50))),"<---- Please enter a valid value","")) -> <---- Please enter a valid value
B51: Company | C51: ='Statement of Approval'!C19 -> <vendor company name> | H51: =IF(ISBLANK(C51),"<---- This field cannot be left empty!",IF(NOT(ISERROR(FIND("<",C51))),"<---- Please enter a valid value","")) -> <---- Please enter a valid value
B52: Department | C52: <vendor department name> | H52: =IF(ISBLANK(C52),"<---- This field cannot be left empty!",IF(NOT(ISERROR(FIND("<",C52))),"<---- Please enter a valid value","")) -> <---- Please enter a valid value
B53: Position | C53: <vendor representative position> | H53: =IF(ISBLANK(C53),"<---- This field cannot be left empty!",IF(NOT(ISERROR(FIND("<",C53))),"<---- Please enter a valid value","")) -> <---- Please enter a valid value
B54: Location | C54: <vendor location> | H54: =IF(ISBLANK(C54),"<---- This field cannot be left empty!",IF(NOT(ISERROR(FIND("<",C54))),"<---- Please enter a valid value","")) -> <---- Please enter a valid value

Sheet HIDDEN Testrun Results
A1: Id | B1: Value

Sheet HIDDEN calc sheet
